Workbook
Name _DAT1: #REF!
Name _DAT10: #REF!
Name _DAT11: #REF!
Name _DAT12: #REF!
Name _DAT13: #REF!
Name _DAT14: #REF!
Name _DAT15: #REF!
Name _DAT16: #REF!
Name _DAT17: #REF!
Name _DAT18: #REF!
Name _DAT19: #REF!
Name _DAT2: #REF!
Name _DAT20: #REF!
Name _DAT21: #REF!
Name _DAT22: #REF!
Name _DAT23: #REF!
Name _DAT24: #REF!
Name _DAT25: #REF!
Name _DAT26: #REF!
Name _DAT27: #REF!
Name _DAT28: #REF!
Name _DAT29: #REF!
Name _DAT3: #REF!
Name _DAT30: #REF!
Name _DAT31: #REF!
Name _DAT32: #REF!
Name _DAT33: #REF!
Name _DAT34: #REF!
Name _DAT35: #REF!
Name _DAT36: #REF!
Name _DAT37: #REF!
Name _DAT38: #REF!
Name _DAT39: #REF!
Name _DAT4: #REF!
Name _DAT40: #REF!
Name _DAT41: #REF!
Name _DAT42: #REF!
Name _DAT43: #REF!
Name _DAT44: #REF!
Name _DAT45: #REF!
Name _DAT5: #REF!
Name _DAT6: #REF!
Name _DAT7: #REF!
Name _DAT8: #REF!
Name _DAT9: #REF!
Name _FC: #REF!
Name _TP08: #REF!
Name a: #REF!
Name A___APO: "APO"
Name AA: #REF!
Name ACCIÓN: #REF!
Name ACT.PAS.: #REF!
Name ADAPR: #REF!
Name ADAUG: #REF!
Name ADDEC: #REF!
Name ADDITIONAL_ITALIAN_STOCKSHIFTS: #REF!
Name ADFEB: #REF!
Name ADJAN: #REF!
Name ADJUL: #REF!
Name ADJUN: #REF!

Sheet Tarifa compacta
A2: Lista de precios 2026
A4: País | B4: España
A5: Divisa | B5: EUR
A6: Validez | B6: 46296
A8: * PVPR significa Precio de Venta al Público Recomendado. Los precios no incluyen IVA. Todos los precios están sujetos a cambios o retirada sin previo aviso. | F8: Datos pendientes de actualización
N9: Tasa reciclaje | P9: Datos logísticos | U9: F-Gas
A10: Material | B10: Código EAN | C10: Categoría | D10: Tipo | E10: Gama | F10: Serie | G10: Descripción | H10: Descripción corta | I10: Modelo reemplazado por | J10: Modelo que sustituye | K10: Novedad | L10: Disponibilidad | M10: PVPR | N10: REEE | O10: Cantidad REEE | P10: Volumen (cm3) | Q10: Peso bruto (kg) | R10: Altura (cm) | S10: Longitud (cm) | T10: Anchura (cm) | U10: Gas refrigerante | V10: Carga refrigerante (kg) | W10: PCA (GWP) | X10: CO2 Eq. (T)
A11: WH-WDG05LE5 | B11: 5025232945603 | C11: A2W | D11: EXTERIOR | E11: a) Bi | F11: LT 1ph | G11: Aquarea High Performance L serie R290 unidad exterior de 5 kW 1ph | H11: Unidad exterior Aquarea L serie 5 kW 1ph | M11: 3734 | P11: 765180 | Q11: 107 | R11: 117 | S11: 109 | T11: 60 | U11: R290 | V11: 0.96 | W11: 0.02 | X11: 1.92e-05
A12: WH-WDG07LE5 | B12: 5025232945610 | C12: A2W | D12: EXTERIOR | E12: a) Bi | F12: LT 1ph | G12: Aquarea High Performance L serie R290 unidad exterior 7 kW 1ph | H12: Unidad exterior Aquarea L series 7 kW 1ph | M12: 4496 | P12: 758640 | Q12: 107 | R12: 116 | S12: 109 | T12: 60 | U12: R290 | V12: 0.96 | W12: 0.02 | X12: 1.92e-05
A13: WH-WDG09LE5 | B13: 5025232945627 | C13: A2W | D13: EXTERIOR | E13: a) Bi | F13: LT 1ph | G13: Aquarea High Performance L serie R290 unidad exterior de 9 kW 1ph | H13: Unidad exterior Aquarea L serie 9 kW 1ph | M13: 4846 | P13: 758640 | Q13: 106 | R13: 116 | S13: 109 | T13: 60 | U13: R290 | V13: 1 | W13: 0.02 | X13: 2e-05
A14: WH-ADC0509L3E51 | B14: 4010869633796 | C14: A2W | D14: INTERIOR | E14: d) All in one | F14: 1ph (COMPACT) | G14: Aquarea all in one hidrosplit serie L 5-9 kW con resistencia de 3 kW 1ph 120 L | H14: Aquarea serie L todo-en-uno 120 L 1ph | M14: 4456 | P14: 895068 | Q14: 85 | R14: 188 | S14: 69 | T14: 69 | U14: - | V14: - | W14: - | X14: -
A15: WH-ADC0509L3E5 | B15: 5025232946617 | C15: A2W | D15: INTERIOR | E15: d) All in one | F15: 1ph (COMPACT) | G15: Aquarea all in one hidrosplit serie L 5-9 kW con resistencia de 3 kW de 1 ph | H15: Aquarea serie L todo-en-uno 1ph | M15: 4594 | P15: 885546 | Q15: 102 | R15: 186 | S15: 69 | T15: 69 | U15: - | V15: - | W15: - | X15: -
A16: WH-ADC0509L3E5AN | B16: 5025232946624 | C16: A2W | D16: INTERIOR | E16: d) All in one | F16: 1ph (DK) | G16: Aquarea all in one hidrosplit serie L 5-9 kW con resistencia de 3 kW de 1ph con ánodo electrónico | H16: Aquarea serie L todo-en-uno 1ph AN | M16: 5065 | P16: 1039554 | Q16: 102 | R16: 186 | S16: 81 | T16: 69 | U16: - | V16: - | W16: - | X16: -
A17: WH-ADC0509L3E5B | B17: 5025232946631 | C17: A2W | D17: INTERIOR | E17: d) All in one | F17: 1ph (2 ZONE) | G17: Aquarea all in one hidrosplit serie L 5-9 kW con resistencia de 3 kW de 1ph con kit 2 zonas | H17: Aquarea serie L All-in-one 1ph 2zone | M17: 5972 | P17: 890307 | Q17: 110 | R17: 187 | S17: 69 | T17: 69 | U17: - | V17: - | W17: - | X17: -
A18: WH-ADC0509L6E5 | B18: 5025232946655 | C18: A2W | D18: INTERIOR | E18: d) All in one | F18: 1ph (COMPACT) | G18: Aquarea all-in-one hydrosplit serie L 5-9 kW con resistencia de 6 kW de 1 ph | H18: Aquarea serie L todo-en-uno 1ph | M18: 4640 | P18: 1073088 | Q18: 135 | R18: 192 | S18: 81 | T18: 69 | U18: - | V18: - | W18: - | X18: -
A19: WH-ADC0509L6E5AN | B19: 5025232946662 | C19: A2W | D19: INTERIOR | E19: d) All in one | F19: 1ph (DK) | G19: Aquarea all in one hidrosplit serie L 5-9 kW con resistencia de 6 kW de 1ph con ánodo electrónico | H19: Aquarea serie L todo-en-uno 1ph AN | M19: 5112 | P19: 1073088 | Q19: 135 | R19: 192 | S19: 81 | T19: 69 | U19: - | V19: - | W19: - | X19: -
A20: WH-SDC0509L3E5 | B20: 5025232951338 | C20: A2W | D20: INTERIOR | E20: a) Bi | F20: LT 1ph | G20: Aquarea High Performance Hydrobox serie L 5-9 kW con resistencia de 3 kW de 1 ph | H20: Aquarea serie L Bibloc 1ph | M20: 2588 | P20: 307188 | Q20: 40 | R20: 106 | S20: 63 | T20: 46 | U20: - | V20: - | W20: - | X20: -
A21: WH-SDC0509L6E5 | B21: 5025232951345 | C21: A2W | D21: INTERIOR | E21: a) Bi | F21: LT 1ph | G21: Aquarea High Performance Hydrobox serie L 5-9 kW con resistencia de 6 kW de 1ph | H21: Aquarea serie L Bibloc 1ph | M21: 2615 | P21: 307188 | Q21: 50 | R21: 106 | S21: 63 | T21: 46 | U21: - | V21: - | W21: - | X21: -
A22: WH-WDG12ME5 | B22: 5025232984817 | C22: A2W | D22: EXTERIOR | E22: a) Bi | F22: LT 1ph | G22: Aquarea High Performance M serie R290 unidad exterior de 12 kW 1ph | H22: Unidad exterior Aquarea M serie 12 kW 1ph | M22: 7179 | P22: 1336200 | Q22: 160 | R22: 170 | S22: 131 | T22: 60 | U22: R290 | V22: 1.58 | W22: 0.02 | X22: 3.16e-05
A23: WH-WDG16ME5 | B23: 5025232984831 | C23: A2W | D23: EXTERIOR | E23: a) Bi | F23: LT 1ph | G23: Aquarea High Performance M serie R290 unidad exterior de 16 kW 1ph | H23: Unidad exterior Aquarea M serie 16 kW 1ph | M23: 8106 | P23: 1336200 | Q23: 160 | R23: 170 | S23: 131 | T23: 60 | U23: R290 | V23: 1.58 | W23: 0.02 | X23: 3.16e-05
A24: WH-WDG09ME8 | B24: 5025232984800 | C24: A2W | D24: EXTERIOR | E24: a) Bi | F24: LT 1ph | G24: Aquarea High Performance M serie R290 unidad exterior de 9 kW 3ph | H24: Unidad exterior Aquarea M series de 9 kW 3ph | M24: 6347 | P24: 758640 | Q24: 106 | R24: 116 | S24: 109 | T24: 60 | U24: R290 | V24: 1.6 | W24: 0.02 | X24: 3.2e-05
A25: WH-WDG12ME8 | B25: 5025232984824 | C25: A2W | D25: EXTERIOR | E25: a) Bi | F25: LT 1ph | G25: Aquarea High Performance M serie R290 unidad exterior de 12 kW 3ph | H25: Unidad exterior Aquarea M serie 12 kW 3ph | M25: 8175 | P25: 758640 | Q25: 106 | R25: 116 | S25: 109 | T25: 60 | U25: R290 | V25: 1.6 | W25: 0.02 | X25: 3.2e-05
A26: WH-WDG16ME8 | B26: 5025232984848 | C26: A2W | D26: EXTERIOR | E26: a) Bi | F26: LT 1ph | G26: Aquarea High Performance M serie R290 unidad exterior de 16 kW 3ph | H26: Unidad exterior Aquarea M series de 16 kW 3ph | M26: 9231 | P26: 758640 | Q26: 106 | R26: 116 | S26: 109 | T26: 60 | U26: R290 | V26: 1.6 | W26: 0.02 | X26: 3.2e-05
A27: WH-MDC05J3E5-1 | B27: 5025232989416 | C27: A2W | D27: EXTERIOR | E27: b) Mono | F27: LT 1ph | G27: Aquarea High Performance J serie 5 kW 1ph monobloc gris oscuro | H27: Aquarea J series monobloque de 5kW 1ph | M27: 3468 | P27: 667200 | Q27: 111 | R27: 96 | S27: 139 | T27: 50 | U27: R32 | V27: 1.3 | W27: 675 | X27: 0.878
A28: WH-MDC07J3E5-1 | B28: 5025232989423 | C28: A2W | D28: EXTERIOR | E28: b) Mono | F28: LT 1ph | G28: Aquarea High Performance J serie 7 kW 1ph monobloc gris oscuro | H28: Aquarea J series 7kW monobloque 1ph | M28: 4743 | P28: 667200 | Q28: 116 | R28: 96 | S28: 139 | T28: 50 | U28: R32 | V28: 1.3 | W28: 675 | X28: 0.878
A29: WH-MDC09J3E5-1 | B29: 5025232989430 | C29: A2W | D29: EXTERIOR | E29: b) Mono | F29: LT 1ph | G29: Aquarea High Performance J serie 9 kW 1ph monobloc gris oscuro | H29: Aquarea J serie monobloque de 9kW 1ph | M29: 5519 | P29: 667200 | Q29: 116 | R29: 96 | S29: 139 | T29: 50 | U29: R32 | V29: 1.3 | W29: 675 | X29: 0.878
A30: WH-WXG09ME5 | B30: 5025232979011 | C30: A2W | D30: EXTERIOR | E30: a) Bi | F30: Tcap 1ph | G30: Aquarea T-CAP serie M R290 unidad exterior de 9 kW 1ph | H30: Unidad exterior Aquarea M series 9 kW 1ph | M30: 8536 | P30: 1338480 | Q30: 172 | R30: 169 | S30: 132 | T30: 60 | U30: R290 | V30: 1.78 | W30: 0.02 | X30: 3.56e-05
A31: WH-WXG12ME5 | B31: 5025232979028 | C31: A2W | D31: EXTERIOR | E31: a) Bi | F31: Tcap 1ph | G31: Aquarea T-CAP serie M R290 unidad exterior 12 kW 1ph | H31: Unidad exterior Aquarea M serie 12 kW 1ph | M31: 9291 | P31: 1338480 | Q31: 172 | R31: 169 | S31: 132 | T31: 60 | U31: R290 | V31: 1.78 | W31: 0.02 | X31: 3.56e-05
A32: WH-WXG09ME8 | B32: 5025232968701 | C32: A2W | D32: EXTERIOR | E32: a) Bi | F32: Tcap 3ph | G32: Aquarea T-CAP serie M R290 unidad exterior de 9 kW 3ph | H32: Unidad exterior Aquarea M series de 9 kW 3ph | M32: 9163 | P32: 1311570 | Q32: 175 | R32: 171 | S32: 130 | T32: 59 | U32: R290 | V32: 1.78 | W32: 0.02 | X32: 3.56e-05
A33: WH-WXG12ME8 | B33: 5025232968718 | C33: A2W | D33: EXTERIOR | E33: a) Bi | F33: Tcap 3ph | G33: Aquarea T-CAP serie M R290 unidad exterior 12 kW 3ph | H33: Unidad exterior Aquarea M serie 12 kW 3ph | M33: 10658 | P33: 1293870 | Q33: 175 | R33: 170 | S33: 129 | T33: 59 | U33: R290 | V33: 1.78 | W33: 0.02 | X33: 3.56e-05
... A37: WH-WXG30ME8 | B37: 5025232968565 | C37: A2W | D37: EXTERIOR | E37: c) Big A2W | F37: Big A2w | G37: Big Aquarea T-CAP serie M R290 unidad exterior 30 kW 3ph | H37: Unidad exterior Aquarea M serie 30 kW 3ph | M37: 24877 | P37: 2017730 | Q37: 270 | R37: 187 | S37: 166 | T37: 65 | U37: R290 | V37: 3 | W37: 0.02 | X37: 6e-05
A38: WH-ADC0916M3E51 | B38: 5025232986170 | C38: A2W | D38: INTERIOR | E38: d) All in one | F38: 1ph (COMPACT) | G38: Aquarea all in one hidrosplit serie M 9-16 kW con resistencia de 3 kW 1ph 120 L | H38: Aquarea serie M todo-en-uno 1ph | M38: 4880 | P38: 895068 | Q38: 79 | R38: 188 | S38: 69 | T38: 69 | U38: - | V38: - | W38: - | X38: -
A39: WH-ADC0316M9E81 | B39: 5025232986156 | C39: A2W | D39: INTERIOR | E39: d) All in one | F39: 3ph | G39: Aquarea all in one hidrosplit M serie 9-16 kW con resistencia de 9 kW 3ph 120 L | H39: Aquarea serie M todo-en-uno 1ph | M39: 4433 | P39: 718428 | Q39: 83 | R39: 152 | S39: 69 | T39: 68.5 | U39: - | V39: - | W39: - | X39: -
A40: WH-ADC0916M3E52 | B40: 5025232978571 | C40: A2W | D40: INTERIOR | E40: d) All in one | F40: 1ph | G40: Aquarea all in one hidrosplit serie M 9-16 kW con resistencia de 3 kW 1ph 185 L | H40: Aquarea serie M todo-en-uno 1ph | M40: 5030 | P40: 895068 | Q40: 97 | R40: 188 | S40: 69 | T40: 69 | U40: - | V40: - | W40: - | X40: -
A41: WH-ADC0916M3E5AN2 | B41: 5025232978588 | C41: A2W | D41: INTERIOR | E41: d) All in one | F41: 1ph | G41: Aquarea all in one hidrosplit serie M 9-16 kW con resistencia de 3 kW 1ph 185 L con ánodo electrónico | H41: Aquarea serie M todo-en-uno 1ph AN | M41: 5516 | P41: 895068 | Q41: 97 | R41: 188 | S41: 69 | T41: 69 | U41: - | V41: - | W41: - | X41: -
A42: WH-ADC0916M6E52 | B42: 5025232978601 | C42: A2W | D42: INTERIOR | E42: d) All in one | F42: 1ph | G42: Aquarea all in one hidrosplit M serie 9-16 kW con resistencia de 6 kW 1ph 185 L | H42: Aquarea serie M todo-en-uno 1ph | M42: 5081 | P42: 1073088 | Q42: 97 | R42: 192 | S42: 81 | T42: 69 | U42: - | V42: - | W42: - | X42: -
A43: WH-ADC0316M9E82 | B43: 5025232968688 | C43: A2W | D43: INTERIOR | E43: d) All in one | F43: 3ph | G43: Aquarea all in one hidrosplit serie M 3-16 kW con resistencia de 9 kW 3ph 185 L | H43: Aquarea serie M todo-en-uno 3ph | M43: 5222 | P43: 895068 | Q43: 98 | R43: 188 | S43: 69 | T43: 69 | U43: - | V43: - | W43: - | X43: -
A44: WH-ADC0316M9E8AN2 | B44: 5025232968695 | C44: A2W | D44: INTERIOR | E44: d) All in one | F44: 3ph (DK) | G44: Aquarea all in one hidrosplit serie M 3-16 kW con resistencia de 9 kW 3ph 185 L con ánodo electrónico | H44: Aquarea serie M todo-en-uno 3ph AN | M44: 5754 | P44: 895068 | Q44: 98 | R44: 188 | S44: 69 | T44: 69 | U44: - | V44: - | W44: - | X44: -
A45: WH-ADC0916M3E53 | B45: 5025232977994 | C45: A2W | D45: INTERIOR | E45: d) All in one | F45: 1ph | G45: Aquarea Hydrosplit M todo en uno, 9-16 kW con resistencia de 3 kW, 1 ph 260 L | H45: Aquarea serie M todo-en-uno 260L 1ph | M45: 5285 | P45: 1013472 | Q45: 114 | R45: 216 | S45: 69 | T45: 68 | U45: - | V45: - | W45: - | X45: -
A46: WH-ADC0916M3E5AN3 | B46: 5025232978007 | C46: A2W | D46: INTERIOR | E46: d) All in one | F46: 1ph (DK) | G46: Aquarea Hydrosplit M todo en uno, 9-16 kW con resistencia de 3 kW, 1 ph 260 L con ánodo electrónico | H46: Aquarea serie M todo-en-uno 260L 1ph AN | M46: 5667 | P46: 1073088 | Q46: 114 | R46: 192 | S46: 81 | T46: 69 | U46: - | V46: - | W46: - | X46: -
A47: WH-ADC0916M6E53 | B47: 5025232978021 | C47: A2W | D47: INTERIOR | E47: d) All in one | F47: 1ph | G47: Aquarea all in one hidrosplit serie M 9-16 kW con resistencia de 6 kW 1 ph 260 L | H47: Aquarea serie M todo-en-uno 260L 1ph | M47: 5233 | P47: 1.079.224 | Q47: 114 | R47: 228 | S47: 69 | T47: 69 | U47: - | V47: - | W47: - | X47: -
A48: WH-ADC0316M9E83 | B48: 5025232976980 | C48: A2W | D48: INTERIOR | E48: d) All in one | F48: 3ph | G48: Aquarea all in one hidrosplit serie M 9-16 kW con resistencia de 9 kW 3ph 260 L | H48: Aquarea serie M todo-en-uno 260L 3ph | M48: 5838 | P48: 1085508 | Q48: 114 | R48: 228 | S48: 69 | T48: 69 | U48: - | V48: - | W48: - | X48: -
A49: WH-ADC0316M9E8AN3 | B49: 5025232976997 | C49: A2W | D49: INTERIOR | E49: d) All in one | F49: 3ph (DK) | G49: Aquarea all in one hidrosplit serie M 9-16 kW con resistencia de 9 kW 3ph 260 L con ánodo electrónico | H49: Aquarea serie M todo-en-uno 260L 3ph AN | M49: 6338 | P49: 1085508 | Q49: 114 | R49: 228 | S49: 69 | T49: 69 | U49: - | V49: - | W49: - | X49: -
A50: WH-SDC0916M3E5 | B50: 5025232984060 | C50: A2W | D50: INTERIOR | E50: a) Bi | F50: LT 1ph | G50: Aquarea Hydrobox serie M 9-16 kW con resistencia de 3 kW de 1ph | H50: Bibloc de la serie M de Aquarea 1ph | M50: 2834 | P50: 307188 | Q50: 35 | R50: 106 | S50: 63 | T50: 46 | U50: - | V50: - | W50: - | X50: -
A51: WH-SDC0916M6E5 | B51: 5025232984176 | C51: A2W | D51: INTERIOR | E51: a) Bi | F51: LT 1ph | G51: Aquarea Hydrobox serie M 9-16 kW con resistencia de 6 kW de 1ph | H51: Bibloc de la serie M de Aquarea 1ph | M51: 2863 | P51: 307188 | Q51: 35 | R51: 106 | S51: 63 | T51: 46 | U51: - | V51: - | W51: - | X51: -
A52: WH-SDC0316M9E8 | B52: 5025232978496 | C52: A2W | D52: INTERIOR | E52: a) Bi | F52: LT 3ph | G52: Aquarea Hydrobox serie M 9-16 kW con resistencia de 9 kW 3ph | H52: Bibloc de la serie M de Aquarea 3ph | M52: 3055 | P52: 307188 | Q52: 36 | R52: 106 | S52: 63 | T52: 46 | U52: - | V52: - | W52: - | X52: -
A53: WH-CME5 | B53: 5025232974566 | C53: A2W | D53: ACCESSORY | E53: m) Accessory | F53: Accessory | G53: Módulo de Control Aquarea serie M 1ph | H53: Caja de control Aquarea serie M 1ph | M53: 1725 | P53: 78080 | Q53: 10 | R53: 20 | S53: 64 | T53: 61 | U53: - | V53: - | W53: - | X53: -
A54: WH-CME8 | B54: 5025232974573 | C54: A2W | D54: ACCESSORY | E54: m) Accessory | F54: Accessory | G54: Módulo de Control Aquarea serie M 3ph | H54: Caja de control Aquarea serie M 3ph | M54: 1725 | P54: 78080 | Q54: 10 | R54: 20 | S54: 64 | T54: 61 | U54: - | V54: - | W54: - | X54: -
A55: WH-CME8L | B55: 5025232979189 | C55: A2W | D55: ACCESSORY | E55: m) Accessory | F55: Accessory | G55: Módulo de Control Big Aquarea serie M 3ph | H55: Big Aquarea serie M Control Box 3ph | M55: 1899 | P55: 78080 | Q55: 10 | R55: 20 | S55: 64 | T55: 61 | U55: - | V55: - | W55: - | X55: -
A56: CZ-RTW2-1 | B56: 5025232979073 | C56: A2W | D56: ACCESSORY | E56: m) Accessory | F56: Connectivity | G56: Mando a distancia de la serie Aquarea M para control de la segunda zona | H56: Mando a distancia Aquarea | J56: CZ-RTW2 | M56: 323 | P56: 3628.125 | Q56: 1.087 | R56: 7.5 | S56: 22.5 | T56: 21.5 | U56: - | V56: - | W56: - | X56: -
A57: WH-MXC09J3E5-1 | B57: 5025232962297 | C57: A2W | D57: EXTERIOR | E57: b) Mono | F57: Tcap 1ph | G57: Unidad exterior monobloc Aquarea T-CAP J serie 9 kW 1ph | H57: Aquarea J serie monobloque de 9kW 1ph | J57: WH-MXC09J3E5 | M57: 7752 | P57: 1078000 | Q57: 155 | R57: 154 | S57: 140 | T57: 50 | U57: R32 | V57: 1.6 | W57: 675 | X57: 1.08
A58: WH-MXC12J6E5-1 | B58: 5025232962310 | C58: A2W | D58: EXTERIOR | E58: b) Mono | F58: Tcap 1ph | G58: Unidad exterior Aquarea T-CAP J serie 12 kW 1ph monobloc | H58: Aquarea J series monobloque 12kW 1ph | J58: WH-MXC12J6E5 | M58: 8176 | P58: 1078000 | Q58: 155 | R58: 154 | S58: 140 | T58: 50 | U58: R32 | V58: 1.6 | W58: 675 | X58: 1.08
A59: WH-MXC09J3E8-1 | B59: 5025232962303 | C59: A2W | D59: EXTERIOR | E59: b) Mono | F59: Tcap 3ph | G59: Unidad exterior Aquarea T-CAP J serie 9 kW 3ph monobloc | H59: Aquarea J series monobloque de 9kW 3ph | J59: WH-MXC09J3E8 | M59: 7911 | P59: 1.085.732 | Q59: 155 | R59: 154 | S59: 140 | T59: 50 | U59: R32 | V59: 1.6 | W59: 675 | X59: 1.08
A60: WH-MXC12J9E8-1 | B60: 5025232962327 | C60: A2W | D60: EXTERIOR | E60: b) Mono | F60: Tcap 3ph | G60: Unidad exterior Aquarea T-CAP J serie 12 kW 3ph monobloc | H60: Aquarea J serie monobloque de 12kW 3ph | J60: WH-MXC12J9E8 | M60: 8772 | P60: 1078000 | Q60: 155 | R60: 154 | S60: 140 | T60: 50 | U60: R32 | V60: 1.6 | W60: 675 | X60: 1.08
A61: WH-MXC16J9E8-1 | B61: 5025232962334 | C61: A2W | D61: EXTERIOR | E61: b) Mono | F61: Tcap 3ph | G61: Unidad exterior monobloc Aquarea T-CAP J serie 16 kW 3ph | H61: Aquarea J serie monobloque de 16kW 3ph | J61: WH-MXC16J9E8 | M61: 10180 | P61: 1029000 | Q61: 164 | R61: 150 | S61: 140 | T61: 49 | U61: R32 | V61: 1.8 | W61: 675 | X61: 1.215
A62: WH-ADF0309K3E5M | B62: 5025232986705 | C62: A2W | D62: INTERIOR | E62: e) Ecoflex | F62: 1ph (COMPACT) | G62: All in one Aquarea Ecoflex 1ph 185 L (compatible con CU-4WZ90CBE5) | H62: Tanque Aquarea Ecoflex 1 pH | M62: 5635 | P62: 895068 | Q62: 107 | R62: 188 | S62: 69 | T62: 69 | U62: - | V62: - | W62: - | X62: -
A63: WH-ADF0309J3E5CM | B63: 5025232925117 | C63: A2W | D63: INTERIOR | E63: e) Ecoflex | F63: INTERIOR (AIO) | G63: All in one Aquarea Ecoflex 1ph 185 L | H63: Tanque Aquarea Ecoflex 1 pH | M63: 5579 | P63: 985527 | Q63: 117 | R63: 207 | S63: 69 | T63: 69 | U63: - | V63: - | W63: - | X63: -
A64: WH-ADF0309K3E5ANM | B64: 5025232986699 | C64: A2W | D64: INTERIOR | E64: e) Ecoflex | F64: INTERIOR (AIO) | G64: All in one Aquarea Ecoflex 1ph 185 L con ánodo electrónico (compatible con CU-4WZ90CBE5) | H64: Tanque Aquarea AN Ecoflex 1 pH | M64: 6120 | U64: - | V64: - | W64: - | X64: -
A65: P-DMT200AE5-W | B65: 4010869995344 | C65: A2W | D65: INTERIOR | E65: e) Ecoflex | F65: INTERIOR | G65: Depósito Ecoflex 200L (compatible con CU-4WZ90CBE5) | H65: Depósito Ecoflex | K65: x | L65: 46357 | M65: 3000
A66: P-DMT200AE5AN-W | B66: 4010869995351 | C66: A2W | D66: INTERIOR | E66: e) Ecoflex | F66: INTERIOR | G66: Depósito Ecoflex 200L con ánodo electrónico (compatible con CU-4WZ90CBE5) | H66: Depósito AN Ecoflex | K66: x | L66: 46357 | M66: 3500
A67: CU-2WZ71YBE5 | B67: 5025232925124 | C67: A2W | D67: EXTERIOR | E67: e) Ecoflex | F67: Outdoor | G67: Unidad exterior Aquarea Ecoflex 8kW 1ph (compatible con CU-2WZ71YBE5) | H67: Unidad exterior Aquarea Ecoflex 1ph | M67: 3961 | P67: 593600 | Q67: 89 | R67: 112 | S67: 106 | T67: 50 | U67: R32 | V67: 2.4 | W67: 675 | X67: 1.62
A68: CU-4WZ90CBE5 | B68: 5025232986682 | C68: A2W | D68: EXTERIOR | E68: e) Ecoflex | F68: Outdoor | G68: Aquarea Ecoflex 9,5 kW unidad exterior de 1ph | H68: Unidad exterior Aquarea Ecoflex 1ph | M68: 4356 | U68: R32
A69: S-71WF3E | B69: 5025232925131 | C69: A2W | D69: INTERIOR | E69: e) Ecoflex | F69: INTERIOR (DUCT) | G69: Conducto Aquarea Ecoflex 7,1 kW 1ph | H69: Conducto Aquarea Ecoflex 1ph | M69: 1433 | P69: 342720 | Q69: 36 | R69: 80 | S69: 126 | T69: 34 | U69: - | V69: - | W69: - | X69: -
A70: WH-UDZ03KE5 | B70: 5025232944446 | C70: A2W | D70: EXTERIOR | E70: a) Bi | F70: LT 1ph | G70: Aquarea High Performance K serie 3 kW 1ph unidad exterior | H70: Unidad exterior Aquarea K serie 3 kW 1ph | M70: 1873 | P70: 274176 | Q70: 40 | R70: 68 | S70: 96 | T70: 42 | U70: R32 | V70: 0.9 | W70: 675 | X70: 0.608
A71: WH-UDZ05KE5 | B71: 5025232943760 | C71: A2W | D71: EXTERIOR | E71: a) Bi | F71: LT 1ph | G71: Aquarea High Performance K serie 5 kW 1ph unidad exterior | H71: Unidad exterior Aquarea K serie 5 kW 1ph | M71: 2086 | P71: 540960 | Q71: 62 | R71: 92 | S71: 105 | T71: 56 | U71: R32 | V71: 1.3 | W71: 675 | X71: 0.878
A72: WH-UDZ07KE5 | B72: 5025232943777 | C72: A2W | D72: EXTERIOR | E72: a) Bi | F72: LT 1ph | G72: Aquarea High Performance K serie 7 kW 1ph unidad exterior | H72: Unidad exterior Aquarea K serie 7 kW 1ph | M72: 2631 | P72: 540960 | Q72: 62 | R72: 92 | S72: 105 | T72: 56 | U72: R32 | V72: 1.3 | W72: 675 | X72: 0.878
A73: WH-UDZ09KE5 | B73: 5025232943784 | C73: A2W | D73: EXTERIOR | E73: a) Bi | F73: LT 1ph | G73: Aquarea High Performance K serie 9 kW 1ph unidad exterior | H73: Unidad exterior Aquarea K serie 9 kW 1ph | M73: 3013 | P73: 540960 | Q73: 62 | R73: 92 | S73: 105 | T73: 56 | U73: R32 | V73: 1.3 | W73: 675 | X73: 0.878
A74: WH-UDZ12KE5 | B74: 5025232960293 | C74: A2W | D74: EXTERIOR | E74: a) Bi | F74: LT 1ph | G74: Aquarea High Performance K serie 12 kW 1ph unidad exterior | H74: Unidad exterior Aquarea K serie 12 kW 1ph | J74: WH-UD12HE5 | M74: 4258 | P74: 657000 | Q74: 98 | R74: 146 | S74: 100 | T74: 45 | U74: R32 | V74: 1.6 | W74: 675 | X74: 1.08
A75: WH-UDZ16KE5 | B75: 5025232984923 | C75: A2W | D75: EXTERIOR | E75: a) Bi | F75: LT 1ph | G75: Aquarea High Performance K serie 16 kW 1ph unidad exterior | H75: Unidad exterior Aquarea K serie 12 kW 1ph | J75: WH-UD16HE5 | M75: 5066 | P75: 657000 | Q75: 98 | R75: 146 | S75: 100 | T75: 45 | U75: R32 | V75: 1.6 | W75: 675 | X75: 1.08
A76: WH-UDZ09KE8 | B76: 5025232960286 | C76: A2W | D76: EXTERIOR | E76: a) Bi | F76: LT 3ph | G76: Aquarea High Performance K serie 9 kW 3ph unidad exterior | H76: Unidad exterior Aquarea K serie 9 kW 3ph | J76: WH-UD09HE8 | M76: 3849 | P76: 657000 | Q76: 98 | R76: 146 | S76: 100 | T76: 45 | U76: R32 | V76: 1.6 | W76: 675 | X76: 1.08
A77: WH-UDZ12KE8 | B77: 5025232960309 | C77: A2W | D77: EXTERIOR | E77: a) Bi | F77: LT 3ph | G77: Aquarea High Performance K serie 12 kW 3ph unidad exterior | H77: Unidad exterior Aquarea K serie 12 kW 3ph | J77: WH-UD12HE8 | M77: 5006 | P77: 657000 | Q77: 98 | R77: 146 | S77: 100 | T77: 45 | U77: R32 | V77: 1.6 | W77: 675 | X77: 1.08
A78: WH-UDZ16KE8 | B78: 5025232960316 | C78: A2W | D78: EXTERIOR | E78: a) Bi | F78: LT 3ph | G78: Aquarea High Performance K serie 16 kW 3ph unidad exterior | H78: Unidad exterior Aquarea K serie 16 kW 3ph | J78: WH-UD16HE8 | M78: 5966 | P78: 657000 | Q78: 111 | R78: 146 | S78: 100 | T78: 45 | U78: R32 | V78: 1.83 | W78: 675 | X78: 1.23525
A79: WH-UXZ09KE5 | B79: 5025232943791 | C79: A2W | D79: EXTERIOR | E79: a) Bi | F79: Tcap 1ph | G79: Unidad exterior Aquarea T-CAP K serie 9 kW 1ph | H79: Unidad exterior Aquarea K serie 9 kW 1ph | J79: WH-UX09HE5 | M79: 4497 | P79: 657000 | Q79: 98 | R79: 146 | S79: 100 | T79: 45 | U79: R32 | V79: 1.6 | W79: 675 | X79: 1.08
A80: WH-UXZ12KE5 | B80: 5025232943814 | C80: A2W | D80: EXTERIOR | E80: a) Bi | F80: Tcap 1ph | G80: Unidad exterior Aquarea T-CAP K serie 12 kW 1ph | H80: Unidad exterior Aquarea K serie 12 kW 1ph | J80: WH-UX12HE5 | M80: 5303 | P80: 657000 | Q80: 98 | R80: 146 | S80: 100 | T80: 45 | U80: R32 | V80: 1.6 | W80: 675 | X80: 1.08
A81: WH-UXZ09KE8 | B81: 5025232943807 | C81: A2W | D81: EXTERIOR | E81: a) Bi | F81: Tcap 3ph | G81: Unidad exterior Aquarea T-CAP K serie 9 kW de 3ph | H81: Unidad exterior Aquarea K serie 9 kW 3ph | J81: WH-UX09HE8 | M81: 5620 | P81: 657000 | Q81: 98 | R81: 146 | S81: 100 | T81: 45 | U81: R32 | V81: 1.6 | W81: 675 | X81: 1.08
A82: WH-UXZ12KE8 | B82: 5025232943821 | C82: A2W | D82: EXTERIOR | E82: a) Bi | F82: Tcap 3ph | G82: Unidad exterior Aquarea T-CAP K serie 12 kW 3ph | H82: Unidad exterior Aquarea K serie 12 kW 3ph | J82: WH-UX12HE8 | M82: 5898 | P82: 657000 | Q82: 98 | R82: 146 | S82: 100 | T82: 45 | U82: R32 | V82: 1.6 | W82: 675 | X82: 1.08
A83: WH-UXZ16KE8 | B83: 5025232951352 | C83: A2W | D83: EXTERIOR | E83: a) Bi | F83: Tcap 3ph | G83: Unidad exterior Aquarea T-CAP K serie 16 kW de 3 ph | H83: Unidad exterior Aquarea K serie 16 kW 3ph | J83: WH-UX16HE8 | M83: 6911 | P83: 657000 | Q83: 111 | R83: 146 | S83: 100 | T83: 45 | U83: R32 | V83: 1.83 | W83: 675 | X83: 1.23525
A84: WH-ADC0309K3E5 | B84: 5025232943944 | C84: A2W | D84: INTERIOR | E84: d) All in one | F84: 1ph (COMPACT) | G84: Aquarea All-in-one K serie 3-9 kW con resistencia de 3 kW de 1ph | H84: Aquarea K series All-in-one 1ph | M84: 4843 | P84: 895068 | Q84: 107 | R84: 188 | S84: 69 | T84: 69 | U84: - | V84: - | W84: - | X84: -
A85: WH-ADC0309K3E5B | B85: 5025232943951 | C85: A2W | D85: INTERIOR | E85: d) All in one | F85: 1ph (2 ZONE) | G85: Aquarea All-in-one K serie 3-9 kW con resistencia de 3 kW 1ph con kit de 2 zonas | H85: Aquarea serie K todo-en-uno 1ph 2zone | M85: 6297 | P85: 895068 | Q85: 107 | R85: 188 | S85: 69 | T85: 69 | U85: - | V85: - | W85: - | X85: -
A86: WH-ADC0309K3E5AN | B86: 5025232946761 | C86: A2W | D86: INTERIOR | E86: d) All in one | F86: 1ph (DK) | G86: Aquarea All-in-one K serie 3-9 kW con resistencia de 3 kW de 1ph con ánodo electrónico | H86: Aquarea K series All-in-one 1ph AN | M86: 5324 | P86: 895068 | Q86: 107 | R86: 188 | S86: 69 | T86: 69 | U86: - | V86: - | W86: - | X86: -
A87: WH-ADC0309K6E5 | B87: 5025232943975 | C87: A2W | D87: INTERIOR | E87: d) All in one | F87: 1ph (COMPACT) | G87: Aquarea All-in-one K serie 3-9 kW con resistencia de 6 kW de 1ph | H87: Aquarea K series All-in-one 1ph | M87: 4892 | P87: 895068 | Q87: 107 | R87: 188 | S87: 69 | T87: 69 | U87: - | V87: - | W87: - | X87: -
A88: WH-ADC0309K6E5AN | B88: 5025232943982 | C88: A2W | D88: INTERIOR | E88: d) All in one | F88: 1ph (DK) | G88: Aquarea All-in-one K serie 3-9 kW con resistencia de 6 kW 1ph con ánodo electrónico | H88: Aquarea K series All-in-one 1ph AN | M88: 5373 | P88: 895068 | Q88: 107 | R88: 188 | S88: 69 | T88: 69 | U88: - | V88: - | W88: - | X88: -
A89: WH-ADC0912K6E5 | B89: 5025232943999 | C89: A2W | D89: INTERIOR | E89: d) All in one | F89: 1ph (COMPACT) | G89: Aquarea All-in-one K serie 9-12 kW con resistencia de 6 kW de 1 ph | H89: Aquarea K series All-in-one 1ph | M89: 5910 | P89: 895068 | Q89: 108 | R89: 188 | S89: 69 | T89: 69 | U89: - | V89: - | W89: - | X89: -
A90: WH-ADC0912K6E5AN | B90: 5025232946778 | C90: A2W | D90: INTERIOR | E90: d) All in one | F90: 1ph (DK) | G90: Aquarea All-in-one serie K 9-12 kW con resistencia de 6 kW 1ph con ánodo electrónico | H90: Aquarea K series All-in-one 1ph AN | M90: 6391 | P90: 895068 | Q90: 108 | R90: 188 | S90: 69 | T90: 69 | U90: - | V90: - | W90: - | X90: -
A91: WH-ADC16K6E5 | B91: 5025232984879 | C91: A2W | D91: INTERIOR | E91: d) All in one | F91: 1ph (COMPACT) | G91: Aquarea All-in-one K serie 16 kW con resistencia de 6 kW de 1ph | H91: Aquarea K series All-in-one 1ph | M91: 6459 | P91: 895068 | Q91: 108 | R91: 188 | S91: 69 | T91: 69 | U91: - | V91: - | W91: - | X91: -
A92: WH-ADC16K6E5AN | B92: 5025232984893 | C92: A2W | D92: INTERIOR | E92: d) All in one | F92: 1ph (DK) | G92: Aquarea All-in-one K serie 16 kW con resistencia de 6 kW de 1ph con ánodo electrónico | H92: Aquarea K series All-in-one 1ph AN | M92: 6804 | P92: 895068 | Q92: 108 | R92: 188 | S92: 69 | T92: 69 | U92: - | V92: - | W92: - | X92: -
A93: WH-ADC0912K9E8 | B93: 5025232946785 | C93: A2W | D93: INTERIOR | E93: d) All in one | F93: 3ph | G93: Aquarea All-in-one K serie 9-12 kW con resistencia de 9 kW 3ph | H93: Aquarea K series All-in-one 3ph | J93: WH-ADC0916H9E8 | M93: 6830 | P93: 1073088 | Q93: 109 | R93: 192 | S93: 81 | T93: 69 | U93: - | V93: - | W93: - | X93: -
A94: WH-ADC0912K9E8AN | B94: 5025232946792 | C94: A2W | D94: INTERIOR | E94: d) All in one | F94: 3ph (DK) | G94: Aquarea All-in-one K serie 9-12 kW con resistencia de 9 kW 3ph con ánodo electrónico | H94: Aquarea K serie All-in-one 3ph AN | M94: 7514 | P94: 899829 | Q94: 109 | R94: 189 | S94: 69 | T94: 69 | U94: - | V94: - | W94: - | X94: -
A95: WH-ADC16K9E8 | B95: 5025232946808 | C95: A2W | D95: INTERIOR | E95: d) All in one | F95: 3ph | G95: Aquarea All-in-one K serie 16 kW con resistencia de 9 kW 3ph | H95: Aquarea K series All-in-one 3ph | J95: WH-ADC0916H9E8 | M95: 7503 | P95: 933757.75 | Q95: 110 | R95: 199 | S95: 68.5 | T95: 68.5 | U95: - | V95: - | W95: - | X95: -
A96: WH-ADC16K9E8AN | B96: 5025232946815 | C96: A2W | D96: INTERIOR | E96: d) All in one | F96: 3ph (DK) | G96: Aquarea All-in-one K serie 16 kW con resistencia de 9 kW 3ph con ánodo electrónico | H96: Aquarea K serie All-in-one 3ph AN | M96: 7974 | P96: 890307 | Q96: 110 | R96: 187 | S96: 69 | T96: 69 | U96: - | V96: - | W96: - | X96: -
A97: WH-ADC0912K6E53 | B97: 5025232977697 | C97: A2W | D97: INTERIOR | E97: d) All in one | F97: 1ph (COMPACT) | G97: Aquarea All-in-one K serie 9-12 kW con resistencia de 6 kW 1ph 260 L | H97: Aquarea K series todo-en-uno 1ph 260L | M97: 6088 | P97: 1085508 | Q97: 126 | R97: 228 | S97: 69 | T97: 69 | U97: - | V97: - | W97: - | X97: -
A98: WH-ADC0912K6E5AN3 | B98: 5025232977703 | C98: A2W | D98: INTERIOR | E98: d) All in one | F98: 1ph (DK) | G98: Aquarea All-in-one K serie 9-12 kW con resistencia de 6 kW 1ph 260 L con ánodo electrónico | H98: Aquarea K series All-in-one 1ph 260L AN | M98: 6568 | P98: 895068 | Q98: 126 | R98: 188 | S98: 69 | T98: 69 | U98: - | V98: - | W98: - | X98: -
A99: WH-ADC16K6E53 | B99: 5025232984886 | C99: A2W | D99: INTERIOR | E99: d) All in one | F99: 1ph (COMPACT) | G99: Aquarea All-in-one K serie 16 kW con resistencia de 6 kW 1ph 260 L | H99: Aquarea K series todo-en-uno 1ph 260L | M99: 6523 | P99: 1085508 | Q99: 129 | R99: 228 | S99: 69 | T99: 69 | U99: - | V99: - | W99: - | X99: -
A100: WH-ADC16K6E5AN3 | B100: 5025232984909 | C100: A2W | D100: INTERIOR | E100: d) All in one | F100: 1ph (DK) | G100: Aquarea All-in-one K serie 16 kW con resistencia de 6 kW 1ph 260 L con ánodo electrónico | H100: Aquarea K series All-in-one 1ph 260L AN | M100: 6995 | P100: 895068 | Q100: 126 | R100: 188 | S100: 69 | T100: 69 | U100: - | V100: - | W100: - | X100: -
A101: WH-ADC0912K9E83 | B101: 5025232976218 | C101: A2W | D101: INTERIOR | E101: d) All in one | F101: 3ph | G101: Aquarea All-in-one K serie 9-12 kW con resistencia de 9 kW 3ph 260 L | H101: Aquarea K serie todo-en-uno 3ph 260L | M101: 8282 | P101: 1085508 | Q101: 127 | R101: 228 | S101: 69 | T101: 69 | U101: - | V101: - | W101: - | X101: -
A102: WH-ADC0912K9E8AN3 | B102: 5025232976225 | C102: A2W | D102: INTERIOR | E102: d) All in one | F102: 3ph (DK) | G102: Aquarea All-in-one K serie 9-12 kW con resistencia de 9 kW 3ph 260 L con ánodo electrónico | H102: Aquarea K serie todo-en-uno 3ph AN 260L | M102: 8983 | P102: 1075986 | Q102: 127 | R102: 226 | S102: 69 | T102: 69 | U102: - | V102: - | W102: - | X102: -
A103: WH-ADC16K9E83 | B103: 5025232976232 | C103: A2W | D103: INTERIOR | E103: d) All in one | F103: 3ph | G103: Aquarea All-in-one K serie 16 kW con resistencia de 9 kW 3ph 260 L | H103: Aquarea K serie todo-en-uno 3ph 260L | M103: 7728 | P103: 1085508 | Q103: 128 | R103: 228 | S103: 69 | T103: 69 | U103: - | V103: - | W103: - | X103: -
A104: WH-ADC16K9E8AN3 | B104: 5025232976249 | C104: A2W | D104: INTERIOR | E104: d) All in one | F104: 3ph (DK) | G104: Aquarea All-in-one K serie 16 kW con resistencia de 9 kW 3ph 260 L con ánodo electrónico | H104: Aquarea K serie todo-en-uno 3ph AN 260L | M104: 8199 | P104: 1073088 | Q104: 128 | R104: 192 | S104: 81 | T104: 69 | U104: - | V104: - | W104: - | X104: -
A105: WH-SDC0309K3E5 | B105: 5025232944033 | C105: A2W | D105: INTERIOR | E105: a) Bi | F105: LT 1ph | G105: Unidad interior bibloc Aquarea High Performance serie K de 3-9 kW con resistencia de 3 kW de 1ph | H105: Bibloc de la serie K de Aquarea 1ph | M105: 3402 | P105: 307188 | Q105: 48 | R105: 106 | S105: 63 | T105: 46 | U105: - | V105: - | W105: - | X105: -
A106: WH-SDC0309K6E5 | B106: 5025232944040 | C106: A2W | D106: INTERIOR | E106: a) Bi | F106: LT 1ph | G106: Unidad interior bibloc Aquarea High Performance serie K de 3-9 kW con resistencia de 6 kW de 1ph | H106: Bibloc de la serie K de Aquarea 1ph | M106: 3437 | P106: 307188 | Q106: 48 | R106: 106 | S106: 63 | T106: 46 | U106: - | V106: - | W106: - | X106: -
...

Sheet Descripciones originales
A1: Descripción completa
A2: Aquarea High Performance L series R290 5 kW 1ph outdoor unit
A3: Aquarea High Performance L series R290 7 kW 1ph outdoor unit
A4: Aquarea High Performance L series R290 9 kW 1ph outdoor unit
A5: Aquarea All-in-one hydrosplit L series 5-9 kW with 3 kW heater 1ph 120 L
A6: Aquarea All-in-one hydrosplit L series 5-9 kW with 3 kW heater 1ph
A7: Aquarea All-in-one hydrosplit L series 5-9 kW with 3 kW heater 1ph with electronic anode
A8: Aquarea All-in-one hydrosplit L series 5-9 kW with 3 kW heater 1ph with 2 zone kit
A9: Aquarea All-in-one hydrosplit L series 5-9 kW with 6 kW heater 1ph
A10: Aquarea All-in-one hydrosplit L series 5-9 kW with 6 kW heater 1ph with electronic anode
A11: Aquarea High Performance Hydrobox L series 5-9 kW with 3 kW heater 1ph
A12: Aquarea High Performance Hydrobox L series 5-9 kW with 6 kW heater 1ph
... A1306: Compressor oil FV32S 0,5L for iCOOL

Sheet A2W
B1: Bomba de calor aire-agua Aquarea - Lista de precios 2026
B3: País | D3: España
B4: Divisa | D4: EUR
B5: Validez | D5: {=+'Tarifa compacta'!B6:C6} -> 46296 | E5: 0
B7: ='Tarifa compacta'!A8 -> * PVPR significa Precio de Venta al Público Recomendado. Los precios no incluyen IVA. Todos los precios están sujetos a cambios o retirada sin previo aviso.
C9: EAN | D9: Material | E9: Descripción | F9: PVPR* | G9: REEE | H9: Disponibilidad | I9: Comentarios
B10: Aquarea sistemas hidráulicos
D11: Aquarea High Performance Serie L, Monofásico. Calefacción y Refrigeración • R290
D12: Unidades exteriores
C13: =IFERROR(VLOOKUP(D13,'Tarifa compacta'!A:C,2,FALSE),"-") -> 5025232945603 | D13: WH-WDG05LE5 | E13: =+VLOOKUP($D13,'Tarifa compacta'!$A:$G,7,0) -> Aquarea High Performance L serie R290 unidad exterior de 5 kW 1ph | F13: =+IFERROR(VLOOKUP($D13,'Tarifa compacta'!$A$11:$O$1018,13,0),"") -> 3734 | G13: =IFERROR(IF(VLOOKUP($D13,'Tarifa compacta'!$A$11:$O$1018,15,0)=0,"",VLOOKUP($D13,'Tarifa compacta'!$A$11:$O$1018,15,0)),"") | H13: =IFERROR(IF(VLOOKUP($D13,'Tarifa compacta'!$A$11:$O$1018,12,0)=0,"",VLOOKUP($D13,'Tarifa compacta'!$A$11:$O$1018,12,0)),"")
C14: =IFERROR(VLOOKUP(D14,'Tarifa compacta'!A:C,2,FALSE),"-") -> 5025232945610 | D14: WH-WDG07LE5 | E14: =+VLOOKUP($D14,'Tarifa compacta'!$A:$G,7,0) -> Aquarea High Performance L serie R290 unidad exterior 7 kW 1ph | F14: =+IFERROR(VLOOKUP($D14,'Tarifa compacta'!$A$11:$O$1018,13,0),"") -> 4496 | G14: =IFERROR(IF(VLOOKUP($D14,'Tarifa compacta'!$A$11:$O$1018,15,0)=0,"",VLOOKUP($D14,'Tarifa compacta'!$A$11:$O$1018,15,0)),"") | H14: =IFERROR(IF(VLOOKUP($D14,'Tarifa compacta'!$A$11:$O$1018,12,0)=0,"",VLOOKUP($D14,'Tarifa compacta'!$A$11:$O$1018,12,0)),"")
C15: =IFERROR(VLOOKUP(D15,'Tarifa compacta'!A:C,2,FALSE),"-") -> 5025232945627 | D15: WH-WDG09LE5 | E15: =+VLOOKUP($D15,'Tarifa compacta'!$A:$G,7,0) -> Aquarea High Performance L serie R290 unidad exterior de 9 kW 1ph | F15: =+IFERROR(VLOOKUP($D15,'Tarifa compacta'!$A$11:$O$1018,13,0),"") -> 4846 | G15: =IFERROR(IF(VLOOKUP($D15,'Tarifa compacta'!$A$11:$O$1018,15,0)=0,"",VLOOKUP($D15,'Tarifa compacta'!$A$11:$O$1018,15,0)),"") | H15: =IFERROR(IF(VLOOKUP($D15,'Tarifa compacta'!$A$11:$O$1018,12,0)=0,"",VLOOKUP($D15,'Tarifa compacta'!$A$11:$O$1018,12,0)),"")
D16: Unidades interiores All-in-One 120 L
C17: =IFERROR(VLOOKUP(D17,'Tarifa compacta'!A:C,2,FALSE),"-") -> 4010869633796 | D17: WH-ADC0509L3E51 | E17: =+VLOOKUP($D17,'Tarifa compacta'!$A:$G,7,0) -> Aquarea all in one hidrosplit serie L 5-9 kW con resistencia de 3 kW 1ph 120 L | F17: =+IFERROR(VLOOKUP($D17,'Tarifa compacta'!$A$11:$O$1018,13,0),"") -> 4456 | G17: =IFERROR(IF(VLOOKUP($D17,'Tarifa compacta'!$A$11:$O$1018,15,0)=0,"",VLOOKUP($D17,'Tarifa compacta'!$A$11:$O$1018,15,0)),"") | H17: =IFERROR(IF(VLOOKUP($D17,'Tarifa compacta'!$A$11:$O$1018,12,0)=0,"",VLOOKUP($D17,'Tarifa compacta'!$A$11:$O$1018,12,0)),"")
D18: Unidades interiores All-in-One 185 L
C19: =IFERROR(VLOOKUP(D19,'Tarifa compacta'!A:C,2,FALSE),"-") -> 5025232946617 | D19: WH-ADC0509L3E5 | E19: =+VLOOKUP($D19,'Tarifa compacta'!$A:$G,7,0) -> Aquarea all in one hidrosplit serie L 5-9 kW con resistencia de 3 kW de 1 ph | F19: =+IFERROR(VLOOKUP($D19,'Tarifa compacta'!$A$11:$O$1018,13,0),"") -> 4594 | G19: =IFERROR(IF(VLOOKUP($D19,'Tarifa compacta'!$A$11:$O$1018,15,0)=0,"",VLOOKUP($D19,'Tarifa compacta'!$A$11:$O$1018,15,0)),"") | H19: =IFERROR(IF(VLOOKUP($D19,'Tarifa compacta'!$A$11:$O$1018,12,0)=0,"",VLOOKUP($D19,'Tarifa compacta'!$A$11:$O$1018,12,0)),"")
C20: =IFERROR(VLOOKUP(D20,'Tarifa compacta'!A:C,2,FALSE),"-") -> 5025232946624 | D20: WH-ADC0509L3E5AN | E20: =+VLOOKUP($D20,'Tarifa compacta'!$A:$G,7,0) -> Aquarea all in one hidrosplit serie L 5-9 kW con resistencia de 3 kW de 1ph con ánodo electrónico | F20: =+IFERROR(VLOOKUP($D20,'Tarifa compacta'!$A$11:$O$1018,13,0),"") -> 5065 | G20: =IFERROR(IF(VLOOKUP($D20,'Tarifa compacta'!$A$11:$O$1018,15,0)=0,"",VLOOKUP($D20,'Tarifa compacta'!$A$11:$O$1018,15,0)),"") | H20: =IFERROR(IF(VLOOKUP($D20,'Tarifa compacta'!$A$11:$O$1018,12,0)=0,"",VLOOKUP($D20,'Tarifa compacta'!$A$11:$O$1018,12,0)),"")
C21: =IFERROR(VLOOKUP(D21,'Tarifa compacta'!A:C,2,FALSE),"-") -> 5025232946631 | D21: WH-ADC0509L3E5B | E21: =+VLOOKUP($D21,'Tarifa compacta'!$A:$G,7,0) -> Aquarea all in one hidrosplit serie L 5-9 kW con resistencia de 3 kW de 1ph con kit 2 zonas | F21: =+IFERROR(VLOOKUP($D21,'Tarifa compacta'!$A$11:$O$1018,13,0),"") -> 5972 | G21: =IFERROR(IF(VLOOKUP($D21,'Tarifa compacta'!$A$11:$O$1018,15,0)=0,"",VLOOKUP($D21,'Tarifa compacta'!$A$11:$O$1018,15,0)),"") | H21: =IFERROR(IF(VLOOKUP($D21,'Tarifa compacta'!$A$11:$O$1018,12,0)=0,"",VLOOKUP($D21,'Tarifa compacta'!$A$11:$O$1018,12,0)),"")
D22: Unidades interiores Bi-bloc
C23: =IFERROR(VLOOKUP(D23,'Tarifa compacta'!A:C,2,FALSE),"-") -> 5025232951338 | D23: WH-SDC0509L3E5 | E23: =+VLOOKUP($D23,'Tarifa compacta'!$A:$G,7,0) -> Aquarea High Performance Hydrobox serie L 5-9 kW con resistencia de 3 kW de 1 ph | F23: =+IFERROR(VLOOKUP($D23,'Tarifa compacta'!$A$11:$O$1018,13,0),"") -> 2588 | G23: =IFERROR(IF(VLOOKUP($D23,'Tarifa compacta'!$A$11:$O$1018,15,0)=0,"",VLOOKUP($D23,'Tarifa compacta'!$A$11:$O$1018,15,0)),"") | H23: =IFERROR(IF(VLOOKUP($D23,'Tarifa compacta'!$A$11:$O$1018,12,0)=0,"",VLOOKUP($D23,'Tarifa compacta'!$A$11:$O$1018,12,0)),"")
D24: Aquarea High Performance Serie M, Monofásico y Trifásico. Calefacción y Refrigeración • R290
D25: Unidades exteriores
C26: =IFERROR(VLOOKUP(D26,'Tarifa compacta'!A:C,2,FALSE),"-") -> 5025232984817 | D26: WH-WDG12ME5 | E26: =+VLOOKUP($D26,'Tarifa compacta'!$A:$G,7,0) -> Aquarea High Performance M serie R290 unidad exterior de 12 kW 1ph | F26: =+IFERROR(VLOOKUP($D26,'Tarifa compacta'!$A$11:$O$1018,13,0),"") -> 7179 | G26: =IFERROR(IF(VLOOKUP($D26,'Tarifa compacta'!$A$11:$O$1018,15,0)=0,"",VLOOKUP($D26,'Tarifa compacta'!$A$11:$O$1018,15,0)),"") | H26: =IFERROR(IF(VLOOKUP($D26,'Tarifa compacta'!$A$11:$O$1018,12,0)=0,"",VLOOKUP($D26,'Tarifa compacta'!$A$11:$O$1018,12,0)),"")
C27: =IFERROR(VLOOKUP(D27,'Tarifa compacta'!A:C,2,FALSE),"-") -> 5025232984831 | D27: WH-WDG16ME5 | E27: =+VLOOKUP($D27,'Tarifa compacta'!$A:$G,7,0) -> Aquarea High Performance M serie R290 unidad exterior de 16 kW 1ph | F27: =+IFERROR(VLOOKUP($D27,'Tarifa compacta'!$A$11:$O$1018,13,0),"") -> 8106 | G27: =IFERROR(IF(VLOOKUP($D27,'Tarifa compacta'!$A$11:$O$1018,15,0)=0,"",VLOOKUP($D27,'Tarifa compacta'!$A$11:$O$1018,15,0)),"") | H27: =IFERROR(IF(VLOOKUP($D27,'Tarifa compacta'!$A$11:$O$1018,12,0)=0,"",VLOOKUP($D27,'Tarifa compacta'!$A$11:$O$1018,12,0)),"")
C28: =IFERROR(VLOOKUP(D28,'Tarifa compacta'!A:C,2,FALSE),"-") -> 5025232984800 | D28: WH-WDG09ME8 | E28: =+VLOOKUP($D28,'Tarifa compacta'!$A:$G,7,0) -> Aquarea High Performance M serie R290 unidad exterior de 9 kW 3ph | F28: =+IFERROR(VLOOKUP($D28,'Tarifa compacta'!$A$11:$O$1018,13,0),"") -> 6347 | G28: =IFERROR(IF(VLOOKUP($D28,'Tarifa compacta'!$A$11:$O$1018,15,0)=0,"",VLOOKUP($D28,'Tarifa compacta'!$A$11:$O$1018,15,0)),"") | H28: =IFERROR(IF(VLOOKUP($D28,'Tarifa compacta'!$A$11:$O$1018,12,0)=0,"",VLOOKUP($D28,'Tarifa compacta'!$A$11:$O$1018,12,0)),"")
C29: =IFERROR(VLOOKUP(D29,'Tarifa compacta'!A:C,2,FALSE),"-") -> 5025232984824 | D29: WH-WDG12ME8 | E29: =+VLOOKUP($D29,'Tarifa compacta'!$A:$G,7,0) -> Aquarea High Performance M serie R290 unidad exterior de 12 kW 3ph | F29: =+IFERROR(VLOOKUP($D29,'Tarifa compacta'!$A$11:$O$1018,13,0),"") -> 8175 | G29: =IFERROR(IF(VLOOKUP($D29,'Tarifa compacta'!$A$11:$O$1018,15,0)=0,"",VLOOKUP($D29,'Tarifa compacta'!$A$11:$O$1018,15,0)),"") | H29: =IFERROR(IF(VLOOKUP($D29,'Tarifa compacta'!$A$11:$O$1018,12,0)=0,"",VLOOKUP($D29,'Tarifa compacta'!$A$11:$O$1018,12,0)),"")
C30: =IFERROR(VLOOKUP(D30,'Tarifa compacta'!A:C,2,FALSE),"-") -> 5025232984848 | D30: WH-WDG16ME8 | E30: =+VLOOKUP($D30,'Tarifa compacta'!$A:$G,7,0) -> Aquarea High Performance M serie R290 unidad exterior de 16 kW 3ph | F30: =+IFERROR(VLOOKUP($D30,'Tarifa compacta'!$A$11:$O$1018,13,0),"") -> 9231 | G30: =IFERROR(IF(VLOOKUP($D30,'Tarifa compacta'!$A$11:$O$1018,15,0)=0,"",VLOOKUP($D30,'Tarifa compacta'!$A$11:$O$1018,15,0)),"") | H30: =IFERROR(IF(VLOOKUP($D30,'Tarifa compacta'!$A$11:$O$1018,12,0)=0,"",VLOOKUP($D30,'Tarifa compacta'!$A$11:$O$1018,12,0)),"")
D31: Unidades interiores All-in-One 120 L
C32: =IFERROR(VLOOKUP(D32,'Tarifa compacta'!A:C,2,FALSE),"-") -> 5025232986170 | D32: WH-ADC0916M3E51 | E32: =+VLOOKUP($D32,'Tarifa compacta'!$A:$G,7,0) -> Aquarea all in one hidrosplit serie M 9-16 kW con resistencia de 3 kW 1ph 120 L | F32: =+IFERROR(VLOOKUP($D32,'Tarifa compacta'!$A$11:$O$1018,13,0),"") -> 4880 | G32: =IFERROR(IF(VLOOKUP($D32,'Tarifa compacta'!$A$11:$O$1018,15,0)=0,"",VLOOKUP($D32,'Tarifa compacta'!$A$11:$O$1018,15,0)),"") | H32: =IFERROR(IF(VLOOKUP($D32,'Tarifa compacta'!$A$11:$O$1018,12,0)=0,"",VLOOKUP($D32,'Tarifa compacta'!$A$11:$O$1018,12,0)),"")
C33: =IFERROR(VLOOKUP(D33,'Tarifa compacta'!A:C,2,FALSE),"-") -> 5025232986156 | D33: WH-ADC0316M9E81 | E33: =+VLOOKUP($D33,'Tarifa compacta'!$A:$G,7,0) -> Aquarea all in one hidrosplit M serie 9-16 kW con resistencia de 9 kW 3ph 120 L | F33: =+IFERROR(VLOOKUP($D33,'Tarifa compacta'!$A$11:$O$1018,13,0),"") -> 4433 | G33: =IFERROR(IF(VLOOKUP($D33,'Tarifa compacta'!$A$11:$O$1018,15,0)=0,"",VLOOKUP($D33,'Tarifa compacta'!$A$11:$O$1018,15,0)),"") | H33: =IFERROR(IF(VLOOKUP($D33,'Tarifa compacta'!$A$11:$O$1018,12,0)=0,"",VLOOKUP($D33,'Tarifa compacta'!$A$11:$O$1018,12,0)),"")
D34: Unidades interiores All-in-One 185 L
C35: =IFERROR(VLOOKUP(D35,'Tarifa compacta'!A:C,2,FALSE),"-") -> 5025232978571 | D35: WH-ADC0916M3E52 | E35: =+VLOOKUP($D35,'Tarifa compacta'!$A:$G,7,0) -> Aquarea all in one hidrosplit serie M 9-16 kW con resistencia de 3 kW 1ph 185 L | F35: =+IFERROR(VLOOKUP($D35,'Tarifa compacta'!$A$11:$O$1018,13,0),"") -> 5030 | G35: =IFERROR(IF(VLOOKUP($D35,'Tarifa compacta'!$A$11:$O$1018,15,0)=0,"",VLOOKUP($D35,'Tarifa compacta'!$A$11:$O$1018,15,0)),"") | H35: =IFERROR(IF(VLOOKUP($D35,'Tarifa compacta'!$A$11:$O$1018,12,0)=0,"",VLOOKUP($D35,'Tarifa compacta'!$A$11:$O$1018,12,0)),"")
C36: =IFERROR(VLOOKUP(D36,'Tarifa compacta'!A:C,2,FALSE),"-") -> 5025232978588 | D36: WH-ADC0916M3E5AN2 | E36: =+VLOOKUP($D36,'Tarifa compacta'!$A:$G,7,0) -> Aquarea all in one hidrosplit serie M 9-16 kW con resistencia de 3 kW 1ph 185 L con ánodo electrónico | F36: =+IFERROR(VLOOKUP($D36,'Tarifa compacta'!$A$11:$O$1018,13,0),"") -> 5516 | G36: =IFERROR(IF(VLOOKUP($D36,'Tarifa compacta'!$A$11:$O$1018,15,0)=0,"",VLOOKUP($D36,'Tarifa compacta'!$A$11:$O$1018,15,0)),"") | H36: =IFERROR(IF(VLOOKUP($D36,'Tarifa compacta'!$A$11:$O$1018,12,0)=0,"",VLOOKUP($D36,'Tarifa compacta'!$A$11:$O$1018,12,0)),"")
C37: =IFERROR(VLOOKUP(D37,'Tarifa compacta'!A:C,2,FALSE),"-") -> 5025232968688 | D37: WH-ADC0316M9E82 | E37: =+VLOOKUP($D37,'Tarifa compacta'!$A:$G,7,0) -> Aquarea all in one hidrosplit serie M 3-16 kW con resistencia de 9 kW 3ph 185 L | F37: =+IFERROR(VLOOKUP($D37,'Tarifa compacta'!$A$11:$O$1018,13,0),"") -> 5222 | G37: =IFERROR(IF(VLOOKUP($D37,'Tarifa compacta'!$A$11:$O$1018,15,0)=0,"",VLOOKUP($D37,'Tarifa compacta'!$A$11:$O$1018,15,0)),"") | H37: =IFERROR(IF(VLOOKUP($D37,'Tarifa compacta'!$A$11:$O$1018,12,0)=0,"",VLOOKUP($D37,'Tarifa compacta'!$A$11:$O$1018,12,0)),"")
C38: =IFERROR(VLOOKUP(D38,'Tarifa compacta'!A:C,2,FALSE),"-") -> 5025232968695 | D38: WH-ADC0316M9E8AN2 | E38: =+VLOOKUP($D38,'Tarifa compacta'!$A:$G,7,0) -> Aquarea all in one hidrosplit serie M 3-16 kW con resistencia de 9 kW 3ph 185 L con ánodo electrónico | F38: =+IFERROR(VLOOKUP($D38,'Tarifa compacta'!$A$11:$O$1018,13,0),"") -> 5754 | G38: =IFERROR(IF(VLOOKUP($D38,'Tarifa compacta'!$A$11:$O$1018,15,0)=0,"",VLOOKUP($D38,'Tarifa compacta'!$A$11:$O$1018,15,0)),"") | H38: =IFERROR(IF(VLOOKUP($D38,'Tarifa compacta'!$A$11:$O$1018,12,0)=0,"",VLOOKUP($D38,'Tarifa compacta'!$A$11:$O$1018,12,0)),"")
D39: Unidades interiores All-in-One 260 L
C40: =IFERROR(VLOOKUP(D40,'Tarifa compacta'!A:C,2,FALSE),"-") -> 5025232977994 | D40: WH-ADC0916M3E53 | E40: =+VLOOKUP($D40,'Tarifa compacta'!$A:$G,7,0) -> Aquarea Hydrosplit M todo en uno, 9-16 kW con resistencia de 3 kW, 1 ph 260 L | F40: =+IFERROR(VLOOKUP($D40,'Tarifa compacta'!$A$11:$O$1018,13,0),"") -> 5285 | G40: =IFERROR(IF(VLOOKUP($D40,'Tarifa compacta'!$A$11:$O$1018,15,0)=0,"",VLOOKUP($D40,'Tarifa compacta'!$A$11:$O$1018,15,0)),"") | H40: =IFERROR(IF(VLOOKUP($D40,'Tarifa compacta'!$A$11:$O$1018,12,0)=0,"",VLOOKUP($D40,'Tarifa compacta'!$A$11:$O$1018,12,0)),"")
C41: =IFERROR(VLOOKUP(D41,'Tarifa compacta'!A:C,2,FALSE),"-") -> 5025232978007 | D41: WH-ADC0916M3E5AN3 | E41: =+VLOOKUP($D41,'Tarifa compacta'!$A:$G,7,0) -> Aquarea Hydrosplit M todo en uno, 9-16 kW con resistencia de 3 kW, 1 ph 260 L con ánodo electrónico | F41: =+IFERROR(VLOOKUP($D41,'Tarifa compacta'!$A$11:$O$1018,13,0),"") -> 5667 | G41: =IFERROR(IF(VLOOKUP($D41,'Tarifa compacta'!$A$11:$O$1018,15,0)=0,"",VLOOKUP($D41,'Tarifa compacta'!$A$11:$O$1018,15,0)),"") | H41: =IFERROR(IF(VLOOKUP($D41,'Tarifa compacta'!$A$11:$O$1018,12,0)=0,"",VLOOKUP($D41,'Tarifa compacta'!$A$11:$O$1018,12,0)),"")
C42: =IFERROR(VLOOKUP(D42,'Tarifa compacta'!A:C,2,FALSE),"-") -> 5025232976980 | D42: WH-ADC0316M9E83 | E42: =+VLOOKUP($D42,'Tarifa compacta'!$A:$G,7,0) -> Aquarea all in one hidrosplit serie M 9-16 kW con resistencia de 9 kW 3ph 260 L | F42: =+IFERROR(VLOOKUP($D42,'Tarifa compacta'!$A$11:$O$1018,13,0),"") -> 5838 | G42: =IFERROR(IF(VLOOKUP($D42,'Tarifa compacta'!$A$11:$O$1018,15,0)=0,"",VLOOKUP($D42,'Tarifa compacta'!$A$11:$O$1018,15,0)),"") | H42: =IFERROR(IF(VLOOKUP($D42,'Tarifa compacta'!$A$11:$O$1018,12,0)=0,"",VLOOKUP($D42,'Tarifa compacta'!$A$11:$O$1018,12,0)),"")
C43: =IFERROR(VLOOKUP(D43,'Tarifa compacta'!A:C,2,FALSE),"-") -> 5025232976997 | D43: WH-ADC0316M9E8AN3 | E43: =+VLOOKUP($D43,'Tarifa compacta'!$A:$G,7,0) -> Aquarea all in one hidrosplit serie M 9-16 kW con resistencia de 9 kW 3ph 260 L con ánodo electrónico | F43: =+IFERROR(VLOOKUP($D43,'Tarifa compacta'!$A$11:$O$1018,13,0),"") -> 6338 | G43: =IFERROR(IF(VLOOKUP($D43,'Tarifa compacta'!$A$11:$O$1018,15,0)=0,"",VLOOKUP($D43,'Tarifa compacta'!$A$11:$O$1018,15,0)),"") | H43: =IFERROR(IF(VLOOKUP($D43,'Tarifa compacta'!$A$11:$O$1018,12,0)=0,"",VLOOKUP($D43,'Tarifa compacta'!$A$11:$O$1018,12,0)),"")
D44: Unidades interiores Bi-bloc
C45: =IFERROR(VLOOKUP(D45,'Tarifa compacta'!A:C,2,FALSE),"-") -> 5025232984060 | D45: WH-SDC0916M3E5 | E45: =+VLOOKUP($D45,'Tarifa compacta'!$A:$G,7,0) -> Aquarea Hydrobox serie M 9-16 kW con resistencia de 3 kW de 1ph | F45: =+IFERROR(VLOOKUP($D45,'Tarifa compacta'!$A$11:$O$1018,13,0),"") -> 2834 | G45: =IFERROR(IF(VLOOKUP($D45,'Tarifa compacta'!$A$11:$O$1018,15,0)=0,"",VLOOKUP($D45,'Tarifa compacta'!$A$11:$O$1018,15,0)),"") | H45: =IFERROR(IF(VLOOKUP($D45,'Tarifa compacta'!$A$11:$O$1018,12,0)=0,"",VLOOKUP($D45,'Tarifa compacta'!$A$11:$O$1018,12,0)),"")
C46: =IFERROR(VLOOKUP(D46,'Tarifa compacta'!A:C,2,FALSE),"-") -> 5025232978496 | D46: WH-SDC0316M9E8 | E46: =+VLOOKUP($D46,'Tarifa compacta'!$A:$G,7,0) -> Aquarea Hydrobox serie M 9-16 kW con resistencia de 9 kW 3ph | F46: =+IFERROR(VLOOKUP($D46,'Tarifa compacta'!$A$11:$O$1018,13,0),"") -> 3055 | G46: =IFERROR(IF(VLOOKUP($D46,'Tarifa compacta'!$A$11:$O$1018,15,0)=0,"",VLOOKUP($D46,'Tarifa compacta'!$A$11:$O$1018,15,0)),"") | H46: =IFERROR(IF(VLOOKUP($D46,'Tarifa compacta'!$A$11:$O$1018,12,0)=0,"",VLOOKUP($D46,'Tarifa compacta'!$A$11:$O$1018,12,0)),"")
D47: Control box
C48: =IFERROR(VLOOKUP(D48,'Tarifa compacta'!A:C,2,FALSE),"-") -> 5025232974566 | D48: WH-CME5 | E48: =+VLOOKUP($D48,'Tarifa compacta'!$A:$G,7,0) -> Módulo de Control Aquarea serie M 1ph | F48: =+IFERROR(VLOOKUP($D48,'Tarifa compacta'!$A$11:$O$1018,13,0),"") -> 1725 | G48: =IFERROR(IF(VLOOKUP($D48,'Tarifa compacta'!$A$11:$O$1018,15,0)=0,"",VLOOKUP($D48,'Tarifa compacta'!$A$11:$O$1018,15,0)),"") | H48: =IFERROR(IF(VLOOKUP($D48,'Tarifa compacta'!$A$11:$O$1018,12,0)=0,"",VLOOKUP($D48,'Tarifa compacta'!$A$11:$O$1018,12,0)),"")
C49: =IFERROR(VLOOKUP(D49,'Tarifa compacta'!A:C,2,FALSE),"-") -> 5025232974573 | D49: WH-CME8 | E49: =+VLOOKUP($D49,'Tarifa compacta'!$A:$G,7,0) -> Módulo de Control Aquarea serie M 3ph | F49: =+IFERROR(VLOOKUP($D49,'Tarifa compacta'!$A$11:$O$1018,13,0),"") -> 1725 | G49: =IFERROR(IF(VLOOKUP($D49,'Tarifa compacta'!$A$11:$O$1018,15,0)=0,"",VLOOKUP($D49,'Tarifa compacta'!$A$11:$O$1018,15,0)),"") | H49: =IFERROR(IF(VLOOKUP($D49,'Tarifa compacta'!$A$11:$O$1018,12,0)=0,"",VLOOKUP($D49,'Tarifa compacta'!$A$11:$O$1018,12,0)),"")
D50: Control remoto (obligatorio para instalación de la unidad exterior sola)
C51: =IFERROR(VLOOKUP(D51,'Tarifa compacta'!A:C,2,FALSE),"-") -> 5025232979073 | D51: CZ-RTW2-1 | E51: =+VLOOKUP($D51,'Tarifa compacta'!$A:$G,7,0) -> Mando a distancia de la serie Aquarea M para control de la segunda zona | F51: =+IFERROR(VLOOKUP($D51,'Tarifa compacta'!$A$11:$O$1018,13,0),"") -> 323 | G51: =IFERROR(IF(VLOOKUP($D51,'Tarifa compacta'!$A$11:$O$1018,15,0)=0,"",VLOOKUP($D51,'Tarifa compacta'!$A$11:$O$1018,15,0)),"") | H51: =IFERROR(IF(VLOOKUP($D51,'Tarifa compacta'!$A$11:$O$1018,12,0)=0,"",VLOOKUP($D51,'Tarifa compacta'!$A$11:$O$1018,12,0)),"")
C52: =IFERROR(VLOOKUP(D52,'Tarifa compacta'!A:C,2,FALSE),"-") -> 5025232932061 | D52: CZ-TAW1B | E52: =+VLOOKUP($D52,'Tarifa compacta'!$A:$G,7,0) -> Adaptador Wi-Fi o WLAN opcional para servicios en la nube | F52: =+IFERROR(VLOOKUP($D52,'Tarifa compacta'!$A$11:$O$1018,13,0),"") -> 156 | G52: =IFERROR(IF(VLOOKUP($D52,'Tarifa compacta'!$A$11:$O$1018,15,0)=0,"",VLOOKUP($D52,'Tarifa compacta'!$A$11:$O$1018,15,0)),"") | H52: =IFERROR(IF(VLOOKUP($D52,'Tarifa compacta'!$A$11:$O$1018,12,0)=0,"",VLOOKUP($D52,'Tarifa compacta'!$A$11:$O$1018,12,0)),"") | I52: Hasta finalizar existencias
C53: =IFERROR(VLOOKUP(D53,'Tarifa compacta'!A:C,2,FALSE),"-") -> 5025232985357 | D53: CZ-TAW1-CBL | E53: =+VLOOKUP($D53,'Tarifa compacta'!$A:$G,7,0) -> Cable de extensión de 10 m para CZ-TAW1B | F53: =+IFERROR(VLOOKUP($D53,'Tarifa compacta'!$A$11:$O$1018,13,0),"") -> 67 | G53: =IFERROR(IF(VLOOKUP($D53,'Tarifa compacta'!$A$11:$O$1018,15,0)=0,"",VLOOKUP($D53,'Tarifa compacta'!$A$11:$O$1018,15,0)),"") | H53: =IFERROR(IF(VLOOKUP($D53,'Tarifa compacta'!$A$11:$O$1018,12,0)=0,"",VLOOKUP($D53,'Tarifa compacta'!$A$11:$O$1018,12,0)),"")
B54: NUEVO | C54: =IFERROR(VLOOKUP(D54,'Tarifa compacta'!A:C,2,FALSE),"-") -> 5025232986149 | D54: CZ-RTW2TAW2 | E54: =+VLOOKUP($D54,'Tarifa compacta'!$A:$G,7,0) -> Conjunto de control y Cloud para Aquarea Serie M | F54: =+IFERROR(VLOOKUP($D54,'Tarifa compacta'!$A$11:$O$1018,13,0),"") -> 546 | G54: =IFERROR(IF(VLOOKUP($D54,'Tarifa compacta'!$A$11:$O$1018,15,0)=0,"",VLOOKUP($D54,'Tarifa compacta'!$A$11:$O$1018,15,0)),"") | H54: =IFERROR(IF(VLOOKUP($D54,'Tarifa compacta'!$A$11:$O$1018,12,0)=0,"",VLOOKUP($D54,'Tarifa compacta'!$A$11:$O$1018,12,0)),"") -> 46357
D55: Aquarea High Performance Monobloc Serie J, Monofásico. Calefacción y Refrigeración - MDC • R32
C56: =IFERROR(VLOOKUP(D56,'Tarifa compacta'!A:C,2,FALSE),"-") -> 5025232989416 | D56: WH-MDC05J3E5-1 | E56: =+VLOOKUP($D56,'Tarifa compacta'!$A:$G,7,0) -> Aquarea High Performance J serie 5 kW 1ph monobloc gris oscuro | F56: =+IFERROR(VLOOKUP($D56,'Tarifa compacta'!$A$11:$O$1018,13,0),"") -> 3468 | G56: =IFERROR(IF(VLOOKUP($D56,'Tarifa compacta'!$A$11:$O$1018,15,0)=0,"",VLOOKUP($D56,'Tarifa compacta'!$A$11:$O$1018,15,0)),"") | H56: =IFERROR(IF(VLOOKUP($D56,'Tarifa compacta'!$A$11:$O$1018,12,0)=0,"",VLOOKUP($D56,'Tarifa compacta'!$A$11:$O$1018,12,0)),"") | I56: Hasta finalizar existencias Modelo afectado por normativa F-GAS a partir del 1 de Enero de 2027
C57: =IFERROR(VLOOKUP(D57,'Tarifa compacta'!A:C,2,FALSE),"-") -> 5025232989423 | D57: WH-MDC07J3E5-1 | E57: =+VLOOKUP($D57,'Tarifa compacta'!$A:$G,7,0) -> Aquarea High Performance J serie 7 kW 1ph monobloc gris oscuro | F57: =+IFERROR(VLOOKUP($D57,'Tarifa compacta'!$A$11:$O$1018,13,0),"") -> 4743 | G57: =IFERROR(IF(VLOOKUP($D57,'Tarifa compacta'!$A$11:$O$1018,15,0)=0,"",VLOOKUP($D57,'Tarifa compacta'!$A$11:$O$1018,15,0)),"") | H57: =IFERROR(IF(VLOOKUP($D57,'Tarifa compacta'!$A$11:$O$1018,12,0)=0,"",VLOOKUP($D57,'Tarifa compacta'!$A$11:$O$1018,12,0)),"") | I57: Hasta finalizar existencias Modelo afectado por normativa F-GAS a partir del 1 de Enero de 2027
C58: =IFERROR(VLOOKUP(D58,'Tarifa compacta'!A:C,2,FALSE),"-") -> 5025232989430 | D58: WH-MDC09J3E5-1 | E58: =+VLOOKUP($D58,'Tarifa compacta'!$A:$G,7,0) -> Aquarea High Performance J serie 9 kW 1ph monobloc gris oscuro | F58: =+IFERROR(VLOOKUP($D58,'Tarifa compacta'!$A$11:$O$1018,13,0),"") -> 5519 | G58: =IFERROR(IF(VLOOKUP($D58,'Tarifa compacta'!$A$11:$O$1018,15,0)=0,"",VLOOKUP($D58,'Tarifa compacta'!$A$11:$O$1018,15,0)),"") | H58: =IFERROR(IF(VLOOKUP($D58,'Tarifa compacta'!$A$11:$O$1018,12,0)=0,"",VLOOKUP($D58,'Tarifa compacta'!$A$11:$O$1018,12,0)),"") | I58: Hasta finalizar existencias Modelo afectado por normativa F-GAS a partir del 1 de Enero de 2027
D59: Aquarea T-CAP Serie M, Monofásico y Trifásico. Calefacción y Refrigeración • R290
D60: Unidades exteriores
C61: =IFERROR(VLOOKUP(D61,'Tarifa compacta'!A:C,2,FALSE),"-") -> 5025232979011 | D61: WH-WXG09ME5 | E61: =+VLOOKUP($D61,'Tarifa compacta'!$A:$G,7,0) -> Aquarea T-CAP serie M R290 unidad exterior de 9 kW 1ph | F61: =+IFERROR(VLOOKUP($D61,'Tarifa compacta'!$A$11:$O$1018,13,0),"") -> 8536 | G61: =IFERROR(IF(VLOOKUP($D61,'Tarifa compacta'!$A$11:$O$1018,15,0)=0,"",VLOOKUP($D61,'Tarifa compacta'!$A$11:$O$1018,15,0)),"") | H61: =IFERROR(IF(VLOOKUP($D61,'Tarifa compacta'!$A$11:$O$1018,12,0)=0,"",VLOOKUP($D61,'Tarifa compacta'!$A$11:$O$1018,12,0)),"")
C62: =IFERROR(VLOOKUP(D62,'Tarifa compacta'!A:C,2,FALSE),"-") -> 5025232979028 | D62: WH-WXG12ME5 | E62: =+VLOOKUP($D62,'Tarifa compacta'!$A:$G,7,0) -> Aquarea T-CAP serie M R290 unidad exterior 12 kW 1ph | F62: =+IFERROR(VLOOKUP($D62,'Tarifa compacta'!$A$11:$O$1018,13,0),"") -> 9291 | G62: =IFERROR(IF(VLOOKUP($D62,'Tarifa compacta'!$A$11:$O$1018,15,0)=0,"",VLOOKUP($D62,'Tarifa compacta'!$A$11:$O$1018,15,0)),"") | H62: =IFERROR(IF(VLOOKUP($D62,'Tarifa compacta'!$A$11:$O$1018,12,0)=0,"",VLOOKUP($D62,'Tarifa compacta'!$A$11:$O$1018,12,0)),"")
C63: =IFERROR(VLOOKUP(D63,'Tarifa compacta'!A:C,2,FALSE),"-") -> 5025232968701 | D63: WH-WXG09ME8 | E63: =+VLOOKUP($D63,'Tarifa compacta'!$A:$G,7,0) -> Aquarea T-CAP serie M R290 unidad exterior de 9 kW 3ph | F63: =+IFERROR(VLOOKUP($D63,'Tarifa compacta'!$A$11:$O$1018,13,0),"") -> 9163 | G63: =IFERROR(IF(VLOOKUP($D63,'Tarifa compacta'!$A$11:$O$1018,15,0)=0,"",VLOOKUP($D63,'Tarifa compacta'!$A$11:$O$1018,15,0)),"") | H63: =IFERROR(IF(VLOOKUP($D63,'Tarifa compacta'!$A$11:$O$1018,12,0)=0,"",VLOOKUP($D63,'Tarifa compacta'!$A$11:$O$1018,12,0)),"")
C64: =IFERROR(VLOOKUP(D64,'Tarifa compacta'!A:C,2,FALSE),"-") -> 5025232968718 | D64: WH-WXG12ME8 | E64: =+VLOOKUP($D64,'Tarifa compacta'!$A:$G,7,0) -> Aquarea T-CAP serie M R290 unidad exterior 12 kW 3ph | F64: =+IFERROR(VLOOKUP($D64,'Tarifa compacta'!$A$11:$O$1018,13,0),"") -> 10658 | G64: =IFERROR(IF(VLOOKUP($D64,'Tarifa compacta'!$A$11:$O$1018,15,0)=0,"",VLOOKUP($D64,'Tarifa compacta'!$A$11:$O$1018,15,0)),"") | H64: =IFERROR(IF(VLOOKUP($D64,'Tarifa compacta'!$A$11:$O$1018,12,0)=0,"",VLOOKUP($D64,'Tarifa compacta'!$A$11:$O$1018,12,0)),"")
C65: =IFERROR(VLOOKUP(D65,'Tarifa compacta'!A:C,2,FALSE),"-") -> 5025232968725 | D65: WH-WXG16ME8 | E65: =+VLOOKUP($D65,'Tarifa compacta'!$A:$G,7,0) -> Aquarea T-CAP serie M R290 unidad exterior 16 kW 3ph | F65: =+IFERROR(VLOOKUP($D65,'Tarifa compacta'!$A$11:$O$1018,13,0),"") -> 12179 | G65: =IFERROR(IF(VLOOKUP($D65,'Tarifa compacta'!$A$11:$O$1018,15,0)=0,"",VLOOKUP($D65,'Tarifa compacta'!$A$11:$O$1018,15,0)),"") | H65: =IFERROR(IF(VLOOKUP($D65,'Tarifa compacta'!$A$11:$O$1018,12,0)=0,"",VLOOKUP($D65,'Tarifa compacta'!$A$11:$O$1018,12,0)),"")
C66: =IFERROR(VLOOKUP(D66,'Tarifa compacta'!A:C,2,FALSE),"-") -> 5025232968541 | D66: WH-WXG20ME8 | E66: =+VLOOKUP($D66,'Tarifa compacta'!$A:$G,7,0) -> Big Aquarea T-CAP serie M R290 unidad exterior de 20 kW 3ph | F66: =+IFERROR(VLOOKUP($D66,'Tarifa compacta'!$A$11:$O$1018,13,0),"") -> 18693 | G66: =IFERROR(IF(VLOOKUP($D66,'Tarifa compacta'!$A$11:$O$1018,15,0)=0,"",VLOOKUP($D66,'Tarifa compacta'!$A$11:$O$1018,15,0)),"") | H66: =IFERROR(IF(VLOOKUP($D66,'Tarifa compacta'!$A$11:$O$1018,12,0)=0,"",VLOOKUP($D66,'Tarifa compacta'!$A$11:$O$1018,12,0)),"")
C67: =IFERROR(VLOOKUP(D67,'Tarifa compacta'!A:C,2,FALSE),"-") -> 5025232968558 | D67: WH-WXG25ME8 | E67: =+VLOOKUP($D67,'Tarifa compacta'!$A:$G,7,0) -> Big Aquarea T-CAP serie M R290 unidad exterior 25 kW 3ph | F67: =+IFERROR(VLOOKUP($D67,'Tarifa compacta'!$A$11:$O$1018,13,0),"") -> 22164 | G67: =IFERROR(IF(VLOOKUP($D67,'Tarifa compacta'!$A$11:$O$1018,15,0)=0,"",VLOOKUP($D67,'Tarifa compacta'!$A$11:$O$1018,15,0)),"") | H67: =IFERROR(IF(VLOOKUP($D67,'Tarifa compacta'!$A$11:$O$1018,12,0)=0,"",VLOOKUP($D67,'Tarifa compacta'!$A$11:$O$1018,12,0)),"")
C68: =IFERROR(VLOOKUP(D68,'Tarifa compacta'!A:C,2,FALSE),"-") -> 5025232968565 | D68: WH-WXG30ME8 | E68: =+VLOOKUP($D68,'Tarifa compacta'!$A:$G,7,0) -> Big Aquarea T-CAP serie M R290 unidad exterior 30 kW 3ph | F68: =+IFERROR(VLOOKUP($D68,'Tarifa compacta'!$A$11:$O$1018,13,0),"") -> 24877 | G68: =IFERROR(IF(VLOOKUP($D68,'Tarifa compacta'!$A$11:$O$1018,15,0)=0,"",VLOOKUP($D68,'Tarifa compacta'!$A$11:$O$1018,15,0)),"") | H68: =IFERROR(IF(VLOOKUP($D68,'Tarifa compacta'!$A$11:$O$1018,12,0)=0,"",VLOOKUP($D68,'Tarifa compacta'!$A$11:$O$1018,12,0)),"")
D69: Unidades interiores All-in-One 120 L
C70: =IFERROR(VLOOKUP(D70,'Tarifa compacta'!A:C,2,FALSE),"-") -> 5025232986170 | D70: WH-ADC0916M3E51 | E70: =+VLOOKUP($D70,'Tarifa compacta'!$A:$G,7,0) -> Aquarea all in one hidrosplit serie M 9-16 kW con resistencia de 3 kW 1ph 120 L | F70: =+IFERROR(VLOOKUP($D70,'Tarifa compacta'!$A$11:$O$1018,13,0),"") -> 4880 | G70: =IFERROR(IF(VLOOKUP($D70,'Tarifa compacta'!$A$11:$O$1018,15,0)=0,"",VLOOKUP($D70,'Tarifa compacta'!$A$11:$O$1018,15,0)),"") | H70: =IFERROR(IF(VLOOKUP($D70,'Tarifa compacta'!$A$11:$O$1018,12,0)=0,"",VLOOKUP($D70,'Tarifa compacta'!$A$11:$O$1018,12,0)),"")
C71: =IFERROR(VLOOKUP(D71,'Tarifa compacta'!A:C,2,FALSE),"-") -> 5025232986156 | D71: WH-ADC0316M9E81 | E71: =+VLOOKUP($D71,'Tarifa compacta'!$A:$G,7,0) -> Aquarea all in one hidrosplit M serie 9-16 kW con resistencia de 9 kW 3ph 120 L | F71: =+IFERROR(VLOOKUP($D71,'Tarifa compacta'!$A$11:$O$1018,13,0),"") -> 4433 | G71: =IFERROR(IF(VLOOKUP($D71,'Tarifa compacta'!$A$11:$O$1018,15,0)=0,"",VLOOKUP($D71,'Tarifa compacta'!$A$11:$O$1018,15,0)),"") | H71: =IFERROR(IF(VLOOKUP($D71,'Tarifa compacta'!$A$11:$O$1018,12,0)=0,"",VLOOKUP($D71,'Tarifa compacta'!$A$11:$O$1018,12,0)),"")
D72: Unidades interiores All-in-One 185 L
C73: =IFERROR(VLOOKUP(D73,'Tarifa compacta'!A:C,2,FALSE),"-") -> 5025232978571 | D73: WH-ADC0916M3E52 | E73: =+VLOOKUP($D73,'Tarifa compacta'!$A:$G,7,0) -> Aquarea all in one hidrosplit serie M 9-16 kW con resistencia de 3 kW 1ph 185 L | F73: =+IFERROR(VLOOKUP($D73,'Tarifa compacta'!$A$11:$O$1018,13,0),"") -> 5030 | G73: =IFERROR(IF(VLOOKUP($D73,'Tarifa compacta'!$A$11:$O$1018,15,0)=0,"",VLOOKUP($D73,'Tarifa compacta'!$A$11:$O$1018,15,0)),"") | H73: =IFERROR(IF(VLOOKUP($D73,'Tarifa compacta'!$A$11:$O$1018,12,0)=0,"",VLOOKUP($D73,'Tarifa compacta'!$A$11:$O$1018,12,0)),"")
C74: =IFERROR(VLOOKUP(D74,'Tarifa compacta'!A:C,2,FALSE),"-") -> 5025232978588 | D74: WH-ADC0916M3E5AN2 | E74: =+VLOOKUP($D74,'Tarifa compacta'!$A:$G,7,0) -> Aquarea all in one hidrosplit serie M 9-16 kW con resistencia de 3 kW 1ph 185 L con ánodo electrónico | F74: =+IFERROR(VLOOKUP($D74,'Tarifa compacta'!$A$11:$O$1018,13,0),"") -> 5516 | G74: =IFERROR(IF(VLOOKUP($D74,'Tarifa compacta'!$A$11:$O$1018,15,0)=0,"",VLOOKUP($D74,'Tarifa compacta'!$A$11:$O$1018,15,0)),"") | H74: =IFERROR(IF(VLOOKUP($D74,'Tarifa compacta'!$A$11:$O$1018,12,0)=0,"",VLOOKUP($D74,'Tarifa compacta'!$A$11:$O$1018,12,0)),"")
C75: =IFERROR(VLOOKUP(D75,'Tarifa compacta'!A:C,2,FALSE),"-") -> 5025232968688 | D75: WH-ADC0316M9E82 | E75: =+VLOOKUP($D75,'Tarifa compacta'!$A:$G,7,0) -> Aquarea all in one hidrosplit serie M 3-16 kW con resistencia de 9 kW 3ph 185 L | F75: =+IFERROR(VLOOKUP($D75,'Tarifa compacta'!$A$11:$O$1018,13,0),"") -> 5222 | G75: =IFERROR(IF(VLOOKUP($D75,'Tarifa compacta'!$A$11:$O$1018,15,0)=0,"",VLOOKUP($D75,'Tarifa compacta'!$A$11:$O$1018,15,0)),"") | H75: =IFERROR(IF(VLOOKUP($D75,'Tarifa compacta'!$A$11:$O$1018,12,0)=0,"",VLOOKUP($D75,'Tarifa compacta'!$A$11:$O$1018,12,0)),"")
C76: =IFERROR(VLOOKUP(D76,'Tarifa compacta'!A:C,2,FALSE),"-") -> 5025232968695 | D76: WH-ADC0316M9E8AN2 | E76: =+VLOOKUP($D76,'Tarifa compacta'!$A:$G,7,0) -> Aquarea all in one hidrosplit serie M 3-16 kW con resistencia de 9 kW 3ph 185 L con ánodo electrónico | F76: =+IFERROR(VLOOKUP($D76,'Tarifa compacta'!$A$11:$O$1018,13,0),"") -> 5754 | G76: =IFERROR(IF(VLOOKUP($D76,'Tarifa compacta'!$A$11:$O$1018,15,0)=0,"",VLOOKUP($D76,'Tarifa compacta'!$A$11:$O$1018,15,0)),"") | H76: =IFERROR(IF(VLOOKUP($D76,'Tarifa compacta'!$A$11:$O$1018,12,0)=0,"",VLOOKUP($D76,'Tarifa compacta'!$A$11:$O$1018,12,0)),"")
D77: Unidades interiores All-in-One 260 L
C78: =IFERROR(VLOOKUP(D78,'Tarifa compacta'!A:C,2,FALSE),"-") -> 5025232977994 | D78: WH-ADC0916M3E53 | E78: =+VLOOKUP($D78,'Tarifa compacta'!$A:$G,7,0) -> Aquarea Hydrosplit M todo en uno, 9-16 kW con resistencia de 3 kW, 1 ph 260 L | F78: =+IFERROR(VLOOKUP($D78,'Tarifa compacta'!$A$11:$O$1018,13,0),"") -> 5285 | G78: =IFERROR(IF(VLOOKUP($D78,'Tarifa compacta'!$A$11:$O$1018,15,0)=0,"",VLOOKUP($D78,'Tarifa compacta'!$A$11:$O$1018,15,0)),"") | H78: =IFERROR(IF(VLOOKUP($D78,'Tarifa compacta'!$A$11:$O$1018,12,0)=0,"",VLOOKUP($D78,'Tarifa compacta'!$A$11:$O$1018,12,0)),"")
C79: =IFERROR(VLOOKUP(D79,'Tarifa compacta'!A:C,2,FALSE),"-") -> 5025232978007 | D79: WH-ADC0916M3E5AN3 | E79: =+VLOOKUP($D79,'Tarifa compacta'!$A:$G,7,0) -> Aquarea Hydrosplit M todo en uno, 9-16 kW con resistencia de 3 kW, 1 ph 260 L con ánodo electrónico | F79: =+IFERROR(VLOOKUP($D79,'Tarifa compacta'!$A$11:$O$1018,13,0),"") -> 5667 | G79: =IFERROR(IF(VLOOKUP($D79,'Tarifa compacta'!$A$11:$O$1018,15,0)=0,"",VLOOKUP($D79,'Tarifa compacta'!$A$11:$O$1018,15,0)),"") | H79: =IFERROR(IF(VLOOKUP($D79,'Tarifa compacta'!$A$11:$O$1018,12,0)=0,"",VLOOKUP($D79,'Tarifa compacta'!$A$11:$O$1018,12,0)),"")
C80: =IFERROR(VLOOKUP(D80,'Tarifa compacta'!A:C,2,FALSE),"-") -> 5025232976980 | D80: WH-ADC0316M9E83 | E80: =+VLOOKUP($D80,'Tarifa compacta'!$A:$G,7,0) -> Aquarea all in one hidrosplit serie M 9-16 kW con resistencia de 9 kW 3ph 260 L | F80: =+IFERROR(VLOOKUP($D80,'Tarifa compacta'!$A$11:$O$1018,13,0),"") -> 5838 | G80: =IFERROR(IF(VLOOKUP($D80,'Tarifa compacta'!$A$11:$O$1018,15,0)=0,"",VLOOKUP($D80,'Tarifa compacta'!$A$11:$O$1018,15,0)),"") | H80: =IFERROR(IF(VLOOKUP($D80,'Tarifa compacta'!$A$11:$O$1018,12,0)=0,"",VLOOKUP($D80,'Tarifa compacta'!$A$11:$O$1018,12,0)),"")
C81: =IFERROR(VLOOKUP(D81,'Tarifa compacta'!A:C,2,FALSE),"-") -> 5025232976997 | D81: WH-ADC0316M9E8AN3 | E81: =+VLOOKUP($D81,'Tarifa compacta'!$A:$G,7,0) -> Aquarea all in one hidrosplit serie M 9-16 kW con resistencia de 9 kW 3ph 260 L con ánodo electrónico | F81: =+IFERROR(VLOOKUP($D81,'Tarifa compacta'!$A$11:$O$1018,13,0),"") -> 6338 | G81: =IFERROR(IF(VLOOKUP($D81,'Tarifa compacta'!$A$11:$O$1018,15,0)=0,"",VLOOKUP($D81,'Tarifa compacta'!$A$11:$O$1018,15,0)),"") | H81: =IFERROR(IF(VLOOKUP($D81,'Tarifa compacta'!$A$11:$O$1018,12,0)=0,"",VLOOKUP($D81,'Tarifa compacta'!$A$11:$O$1018,12,0)),"")
D82: Unidades interiores Bi-bloc
C83: =IFERROR(VLOOKUP(D83,'Tarifa compacta'!A:C,2,FALSE),"-") -> 5025232984060 | D83: WH-SDC0916M3E5 | E83: =+VLOOKUP($D83,'Tarifa compacta'!$A:$G,7,0) -> Aquarea Hydrobox serie M 9-16 kW con resistencia de 3 kW de 1ph | F83: =+IFERROR(VLOOKUP($D83,'Tarifa compacta'!$A$11:$O$1018,13,0),"") -> 2834 | G83: =IFERROR(IF(VLOOKUP($D83,'Tarifa compacta'!$A$11:$O$1018,15,0)=0,"",VLOOKUP($D83,'Tarifa compacta'!$A$11:$O$1018,15,0)),"") | H83: =IFERROR(IF(VLOOKUP($D83,'Tarifa compacta'!$A$11:$O$1018,12,0)=0,"",VLOOKUP($D83,'Tarifa compacta'!$A$11:$O$1018,12,0)),"")
C84: =IFERROR(VLOOKUP(D84,'Tarifa compacta'!A:C,2,FALSE),"-") -> 5025232978496 | D84: WH-SDC0316M9E8 | E84: =+VLOOKUP($D84,'Tarifa compacta'!$A:$G,7,0) -> Aquarea Hydrobox serie M 9-16 kW con resistencia de 9 kW 3ph | F84: =+IFERROR(VLOOKUP($D84,'Tarifa compacta'!$A$11:$O$1018,13,0),"") -> 3055 | G84: =IFERROR(IF(VLOOKUP($D84,'Tarifa compacta'!$A$11:$O$1018,15,0)=0,"",VLOOKUP($D84,'Tarifa compacta'!$A$11:$O$1018,15,0)),"") | H84: =IFERROR(IF(VLOOKUP($D84,'Tarifa compacta'!$A$11:$O$1018,12,0)=0,"",VLOOKUP($D84,'Tarifa compacta'!$A$11:$O$1018,12,0)),"")
D85: Control box
C86: =IFERROR(VLOOKUP(D86,'Tarifa compacta'!A:C,2,FALSE),"-") -> 5025232974566 | D86: WH-CME5 | E86: =+VLOOKUP($D86,'Tarifa compacta'!$A:$G,7,0) -> Módulo de Control Aquarea serie M 1ph | F86: =+IFERROR(VLOOKUP($D86,'Tarifa compacta'!$A$11:$O$1018,13,0),"") -> 1725 | G86: =IFERROR(IF(VLOOKUP($D86,'Tarifa compacta'!$A$11:$O$1018,15,0)=0,"",VLOOKUP($D86,'Tarifa compacta'!$A$11:$O$1018,15,0)),"") | H86: =IFERROR(IF(VLOOKUP($D86,'Tarifa compacta'!$A$11:$O$1018,12,0)=0,"",VLOOKUP($D86,'Tarifa compacta'!$A$11:$O$1018,12,0)),"")
C87: =IFERROR(VLOOKUP(D87,'Tarifa compacta'!A:C,2,FALSE),"-") -> 5025232974573 | D87: WH-CME8 | E87: =+VLOOKUP($D87,'Tarifa compacta'!$A:$G,7,0) -> Módulo de Control Aquarea serie M 3ph | F87: =+IFERROR(VLOOKUP($D87,'Tarifa compacta'!$A$11:$O$1018,13,0),"") -> 1725 | G87: =IFERROR(IF(VLOOKUP($D87,'Tarifa compacta'!$A$11:$O$1018,15,0)=0,"",VLOOKUP($D87,'Tarifa compacta'!$A$11:$O$1018,15,0)),"") | H87: =IFERROR(IF(VLOOKUP($D87,'Tarifa compacta'!$A$11:$O$1018,12,0)=0,"",VLOOKUP($D87,'Tarifa compacta'!$A$11:$O$1018,12,0)),"")
C88: =IFERROR(VLOOKUP(D88,'Tarifa compacta'!A:C,2,FALSE),"-") -> 5025232979189 | D88: WH-CME8L | E88: =+VLOOKUP($D88,'Tarifa compacta'!$A:$G,7,0) -> Módulo de Control Big Aquarea serie M 3ph | F88: =+IFERROR(VLOOKUP($D88,'Tarifa compacta'!$A$11:$O$1018,13,0),"") -> 1899 | G88: =IFERROR(IF(VLOOKUP($D88,'Tarifa compacta'!$A$11:$O$1018,15,0)=0,"",VLOOKUP($D88,'Tarifa compacta'!$A$11:$O$1018,15,0)),"") | H88: =IFERROR(IF(VLOOKUP($D88,'Tarifa compacta'!$A$11:$O$1018,12,0)=0,"",VLOOKUP($D88,'Tarifa compacta'!$A$11:$O$1018,12,0)),"")
D89: Control remoto (obligatorio para instalación de la unidad exterior sola)
C90: =IFERROR(VLOOKUP(D90,'Tarifa compacta'!A:C,2,FALSE),"-") -> 5025232979073 | D90: CZ-RTW2-1 | E90: =+VLOOKUP($D90,'Tarifa compacta'!$A:$G,7,0) -> Mando a distancia de la serie Aquarea M para control de la segunda zona | F90: =+IFERROR(VLOOKUP($D90,'Tarifa compacta'!$A$11:$O$1018,13,0),"") -> 323 | G90: =IFERROR(IF(VLOOKUP($D90,'Tarifa compacta'!$A$11:$O$1018,15,0)=0,"",VLOOKUP($D90,'Tarifa compacta'!$A$11:$O$1018,15,0)),"") | H90: =IFERROR(IF(VLOOKUP($D90,'Tarifa compacta'!$A$11:$O$1018,12,0)=0,"",VLOOKUP($D90,'Tarifa compacta'!$A$11:$O$1018,12,0)),"")
C91: =IFERROR(VLOOKUP(D91,'Tarifa compacta'!A:C,2,FALSE),"-") -> 5025232932061 | D91: CZ-TAW1B | E91: =+VLOOKUP($D91,'Tarifa compacta'!$A:$G,7,0) -> Adaptador Wi-Fi o WLAN opcional para servicios en la nube | F91: =+IFERROR(VLOOKUP($D91,'Tarifa compacta'!$A$11:$O$1018,13,0),"") -> 156 | G91: =IFERROR(IF(VLOOKUP($D91,'Tarifa compacta'!$A$11:$O$1018,15,0)=0,"",VLOOKUP($D91,'Tarifa compacta'!$A$11:$O$1018,15,0)),"") | H91: =IFERROR(IF(VLOOKUP($D91,'Tarifa compacta'!$A$11:$O$1018,12,0)=0,"",VLOOKUP($D91,'Tarifa compacta'!$A$11:$O$1018,12,0)),"")
C92: =IFERROR(VLOOKUP(D92,'Tarifa compacta'!A:C,2,FALSE),"-") -> 5025232985357 | D92: CZ-TAW1-CBL | E92: =+VLOOKUP($D92,'Tarifa compacta'!$A:$G,7,0) -> Cable de extensión de 10 m para CZ-TAW1B | F92: =+IFERROR(VLOOKUP($D92,'Tarifa compacta'!$A$11:$O$1018,13,0),"") -> 67 | G92: =IFERROR(IF(VLOOKUP($D92,'Tarifa compacta'!$A$11:$O$1018,15,0)=0,"",VLOOKUP($D92,'Tarifa compacta'!$A$11:$O$1018,15,0)),"") | H92: =IFERROR(IF(VLOOKUP($D92,'Tarifa compacta'!$A$11:$O$1018,12,0)=0,"",VLOOKUP($D92,'Tarifa compacta'!$A$11:$O$1018,12,0)),"")
B93: NUEVO | C93: =IFERROR(VLOOKUP(D93,'Tarifa compacta'!A:C,2,FALSE),"-") -> 5025232986149 | D93: CZ-RTW2TAW2 | E93: =+VLOOKUP($D93,'Tarifa compacta'!$A:$G,7,0) -> Conjunto de control y Cloud para Aquarea Serie M | F93: =+IFERROR(VLOOKUP($D93,'Tarifa compacta'!$A$11:$O$1018,13,0),"") -> 546 | G93: =IFERROR(IF(VLOOKUP($D93,'Tarifa compacta'!$A$11:$O$1018,15,0)=0,"",VLOOKUP($D93,'Tarifa compacta'!$A$11:$O$1018,15,0)),"") | H93: =IFERROR(IF(VLOOKUP($D93,'Tarifa compacta'!$A$11:$O$1018,12,0)=0,"",VLOOKUP($D93,'Tarifa compacta'!$A$11:$O$1018,12,0)),"") -> 46357
D94: Aquarea T‑CAP Monobloc Serie J Monofásico / Trifásico. Calefacción y Refrigeración- MXC • R32
C95: =IFERROR(VLOOKUP(D95,'Tarifa compacta'!A:C,2,FALSE),"-") -> 5025232962297 | D95: WH-MXC09J3E5-1 | E95: =+VLOOKUP($D95,'Tarifa compacta'!$A:$G,7,0) -> Unidad exterior monobloc Aquarea T-CAP J serie 9 kW 1ph | F95: =+IFERROR(VLOOKUP($D95,'Tarifa compacta'!$A$11:$O$1018,13,0),"") -> 7752 | G95: =IFERROR(IF(VLOOKUP($D95,'Tarifa compacta'!$A$11:$O$1018,15,0)=0,"",VLOOKUP($D95,'Tarifa compacta'!$A$11:$O$1018,15,0)),"") | H95: =IFERROR(IF(VLOOKUP($D95,'Tarifa compacta'!$A$11:$O$1018,12,0)=0,"",VLOOKUP($D95,'Tarifa compacta'!$A$11:$O$1018,12,0)),"") | I95: Hasta finalizar existencias Modelo afectado por normativa F-GAS a partir del 1 de Enero de 2027
C96: =IFERROR(VLOOKUP(D96,'Tarifa compacta'!A:C,2,FALSE),"-") -> 5025232962310 | D96: WH-MXC12J6E5-1 | E96: =+VLOOKUP($D96,'Tarifa compacta'!$A:$G,7,0) -> Unidad exterior Aquarea T-CAP J serie 12 kW 1ph monobloc | F96: =+IFERROR(VLOOKUP($D96,'Tarifa compacta'!$A$11:$O$1018,13,0),"") -> 8176 | G96: =IFERROR(IF(VLOOKUP($D96,'Tarifa compacta'!$A$11:$O$1018,15,0)=0,"",VLOOKUP($D96,'Tarifa compacta'!$A$11:$O$1018,15,0)),"") | H96: =IFERROR(IF(VLOOKUP($D96,'Tarifa compacta'!$A$11:$O$1018,12,0)=0,"",VLOOKUP($D96,'Tarifa compacta'!$A$11:$O$1018,12,0)),"") | I96: Hasta finalizar existencias Modelo afectado por normativa F-GAS a partir del 1 de Enero de 2027
C97: =IFERROR(VLOOKUP(D97,'Tarifa compacta'!A:C,2,FALSE),"-") -> 5025232962303 | D97: WH-MXC09J3E8-1 | E97: =+VLOOKUP($D97,'Tarifa compacta'!$A:$G,7,0) -> Unidad exterior Aquarea T-CAP J serie 9 kW 3ph monobloc | F97: =+IFERROR(VLOOKUP($D97,'Tarifa compacta'!$A$11:$O$1018,13,0),"") -> 7911 | G97: =IFERROR(IF(VLOOKUP($D97,'Tarifa compacta'!$A$11:$O$1018,15,0)=0,"",VLOOKUP($D97,'Tarifa compacta'!$A$11:$O$1018,15,0)),"") | H97: =IFERROR(IF(VLOOKUP($D97,'Tarifa compacta'!$A$11:$O$1018,12,0)=0,"",VLOOKUP($D97,'Tarifa compacta'!$A$11:$O$1018,12,0)),"") | I97: Hasta finalizar existencias Modelo afectado por normativa F-GAS a partir del 1 de Enero de 2027
C98: =IFERROR(VLOOKUP(D98,'Tarifa compacta'!A:C,2,FALSE),"-") -> 5025232962327 | D98: WH-MXC12J9E8-1 | E98: =+VLOOKUP($D98,'Tarifa compacta'!$A:$G,7,0) -> Unidad exterior Aquarea T-CAP J serie 12 kW 3ph monobloc | F98: =+IFERROR(VLOOKUP($D98,'Tarifa compacta'!$A$11:$O$1018,13,0),"") -> 8772 | G98: =IFERROR(IF(VLOOKUP($D98,'Tarifa compacta'!$A$11:$O$1018,15,0)=0,"",VLOOKUP($D98,'Tarifa compacta'!$A$11:$O$1018,15,0)),"") | H98: =IFERROR(IF(VLOOKUP($D98,'Tarifa compacta'!$A$11:$O$1018,12,0)=0,"",VLOOKUP($D98,'Tarifa compacta'!$A$11:$O$1018,12,0)),"") | I98: Hasta finalizar existencias Modelo afectado por normativa F-GAS a partir del 1 de Enero de 2027
C99: =IFERROR(VLOOKUP(D99,'Tarifa compacta'!A:C,2,FALSE),"-") -> 5025232962334 | D99: WH-MXC16J9E8-1 | E99: =+VLOOKUP($D99,'Tarifa compacta'!$A:$G,7,0) -> Unidad exterior monobloc Aquarea T-CAP J serie 16 kW 3ph | F99: =+IFERROR(VLOOKUP($D99,'Tarifa compacta'!$A$11:$O$1018,13,0),"") -> 10180 | G99: =IFERROR(IF(VLOOKUP($D99,'Tarifa compacta'!$A$11:$O$1018,15,0)=0,"",VLOOKUP($D99,'Tarifa compacta'!$A$11:$O$1018,15,0)),"") | H99: =IFERROR(IF(VLOOKUP($D99,'Tarifa compacta'!$A$11:$O$1018,12,0)=0,"",VLOOKUP($D99,'Tarifa compacta'!$A$11:$O$1018,12,0)),"") | I99: Hasta finalizar existencias Modelo afectado por normativa F-GAS a partir del 1 de Enero de 2027
B100: Aquarea EcoFleX
D101: Aquarea EcoFleX (All in one + Unidad interior conducto) . Monofásico. Calefacción y Refrigeración · R32
C102: =IFERROR(VLOOKUP(D102,'Tarifa compacta'!A:C,2,FALSE),"-") -> 5025232925117 | D102: WH-ADF0309J3E5CM | E102: =+VLOOKUP($D102,'Tarifa compacta'!$A:$G,7,0) -> All in one Aquarea Ecoflex 1ph 185 L | F102: =+IFERROR(VLOOKUP($D102,'Tarifa compacta'!$A$11:$O$1018,13,0),"") -> 5579 | G102: =IFERROR(IF(VLOOKUP($D102,'Tarifa compacta'!$A$11:$O$1018,15,0)=0,"",VLOOKUP($D102,'Tarifa compacta'!$A$11:$O$1018,15,0)),"") | H102: =IFERROR(IF(VLOOKUP($D102,'Tarifa compacta'!$A$11:$O$1018,12,0)=0,"",VLOOKUP($D102,'Tarifa compacta'!$A$11:$O$1018,12,0)),"") | I102: Modelo afectado por normativa F-GAS a partir del 1 de Enero de 2027
C103: =IFERROR(VLOOKUP(D103,'Tarifa compacta'!A:C,2,FALSE),"-") -> 5025232925124 | D103: CU-2WZ71YBE5 | E103: =+VLOOKUP($D103,'Tarifa compacta'!$A:$G,7,0) -> Unidad exterior Aquarea Ecoflex 8kW 1ph (compatible con CU-2WZ71YBE5) | F103: =+IFERROR(VLOOKUP($D103,'Tarifa compacta'!$A$11:$O$1018,13,0),"") -> 3961 | G103: =IFERROR(IF(VLOOKUP($D103,'Tarifa compacta'!$A$11:$O$1018,15,0)=0,"",VLOOKUP($D103,'Tarifa compacta'!$A$11:$O$1018,15,0)),"") | H103: =IFERROR(IF(VLOOKUP($D103,'Tarifa compacta'!$A$11:$O$1018,12,0)=0,"",VLOOKUP($D103,'Tarifa compacta'!$A$11:$O$1018,12,0)),"")
...

Sheet FCU
B1: Fan Coils - Lista de precios 2026
B3: País | D3: España
B4: Divisa | D4: EUR
B5: Validez | D5: {=+'Tarifa compacta'!B6:C6} -> 46296 | E5: 0
B7: ='Tarifa compacta'!A8 -> * PVPR significa Precio de Venta al Público Recomendado. Los precios no incluyen IVA. Todos los precios están sujetos a cambios o retirada sin previo aviso.
C9: EAN | D9: Material | E9: Descripción | F9: PVPR* | G9: REEE | H9: Disponibilidad | I9: Comentarios
B10: Aquarea Air Smart Fan coils
D11: Aquarea Air Smart Fan Coil de suelo
C12: =IFERROR(VLOOKUP(D12,'Tarifa compacta'!A:C,2,FALSE),"-") -> 4010869593144 | D12: P-FAL10SC-HLE | E12: =+VLOOKUP($D12,'Tarifa compacta'!$A:$G,7,0) -> Fan coil de suelo. Pantalla a bordo. Tubería izquierda. Válvula integrada de 3 vías | F12: =+IFERROR(VLOOKUP($D12,'Tarifa compacta'!$A$11:$O$1018,13,0),"") -> 1222 | H12: =IFERROR(IF(VLOOKUP($D12,'Tarifa compacta'!$A$11:$O$1018,12,0)=0,"",VLOOKUP($D12,'Tarifa compacta'!$A$11:$O$1018,12,0)),"")
C13: =IFERROR(VLOOKUP(D13,'Tarifa compacta'!A:C,2,FALSE),"-") -> 4010869593168 | D13: P-FAL20SC-HLE | E13: =+VLOOKUP($D13,'Tarifa compacta'!$A:$G,7,0) -> Fan coil de suelo. Pantalla a bordo. Tubería izquierda. Válvula integrada de 3 vías | F13: =+IFERROR(VLOOKUP($D13,'Tarifa compacta'!$A$11:$O$1018,13,0),"") -> 1288 | H13: =IFERROR(IF(VLOOKUP($D13,'Tarifa compacta'!$A$11:$O$1018,12,0)=0,"",VLOOKUP($D13,'Tarifa compacta'!$A$11:$O$1018,12,0)),"")
C14: =IFERROR(VLOOKUP(D14,'Tarifa compacta'!A:C,2,FALSE),"-") -> 4010869593182 | D14: P-FAL30SC-HLE | E14: =+VLOOKUP($D14,'Tarifa compacta'!$A:$G,7,0) -> Fan coil de suelo. Pantalla a bordo. Tubería izquierda. Válvula integrada de 3 vías | F14: =+IFERROR(VLOOKUP($D14,'Tarifa compacta'!$A$11:$O$1018,13,0),"") -> 1417 | H14: =IFERROR(IF(VLOOKUP($D14,'Tarifa compacta'!$A$11:$O$1018,12,0)=0,"",VLOOKUP($D14,'Tarifa compacta'!$A$11:$O$1018,12,0)),"")
C15: =IFERROR(VLOOKUP(D15,'Tarifa compacta'!A:C,2,FALSE),"-") -> 4010869593205 | D15: P-FAL35SC-HLE | E15: =+VLOOKUP($D15,'Tarifa compacta'!$A:$G,7,0) -> Fan coil de suelo. Pantalla a bordo. Tubería izquierda. Válvula integrada de 3 vías | F15: =+IFERROR(VLOOKUP($D15,'Tarifa compacta'!$A$11:$O$1018,13,0),"") -> 1585 | H15: =IFERROR(IF(VLOOKUP($D15,'Tarifa compacta'!$A$11:$O$1018,12,0)=0,"",VLOOKUP($D15,'Tarifa compacta'!$A$11:$O$1018,12,0)),"")
C16: =IFERROR(VLOOKUP(D16,'Tarifa compacta'!A:C,2,FALSE),"-") -> 4010869593229 | D16: P-FAL40SC-HLE | E16: =+VLOOKUP($D16,'Tarifa compacta'!$A:$G,7,0) -> Fan coil de suelo. Pantalla a bordo. Tubería izquierda. Válvula integrada de 3 vías | F16: =+IFERROR(VLOOKUP($D16,'Tarifa compacta'!$A$11:$O$1018,13,0),"") -> 1715 | H16: =IFERROR(IF(VLOOKUP($D16,'Tarifa compacta'!$A$11:$O$1018,12,0)=0,"",VLOOKUP($D16,'Tarifa compacta'!$A$11:$O$1018,12,0)),"")
C17: =IFERROR(VLOOKUP(D17,'Tarifa compacta'!A:C,2,FALSE),"-") -> 4010869593151 | D17: P-FAL10SC-RLE | E17: =+VLOOKUP($D17,'Tarifa compacta'!$A:$G,7,0) -> Fan coil de suelo. Con PCB para control montado en la pared. Tubería izquierda. Válvula integrada de 3 vías | F17: =+IFERROR(VLOOKUP($D17,'Tarifa compacta'!$A$11:$O$1018,13,0),"") -> 1160 | H17: =IFERROR(IF(VLOOKUP($D17,'Tarifa compacta'!$A$11:$O$1018,12,0)=0,"",VLOOKUP($D17,'Tarifa compacta'!$A$11:$O$1018,12,0)),"")
C18: =IFERROR(VLOOKUP(D18,'Tarifa compacta'!A:C,2,FALSE),"-") -> 4010869593175 | D18: P-FAL20SC-RLE | E18: =+VLOOKUP($D18,'Tarifa compacta'!$A:$G,7,0) -> Fan coil de suelo. Con PCB para control montado en la pared. Tubería izquierda. Válvula integrada de 3 vías | F18: =+IFERROR(VLOOKUP($D18,'Tarifa compacta'!$A$11:$O$1018,13,0),"") -> 1222 | H18: =IFERROR(IF(VLOOKUP($D18,'Tarifa compacta'!$A$11:$O$1018,12,0)=0,"",VLOOKUP($D18,'Tarifa compacta'!$A$11:$O$1018,12,0)),"")
C19: =IFERROR(VLOOKUP(D19,'Tarifa compacta'!A:C,2,FALSE),"-") -> 4010869593199 | D19: P-FAL30SC-RLE | E19: =+VLOOKUP($D19,'Tarifa compacta'!$A:$G,7,0) -> Fan coil de suelo. Con PCB para control montado en la pared. Tubería izquierda. Válvula integrada de 3 vías | F19: =+IFERROR(VLOOKUP($D19,'Tarifa compacta'!$A$11:$O$1018,13,0),"") -> 1352 | H19: =IFERROR(IF(VLOOKUP($D19,'Tarifa compacta'!$A$11:$O$1018,12,0)=0,"",VLOOKUP($D19,'Tarifa compacta'!$A$11:$O$1018,12,0)),"")
C20: =IFERROR(VLOOKUP(D20,'Tarifa compacta'!A:C,2,FALSE),"-") -> 4010869593212 | D20: P-FAL35SC-RLE | E20: =+VLOOKUP($D20,'Tarifa compacta'!$A:$G,7,0) -> Fan coil de suelo. Con PCB para control montado en la pared. Tubería izquierda. Válvula integrada de 3 vías | F20: =+IFERROR(VLOOKUP($D20,'Tarifa compacta'!$A$11:$O$1018,13,0),"") -> 1519 | H20: =IFERROR(IF(VLOOKUP($D20,'Tarifa compacta'!$A$11:$O$1018,12,0)=0,"",VLOOKUP($D20,'Tarifa compacta'!$A$11:$O$1018,12,0)),"")
C21: =IFERROR(VLOOKUP(D21,'Tarifa compacta'!A:C,2,FALSE),"-") -> 4010869593236 | D21: P-FAL40SC-RLE | E21: =+VLOOKUP($D21,'Tarifa compacta'!$A:$G,7,0) -> Fan coil de suelo. Con PCB para control montado en la pared. Tubería izquierda. Válvula integrada de 3 vías | F21: =+IFERROR(VLOOKUP($D21,'Tarifa compacta'!$A$11:$O$1018,13,0),"") -> 1650 | H21: =IFERROR(IF(VLOOKUP($D21,'Tarifa compacta'!$A$11:$O$1018,12,0)=0,"",VLOOKUP($D21,'Tarifa compacta'!$A$11:$O$1018,12,0)),"")
C22: =IFERROR(VLOOKUP(D22,'Tarifa compacta'!A:C,2,FALSE),"-") -> 4010869593243 | D22: P-FAL10SC-00E | E22: =+VLOOKUP($D22,'Tarifa compacta'!$A:$G,7,0) -> Fan coil de suelo. Tubería izquierda. | F22: =+IFERROR(VLOOKUP($D22,'Tarifa compacta'!$A$11:$O$1018,13,0),"") -> 692 | H22: =IFERROR(IF(VLOOKUP($D22,'Tarifa compacta'!$A$11:$O$1018,12,0)=0,"",VLOOKUP($D22,'Tarifa compacta'!$A$11:$O$1018,12,0)),"")
C23: =IFERROR(VLOOKUP(D23,'Tarifa compacta'!A:C,2,FALSE),"-") -> 4010869593267 | D23: P-FAL20SC-00E | E23: =+VLOOKUP($D23,'Tarifa compacta'!$A:$G,7,0) -> Fan coil de suelo. Tubería izquierda. | F23: =+IFERROR(VLOOKUP($D23,'Tarifa compacta'!$A$11:$O$1018,13,0),"") -> 757 | H23: =IFERROR(IF(VLOOKUP($D23,'Tarifa compacta'!$A$11:$O$1018,12,0)=0,"",VLOOKUP($D23,'Tarifa compacta'!$A$11:$O$1018,12,0)),"")
... C31: =IFERROR(VLOOKUP(D31,'Tarifa compacta'!A:C,2,FALSE),"-") -> 4010869593335 | D31: P-FAL40DC-00E | E31: =+VLOOKUP($D31,'Tarifa compacta'!$A:$G,7,0) -> Fan coil de suelo. Tubería derecha. | F31: =+IFERROR(VLOOKUP($D31,'Tarifa compacta'!$A$11:$O$1018,13,0),"") -> 1231 | H31: =IFERROR(IF(VLOOKUP($D31,'Tarifa compacta'!$A$11:$O$1018,12,0)=0,"",VLOOKUP($D31,'Tarifa compacta'!$A$11:$O$1018,12,0)),"")
D32: Aquarea Air Smart Fan Coil de suelo - Accesorios
C33: =IFERROR(VLOOKUP(D33,'Tarifa compacta'!A:C,2,FALSE),"-") -> 4010869594585 | D33: PCZ-EEB749 | E33: =+VLOOKUP($D33,'Tarifa compacta'!$A:$G,7,0) -> Control montado en la pared con Modbus para Aquarea Air Smart Fan Coils y conducto multizona PACi NX | F33: =+IFERROR(VLOOKUP($D33,'Tarifa compacta'!$A$11:$O$1018,13,0),"") -> 217 | H33: =IFERROR(IF(VLOOKUP($D33,'Tarifa compacta'!$A$11:$O$1018,12,0)=0,"",VLOOKUP($D33,'Tarifa compacta'!$A$11:$O$1018,12,0)),"")
C34: =IFERROR(VLOOKUP(D34,'Tarifa compacta'!A:C,2,FALSE),"-") -> 4010869594592 | D34: PCZ-EFB749 | E34: =+VLOOKUP($D34,'Tarifa compacta'!$A:$G,7,0) -> Control montado en la pared con Wi-Fi integrado para fan coils Aquarea Air Smart y conducto multizona PACi NX | F34: =+IFERROR(VLOOKUP($D34,'Tarifa compacta'!$A$11:$O$1018,13,0),"") -> 262 | H34: =IFERROR(IF(VLOOKUP($D34,'Tarifa compacta'!$A$11:$O$1018,12,0)=0,"",VLOOKUP($D34,'Tarifa compacta'!$A$11:$O$1018,12,0)),"")
C35: =IFERROR(VLOOKUP(D35,'Tarifa compacta'!A:C,2,FALSE),"-") -> 4010869594684 | D35: PCZ-ESE845 | E35: =+VLOOKUP($D35,'Tarifa compacta'!$A:$G,7,0) -> PCB de control montada en la pared para fan coil Aquarea Air Smart Pie en el suelo | F35: =+IFERROR(VLOOKUP($D35,'Tarifa compacta'!$A$11:$O$1018,13,0),"") -> 217 | H35: =IFERROR(IF(VLOOKUP($D35,'Tarifa compacta'!$A$11:$O$1018,12,0)=0,"",VLOOKUP($D35,'Tarifa compacta'!$A$11:$O$1018,12,0)),"")
C36: =IFERROR(VLOOKUP(D36,'Tarifa compacta'!A:C,2,FALSE),"-") -> 4010869594677 | D36: PCZ-ECA844 | E36: =+VLOOKUP($D36,'Tarifa compacta'!$A:$G,7,0) -> Pantalla integrada con Modbus para Aquarea Air Smart Fan coil Soporte de pie | F36: =+IFERROR(VLOOKUP($D36,'Tarifa compacta'!$A$11:$O$1018,13,0),"") -> 281 | H36: =IFERROR(IF(VLOOKUP($D36,'Tarifa compacta'!$A$11:$O$1018,12,0)=0,"",VLOOKUP($D36,'Tarifa compacta'!$A$11:$O$1018,12,0)),"")
C37: =IFERROR(VLOOKUP(D37,'Tarifa compacta'!A:C,2,FALSE),"-") -> 4010869594691 | D37: PCZ-EWA844 | E37: =+VLOOKUP($D37,'Tarifa compacta'!$A:$G,7,0) -> Pantalla integrada con Wi-Fi integrado para Aquarea Air Smart Fan Coil Soporte de pie | F37: =+IFERROR(VLOOKUP($D37,'Tarifa compacta'!$A$11:$O$1018,13,0),"") -> 313 | H37: =IFERROR(IF(VLOOKUP($D37,'Tarifa compacta'!$A$11:$O$1018,12,0)=0,"",VLOOKUP($D37,'Tarifa compacta'!$A$11:$O$1018,12,0)),"")
C38: =IFERROR(VLOOKUP(D38,'Tarifa compacta'!A:C,2,FALSE),"-") -> 4010869594707 | D38: PCZ-B10842 | E38: =+VLOOKUP($D38,'Tarifa compacta'!$A:$G,7,0) -> PCB para control analógico (0-10V) para bobinas ventiladoras Aquarea Air Smart Soporte de suelo | F38: =+IFERROR(VLOOKUP($D38,'Tarifa compacta'!$A$11:$O$1018,13,0),"") -> 151 | H38: =IFERROR(IF(VLOOKUP($D38,'Tarifa compacta'!$A$11:$O$1018,12,0)=0,"",VLOOKUP($D38,'Tarifa compacta'!$A$11:$O$1018,12,0)),"")
C39: =IFERROR(VLOOKUP(D39,'Tarifa compacta'!A:C,2,FALSE),"-") -> 4010869594714 | D39: PCZ-V30720 | E39: =+VLOOKUP($D39,'Tarifa compacta'!$A:$G,7,0) -> Válvula motorizada de 3 vías para Aquarea Air de suelo | F39: =+IFERROR(VLOOKUP($D39,'Tarifa compacta'!$A$11:$O$1018,13,0),"") -> 253 | H39: =IFERROR(IF(VLOOKUP($D39,'Tarifa compacta'!$A$11:$O$1018,12,0)=0,"",VLOOKUP($D39,'Tarifa compacta'!$A$11:$O$1018,12,0)),"")
C40: =IFERROR(VLOOKUP(D40,'Tarifa compacta'!A:C,2,FALSE),"-") -> 4010869594721 | D40: PCZ-V20139 | E40: =+VLOOKUP($D40,'Tarifa compacta'!$A:$G,7,0) -> Válvula motorizada de 2 vías para Aquarea Air Floor de suelo, de pared 40 y de conductos | F40: =+IFERROR(VLOOKUP($D40,'Tarifa compacta'!$A$11:$O$1018,13,0),"") -> 208 | H40: =IFERROR(IF(VLOOKUP($D40,'Tarifa compacta'!$A$11:$O$1018,12,0)=0,"",VLOOKUP($D40,'Tarifa compacta'!$A$11:$O$1018,12,0)),"")
C41: =IFERROR(VLOOKUP(D41,'Tarifa compacta'!A:C,2,FALSE),"-") -> 4010869594769 | D41: PCZ-GB0520 | E41: =+VLOOKUP($D41,'Tarifa compacta'!$A:$G,7,0) -> Bandeja de condensados para instalación horizontal del ventilador Aquarea Air de suelo 10 | F41: =+IFERROR(VLOOKUP($D41,'Tarifa compacta'!$A$11:$O$1018,13,0),"") -> 86 | H41: =IFERROR(IF(VLOOKUP($D41,'Tarifa compacta'!$A$11:$O$1018,12,0)=0,"",VLOOKUP($D41,'Tarifa compacta'!$A$11:$O$1018,12,0)),"")
C42: =IFERROR(VLOOKUP(D42,'Tarifa compacta'!A:C,2,FALSE),"-") -> 4010869594776 | D42: PCZ-GB0521 | E42: =+VLOOKUP($D42,'Tarifa compacta'!$A:$G,7,0) -> Bandeja de condensados para la instalación horizontal del fan coil Aquarea Air Smart de suelo 20 | F42: =+IFERROR(VLOOKUP($D42,'Tarifa compacta'!$A$11:$O$1018,13,0),"") -> 100 | H42: =IFERROR(IF(VLOOKUP($D42,'Tarifa compacta'!$A$11:$O$1018,12,0)=0,"",VLOOKUP($D42,'Tarifa compacta'!$A$11:$O$1018,12,0)),"")
C43: =IFERROR(VLOOKUP(D43,'Tarifa compacta'!A:C,2,FALSE),"-") -> 4010869594783 | D43: PCZ-GB0522 | E43: =+VLOOKUP($D43,'Tarifa compacta'!$A:$G,7,0) -> Bandeja de condensados para instalación horizontal del fan coil Aquarea Air Smart. de suelo 30 | F43: =+IFERROR(VLOOKUP($D43,'Tarifa compacta'!$A$11:$O$1018,13,0),"") -> 106 | H43: =IFERROR(IF(VLOOKUP($D43,'Tarifa compacta'!$A$11:$O$1018,12,0)=0,"",VLOOKUP($D43,'Tarifa compacta'!$A$11:$O$1018,12,0)),"")
C44: =IFERROR(VLOOKUP(D44,'Tarifa compacta'!A:C,2,FALSE),"-") -> 4010869594790 | D44: PCZ-GB0523 | E44: =+VLOOKUP($D44,'Tarifa compacta'!$A:$G,7,0) -> Bandeja de condensados para la instalación horizontal del fan coil Aquarea Air Smart de suelo 35 | F44: =+IFERROR(VLOOKUP($D44,'Tarifa compacta'!$A$11:$O$1018,13,0),"") -> 131 | H44: =IFERROR(IF(VLOOKUP($D44,'Tarifa compacta'!$A$11:$O$1018,12,0)=0,"",VLOOKUP($D44,'Tarifa compacta'!$A$11:$O$1018,12,0)),"")
... C47: =IFERROR(VLOOKUP(D47,'Tarifa compacta'!A:C,2,FALSE),"-") -> 4010869594875 | D47: PCZ-LC0606 | E47: =+VLOOKUP($D47,'Tarifa compacta'!$A:$G,7,0) -> Un conjunto de dos patas para anclar Aquarea Air de suelo | F47: =+IFERROR(VLOOKUP($D47,'Tarifa compacta'!$A$11:$O$1018,13,0),"") -> 131 | H47: =IFERROR(IF(VLOOKUP($D47,'Tarifa compacta'!$A$11:$O$1018,12,0)=0,"",VLOOKUP($D47,'Tarifa compacta'!$A$11:$O$1018,12,0)),"")
C48: =IFERROR(VLOOKUP(D48,'Tarifa compacta'!A:C,2,FALSE),"-") -> - | D48: Aquarea Air Smart Fan Coil de pared
C49: =IFERROR(VLOOKUP(D49,'Tarifa compacta'!A:C,2,FALSE),"-") -> 4010869593373 | D49: P-FMM10DC-QNE | E49: =+VLOOKUP($D49,'Tarifa compacta'!$A:$G,7,0) -> Fan coil de pared. Pantalla integrada y control IR. Tubería derecha. Válvula integrada de 3 vías | F49: =+IFERROR(VLOOKUP($D49,'Tarifa compacta'!$A$11:$O$1018,13,0),"") -> 1275 | H49: =IFERROR(IF(VLOOKUP($D49,'Tarifa compacta'!$A$11:$O$1018,12,0)=0,"",VLOOKUP($D49,'Tarifa compacta'!$A$11:$O$1018,12,0)),"")
C50: =IFERROR(VLOOKUP(D50,'Tarifa compacta'!A:C,2,FALSE),"-") -> 4010869593380 | D50: P-FMM15DC-QNE | E50: =+VLOOKUP($D50,'Tarifa compacta'!$A:$G,7,0) -> Fan coil de pared. Pantalla integrada y control IR. Tubería derecha. Válvula integrada de 3 vías | F50: =+IFERROR(VLOOKUP($D50,'Tarifa compacta'!$A$11:$O$1018,13,0),"") -> 1377 | H50: =IFERROR(IF(VLOOKUP($D50,'Tarifa compacta'!$A$11:$O$1018,12,0)=0,"",VLOOKUP($D50,'Tarifa compacta'!$A$11:$O$1018,12,0)),"")
C51: =IFERROR(VLOOKUP(D51,'Tarifa compacta'!A:C,2,FALSE),"-") -> 4010869593397 | D51: P-FMM20DC-QNE | E51: =+VLOOKUP($D51,'Tarifa compacta'!$A:$G,7,0) -> Fan coil de pared. Pantalla integrada y control IR. Tubería derecha. Válvula integrada de 3 vías | F51: =+IFERROR(VLOOKUP($D51,'Tarifa compacta'!$A$11:$O$1018,13,0),"") -> 1494 | H51: =IFERROR(IF(VLOOKUP($D51,'Tarifa compacta'!$A$11:$O$1018,12,0)=0,"",VLOOKUP($D51,'Tarifa compacta'!$A$11:$O$1018,12,0)),"")
C52: =IFERROR(VLOOKUP(D52,'Tarifa compacta'!A:C,2,FALSE),"-") -> 4010869593595 | D52: P-FMM40DC-QNE | E52: =+VLOOKUP($D52,'Tarifa compacta'!$A:$G,7,0) -> Fan coil de pared. Pantalla integrada y control IR. Tubería derecha. Válvula integrada de 3 vías | F52: =+IFERROR(VLOOKUP($D52,'Tarifa compacta'!$A$11:$O$1018,13,0),"") -> 1656 | H52: =IFERROR(IF(VLOOKUP($D52,'Tarifa compacta'!$A$11:$O$1018,12,0)=0,"",VLOOKUP($D52,'Tarifa compacta'!$A$11:$O$1018,12,0)),"")
C53: =IFERROR(VLOOKUP(D53,'Tarifa compacta'!A:C,2,FALSE),"-") -> 4010869593342 | D53: P-FMM10DC-RNE | E53: =+VLOOKUP($D53,'Tarifa compacta'!$A:$G,7,0) -> Fan coil de pared. Con PCB para control de pared. Tubería derecha. Válvula integrada de 3 vías | F53: =+IFERROR(VLOOKUP($D53,'Tarifa compacta'!$A$11:$O$1018,13,0),"") -> 1301 | H53: =IFERROR(IF(VLOOKUP($D53,'Tarifa compacta'!$A$11:$O$1018,12,0)=0,"",VLOOKUP($D53,'Tarifa compacta'!$A$11:$O$1018,12,0)),"")
C54: =IFERROR(VLOOKUP(D54,'Tarifa compacta'!A:C,2,FALSE),"-") -> 4010869593359 | D54: P-FMM15DC-RNE | E54: =+VLOOKUP($D54,'Tarifa compacta'!$A:$G,7,0) -> Fan coil de pared. Con PCB para control de pared. Tubería derecha. Válvula integrada de 3 vías | F54: =+IFERROR(VLOOKUP($D54,'Tarifa compacta'!$A$11:$O$1018,13,0),"") -> 1403 | H54: =IFERROR(IF(VLOOKUP($D54,'Tarifa compacta'!$A$11:$O$1018,12,0)=0,"",VLOOKUP($D54,'Tarifa compacta'!$A$11:$O$1018,12,0)),"")
C55: =IFERROR(VLOOKUP(D55,'Tarifa compacta'!A:C,2,FALSE),"-") -> 4010869593366 | D55: P-FMM20DC-RNE | E55: =+VLOOKUP($D55,'Tarifa compacta'!$A:$G,7,0) -> Fan coil de pared. Con PCB para control de pared. Tubería derecha. Válvula integrada de 3 vías | F55: =+IFERROR(VLOOKUP($D55,'Tarifa compacta'!$A$11:$O$1018,13,0),"") -> 1519 | H55: =IFERROR(IF(VLOOKUP($D55,'Tarifa compacta'!$A$11:$O$1018,12,0)=0,"",VLOOKUP($D55,'Tarifa compacta'!$A$11:$O$1018,12,0)),"")
C56: =IFERROR(VLOOKUP(D56,'Tarifa compacta'!A:C,2,FALSE),"-") -> 4010869593588 | D56: P-FMM40DC-RNE | E56: =+VLOOKUP($D56,'Tarifa compacta'!$A:$G,7,0) -> Fan coil de pared. Con PCB para control de pared. Tubería derecha. Válvula integrada de 3 vías | F56: =+IFERROR(VLOOKUP($D56,'Tarifa compacta'!$A$11:$O$1018,13,0),"") -> 1785 | H56: =IFERROR(IF(VLOOKUP($D56,'Tarifa compacta'!$A$11:$O$1018,12,0)=0,"",VLOOKUP($D56,'Tarifa compacta'!$A$11:$O$1018,12,0)),"")
C57: =IFERROR(VLOOKUP(D57,'Tarifa compacta'!A:C,2,FALSE),"-") -> 4010869593434 | D57: P-FMM10DC-Q0E | E57: =+VLOOKUP($D57,'Tarifa compacta'!$A:$G,7,0) -> Fan coil de pared. Pantalla integrada y control IR. Tubería derecha. | F57: =+IFERROR(VLOOKUP($D57,'Tarifa compacta'!$A$11:$O$1018,13,0),"") -> 1009 | H57: =IFERROR(IF(VLOOKUP($D57,'Tarifa compacta'!$A$11:$O$1018,12,0)=0,"",VLOOKUP($D57,'Tarifa compacta'!$A$11:$O$1018,12,0)),"")
C58: =IFERROR(VLOOKUP(D58,'Tarifa compacta'!A:C,2,FALSE),"-") -> 4010869593441 | D58: P-FMM15DC-Q0E | E58: =+VLOOKUP($D58,'Tarifa compacta'!$A:$G,7,0) -> Fan coil de pared. Pantalla integrada y control IR. Tubería derecha. | F58: =+IFERROR(VLOOKUP($D58,'Tarifa compacta'!$A$11:$O$1018,13,0),"") -> 1114 | H58: =IFERROR(IF(VLOOKUP($D58,'Tarifa compacta'!$A$11:$O$1018,12,0)=0,"",VLOOKUP($D58,'Tarifa compacta'!$A$11:$O$1018,12,0)),"")
C59: =IFERROR(VLOOKUP(D59,'Tarifa compacta'!A:C,2,FALSE),"-") -> 4010869593458 | D59: P-FMM20DC-Q0E | E59: =+VLOOKUP($D59,'Tarifa compacta'!$A:$G,7,0) -> Fan coil de pared. Pantalla integrada y control IR. Tubería derecha. | F59: =+IFERROR(VLOOKUP($D59,'Tarifa compacta'!$A$11:$O$1018,13,0),"") -> 1231 | H59: =IFERROR(IF(VLOOKUP($D59,'Tarifa compacta'!$A$11:$O$1018,12,0)=0,"",VLOOKUP($D59,'Tarifa compacta'!$A$11:$O$1018,12,0)),"")
C60: =IFERROR(VLOOKUP(D60,'Tarifa compacta'!A:C,2,FALSE),"-") -> 4010869593618 | D60: P-FMM40DC-Q0E | E60: =+VLOOKUP($D60,'Tarifa compacta'!$A:$G,7,0) -> Fan coil de pared. Pantalla integrada y control IR. Tubería derecha. | F60: =+IFERROR(VLOOKUP($D60,'Tarifa compacta'!$A$11:$O$1018,13,0),"") -> 1423 | H60: =IFERROR(IF(VLOOKUP($D60,'Tarifa compacta'!$A$11:$O$1018,12,0)=0,"",VLOOKUP($D60,'Tarifa compacta'!$A$11:$O$1018,12,0)),"")
... C77: =IFERROR(VLOOKUP(D77,'Tarifa compacta'!A:C,2,FALSE),"-") -> 4010869593571 | D77: P-FMM20SC-V0E | E77: =+VLOOKUP($D77,'Tarifa compacta'!$A:$G,7,0) -> Fan coil de pared. Con PCB para control analógico (0-10V). Tubería izquierda. | F77: =+IFERROR(VLOOKUP($D77,'Tarifa compacta'!$A$11:$O$1018,13,0),"") -> 1275 | H77: =IFERROR(IF(VLOOKUP($D77,'Tarifa compacta'!$A$11:$O$1018,12,0)=0,"",VLOOKUP($D77,'Tarifa compacta'!$A$11:$O$1018,12,0)),"")
C78: =IFERROR(VLOOKUP(D78,'Tarifa compacta'!A:C,2,FALSE),"-") -> - | D78: Aquarea Air Smart Fan Coil de pared - Accesorios
C79: =IFERROR(VLOOKUP(D79,'Tarifa compacta'!A:C,2,FALSE),"-") -> 4010869594585 | D79: PCZ-EEB749 | E79: =+VLOOKUP($D79,'Tarifa compacta'!$A:$G,7,0) -> Control montado en la pared con Modbus para Aquarea Air Smart Fan Coils y conducto multizona PACi NX | F79: =+IFERROR(VLOOKUP($D79,'Tarifa compacta'!$A$11:$O$1018,13,0),"") -> 217 | H79: =IFERROR(IF(VLOOKUP($D79,'Tarifa compacta'!$A$11:$O$1018,12,0)=0,"",VLOOKUP($D79,'Tarifa compacta'!$A$11:$O$1018,12,0)),"")
C80: =IFERROR(VLOOKUP(D80,'Tarifa compacta'!A:C,2,FALSE),"-") -> 4010869594592 | D80: PCZ-EFB749 | E80: =+VLOOKUP($D80,'Tarifa compacta'!$A:$G,7,0) -> Control montado en la pared con Wi-Fi integrado para fan coils Aquarea Air Smart y conducto multizona PACi NX | F80: =+IFERROR(VLOOKUP($D80,'Tarifa compacta'!$A$11:$O$1018,13,0),"") -> 262 | H80: =IFERROR(IF(VLOOKUP($D80,'Tarifa compacta'!$A$11:$O$1018,12,0)=0,"",VLOOKUP($D80,'Tarifa compacta'!$A$11:$O$1018,12,0)),"")
C81: =IFERROR(VLOOKUP(D81,'Tarifa compacta'!A:C,2,FALSE),"-") -> 4010869594738 | D81: PCZ-V30688 | E81: =+VLOOKUP($D81,'Tarifa compacta'!$A:$G,7,0) -> Válvula motorizada de 3 vías para Aquarea Air de pared 10, 15, 20 | F81: =+IFERROR(VLOOKUP($D81,'Tarifa compacta'!$A$11:$O$1018,13,0),"") -> 268 | H81: =IFERROR(IF(VLOOKUP($D81,'Tarifa compacta'!$A$11:$O$1018,12,0)=0,"",VLOOKUP($D81,'Tarifa compacta'!$A$11:$O$1018,12,0)),"")
C82: =IFERROR(VLOOKUP(D82,'Tarifa compacta'!A:C,2,FALSE),"-") -> 4010869594752 | D82: PCZ-V30718 | E82: =+VLOOKUP($D82,'Tarifa compacta'!$A:$G,7,0) -> Válvula motorizada de 3 vías para Aquarea Air de pared 40 | F82: =+IFERROR(VLOOKUP($D82,'Tarifa compacta'!$A$11:$O$1018,13,0),"") -> 236 | H82: =IFERROR(IF(VLOOKUP($D82,'Tarifa compacta'!$A$11:$O$1018,12,0)=0,"",VLOOKUP($D82,'Tarifa compacta'!$A$11:$O$1018,12,0)),"")
C83: =IFERROR(VLOOKUP(D83,'Tarifa compacta'!A:C,2,FALSE),"-") -> 4010869594745 | D83: PCZ-V20687 | E83: =+VLOOKUP($D83,'Tarifa compacta'!$A:$G,7,0) -> Válvula motorizada de 2 vías para Aquarea Air de pared 10, 15, 20 | F83: =+IFERROR(VLOOKUP($D83,'Tarifa compacta'!$A$11:$O$1018,13,0),"") -> 222 | H83: =IFERROR(IF(VLOOKUP($D83,'Tarifa compacta'!$A$11:$O$1018,12,0)=0,"",VLOOKUP($D83,'Tarifa compacta'!$A$11:$O$1018,12,0)),"")
C84: =IFERROR(VLOOKUP(D84,'Tarifa compacta'!A:C,2,FALSE),"-") -> 4010869594721 | D84: PCZ-V20139 | E84: =+VLOOKUP($D84,'Tarifa compacta'!$A:$G,7,0) -> Válvula motorizada de 2 vías para Aquarea Air Floor de suelo, de pared 40 y de conductos | F84: =+IFERROR(VLOOKUP($D84,'Tarifa compacta'!$A$11:$O$1018,13,0),"") -> 208 | H84: =IFERROR(IF(VLOOKUP($D84,'Tarifa compacta'!$A$11:$O$1018,12,0)=0,"",VLOOKUP($D84,'Tarifa compacta'!$A$11:$O$1018,12,0)),"")
C85: =IFERROR(VLOOKUP(D85,'Tarifa compacta'!A:C,2,FALSE),"-") -> - | D85: Aquarea Air Smart Fan Coil Conducto Delgado
C86: =IFERROR(VLOOKUP(D86,'Tarifa compacta'!A:C,2,FALSE),"-") -> 4010869593779 | D86: P-FTN15O05-RE | E86: =+VLOOKUP($D86,'Tarifa compacta'!$A:$G,7,0) -> Fan coil delgado de conductos. Con PCB para control montado en la pared. Tubería izquierda. | F86: =+IFERROR(VLOOKUP($D86,'Tarifa compacta'!$A$11:$O$1018,13,0),"") -> 1275 | H86: =IFERROR(IF(VLOOKUP($D86,'Tarifa compacta'!$A$11:$O$1018,12,0)=0,"",VLOOKUP($D86,'Tarifa compacta'!$A$11:$O$1018,12,0)),"")
C87: =IFERROR(VLOOKUP(D87,'Tarifa compacta'!A:C,2,FALSE),"-") -> 4010869593786 | D87: P-FTN20O05-RE | E87: =+VLOOKUP($D87,'Tarifa compacta'!$A:$G,7,0) -> Fan coil delgado de conductos. Con PCB para control montado en la pared. Tubería izquierda. | F87: =+IFERROR(VLOOKUP($D87,'Tarifa compacta'!$A$11:$O$1018,13,0),"") -> 1432 | H87: =IFERROR(IF(VLOOKUP($D87,'Tarifa compacta'!$A$11:$O$1018,12,0)=0,"",VLOOKUP($D87,'Tarifa compacta'!$A$11:$O$1018,12,0)),"")
C88: =IFERROR(VLOOKUP(D88,'Tarifa compacta'!A:C,2,FALSE),"-") -> 4010869593793 | D88: P-FTN25O05-RE | E88: =+VLOOKUP($D88,'Tarifa compacta'!$A:$G,7,0) -> Fan coil delgado de conductos. Con PCB para control montado en la pared. Tubería izquierda. | F88: =+IFERROR(VLOOKUP($D88,'Tarifa compacta'!$A$11:$O$1018,13,0),"") -> 1831 | H88: =IFERROR(IF(VLOOKUP($D88,'Tarifa compacta'!$A$11:$O$1018,12,0)=0,"",VLOOKUP($D88,'Tarifa compacta'!$A$11:$O$1018,12,0)),"")
C89: =IFERROR(VLOOKUP(D89,'Tarifa compacta'!A:C,2,FALSE),"-") -> 4010869593809 | D89: P-FTN35O05-RE | E89: =+VLOOKUP($D89,'Tarifa compacta'!$A:$G,7,0) -> Fan coil delgado de conductos. Con PCB para control montado en la pared. Tubería izquierda. | F89: =+IFERROR(VLOOKUP($D89,'Tarifa compacta'!$A$11:$O$1018,13,0),"") -> 1962 | H89: =IFERROR(IF(VLOOKUP($D89,'Tarifa compacta'!$A$11:$O$1018,12,0)=0,"",VLOOKUP($D89,'Tarifa compacta'!$A$11:$O$1018,12,0)),"")
C90: =IFERROR(VLOOKUP(D90,'Tarifa compacta'!A:C,2,FALSE),"-") -> 4010869593816 | D90: P-FTN45O05-RE | E90: =+VLOOKUP($D90,'Tarifa compacta'!$A:$G,7,0) -> Fan coil delgado de conductos. Con PCB para control montado en la pared. Tubería izquierda. | F90: =+IFERROR(VLOOKUP($D90,'Tarifa compacta'!$A$11:$O$1018,13,0),"") -> 2503 | H90: =IFERROR(IF(VLOOKUP($D90,'Tarifa compacta'!$A$11:$O$1018,12,0)=0,"",VLOOKUP($D90,'Tarifa compacta'!$A$11:$O$1018,12,0)),"")
C91: =IFERROR(VLOOKUP(D91,'Tarifa compacta'!A:C,2,FALSE),"-") -> 4010869593823 | D91: P-FTN15O05-JE | E91: =+VLOOKUP($D91,'Tarifa compacta'!$A:$G,7,0) -> Fan coil delgado de conductos. Con PCB para control analógico (0-10V). Tubería izquierda. | F91: =+IFERROR(VLOOKUP($D91,'Tarifa compacta'!$A$11:$O$1018,13,0),"") -> 1173 | H91: =IFERROR(IF(VLOOKUP($D91,'Tarifa compacta'!$A$11:$O$1018,12,0)=0,"",VLOOKUP($D91,'Tarifa compacta'!$A$11:$O$1018,12,0)),"")
C92: =IFERROR(VLOOKUP(D92,'Tarifa compacta'!A:C,2,FALSE),"-") -> 4010869593830 | D92: P-FTN20O05-JE | E92: =+VLOOKUP($D92,'Tarifa compacta'!$A:$G,7,0) -> Fan coil delgado de conductos. Con PCB para control analógico (0-10V). Tubería izquierda. | F92: =+IFERROR(VLOOKUP($D92,'Tarifa compacta'!$A$11:$O$1018,13,0),"") -> 1315 | H92: =IFERROR(IF(VLOOKUP($D92,'Tarifa compacta'!$A$11:$O$1018,12,0)=0,"",VLOOKUP($D92,'Tarifa compacta'!$A$11:$O$1018,12,0)),"")
C93: =IFERROR(VLOOKUP(D93,'Tarifa compacta'!A:C,2,FALSE),"-") -> 4010869593847 | D93: P-FTN25O05-JE | E93: =+VLOOKUP($D93,'Tarifa compacta'!$A:$G,7,0) -> Fan coil delgado de conductos. Con PCB para control analógico (0-10V). Tubería izquierda. | F93: =+IFERROR(VLOOKUP($D93,'Tarifa compacta'!$A$11:$O$1018,13,0),"") -> 1755 | H93: =IFERROR(IF(VLOOKUP($D93,'Tarifa compacta'!$A$11:$O$1018,12,0)=0,"",VLOOKUP($D93,'Tarifa compacta'!$A$11:$O$1018,12,0)),"")
C94: =IFERROR(VLOOKUP(D94,'Tarifa compacta'!A:C,2,FALSE),"-") -> 4010869593854 | D94: P-FTN35O05-JE | E94: =+VLOOKUP($D94,'Tarifa compacta'!$A:$G,7,0) -> Fan coil delgado de conductos. Con PCB para control analógico (0-10V). Tubería izquierda. | F94: =+IFERROR(VLOOKUP($D94,'Tarifa compacta'!$A$11:$O$1018,13,0),"") -> 1908 | H94: =IFERROR(IF(VLOOKUP($D94,'Tarifa compacta'!$A$11:$O$1018,12,0)=0,"",VLOOKUP($D94,'Tarifa compacta'!$A$11:$O$1018,12,0)),"")
C95: =IFERROR(VLOOKUP(D95,'Tarifa compacta'!A:C,2,FALSE),"-") -> 4010869593861 | D95: P-FTN45O05-JE | E95: =+VLOOKUP($D95,'Tarifa compacta'!$A:$G,7,0) -> Fan coil delgado de conductos. Con PCB para control analógico (0-10V). Tubería izquierda. | F95: =+IFERROR(VLOOKUP($D95,'Tarifa compacta'!$A$11:$O$1018,13,0),"") -> 2452 | H95: =IFERROR(IF(VLOOKUP($D95,'Tarifa compacta'!$A$11:$O$1018,12,0)=0,"",VLOOKUP($D95,'Tarifa compacta'!$A$11:$O$1018,12,0)),"")
C96: =IFERROR(VLOOKUP(D96,'Tarifa compacta'!A:C,2,FALSE),"-") -> 4010869593656 | D96: P-FTN15R05-RE | E96: =+VLOOKUP($D96,'Tarifa compacta'!$A:$G,7,0) -> Fan coil delgado de conductos. Con PCB para control montado en la pared. Tubería derecha. | F96: =+IFERROR(VLOOKUP($D96,'Tarifa compacta'!$A$11:$O$1018,13,0),"") -> 1231 | H96: =IFERROR(IF(VLOOKUP($D96,'Tarifa compacta'!$A$11:$O$1018,12,0)=0,"",VLOOKUP($D96,'Tarifa compacta'!$A$11:$O$1018,12,0)),"")
C97: =IFERROR(VLOOKUP(D97,'Tarifa compacta'!A:C,2,FALSE),"-") -> 4010869593663 | D97: P-FTN20R05-RE | E97: =+VLOOKUP($D97,'Tarifa compacta'!$A:$G,7,0) -> Fan coil delgado de conductos. Con PCB para control montado en la pared. Tubería derecha. | F97: =+IFERROR(VLOOKUP($D97,'Tarifa compacta'!$A$11:$O$1018,13,0),"") -> 1384 | H97: =IFERROR(IF(VLOOKUP($D97,'Tarifa compacta'!$A$11:$O$1018,12,0)=0,"",VLOOKUP($D97,'Tarifa compacta'!$A$11:$O$1018,12,0)),"")
... C105: =IFERROR(VLOOKUP(D105,'Tarifa compacta'!A:C,2,FALSE),"-") -> 4010869593748 | D105: P-FTN45R05-JE | E105: =+VLOOKUP($D105,'Tarifa compacta'!$A:$G,7,0) -> Fan coil delgado de conductos. Con PCB para control analógico (0-10V). Tubería derecha. | F105: =+IFERROR(VLOOKUP($D105,'Tarifa compacta'!$A$11:$O$1018,13,0),"") -> 2404 | H105: =IFERROR(IF(VLOOKUP($D105,'Tarifa compacta'!$A$11:$O$1018,12,0)=0,"",VLOOKUP($D105,'Tarifa compacta'!$A$11:$O$1018,12,0)),"")
C106: =IFERROR(VLOOKUP(D106,'Tarifa compacta'!A:C,2,FALSE),"-") -> - | D106: Aquarea Air Smart Fan Coil Conducto Delgado - Accesorios
D107: Accesorios control
C108: =IFERROR(VLOOKUP(D108,'Tarifa compacta'!A:C,2,FALSE),"-") -> 4010869594585 | D108: PCZ-EEB749 | E108: =+VLOOKUP($D108,'Tarifa compacta'!$A:$G,7,0) -> Control montado en la pared con Modbus para Aquarea Air Smart Fan Coils y conducto multizona PACi NX | F108: =+IFERROR(VLOOKUP($D108,'Tarifa compacta'!$A$11:$O$1018,13,0),"") -> 217 | H108: =IFERROR(IF(VLOOKUP($D108,'Tarifa compacta'!$A$11:$O$1018,12,0)=0,"",VLOOKUP($D108,'Tarifa compacta'!$A$11:$O$1018,12,0)),"")
C109: =IFERROR(VLOOKUP(D109,'Tarifa compacta'!A:C,2,FALSE),"-") -> 4010869594592 | D109: PCZ-EFB749 | E109: =+VLOOKUP($D109,'Tarifa compacta'!$A:$G,7,0) -> Control montado en la pared con Wi-Fi integrado para fan coils Aquarea Air Smart y conducto multizona PACi NX | F109: =+IFERROR(VLOOKUP($D109,'Tarifa compacta'!$A$11:$O$1018,13,0),"") -> 262 | H109: =IFERROR(IF(VLOOKUP($D109,'Tarifa compacta'!$A$11:$O$1018,12,0)=0,"",VLOOKUP($D109,'Tarifa compacta'!$A$11:$O$1018,12,0)),"")
D110: Accesorios hidráulicos
C111: =IFERROR(VLOOKUP(D111,'Tarifa compacta'!A:C,2,FALSE),"-") -> 4010869594912 | D111: PCZ-V30361 | E111: =+VLOOKUP($D111,'Tarifa compacta'!$A:$G,7,0) -> Válvula motorizada de 3 vías para Aquarea Air de conductos | F111: =+IFERROR(VLOOKUP($D111,'Tarifa compacta'!$A$11:$O$1018,13,0),"") -> 253 | H111: =IFERROR(IF(VLOOKUP($D111,'Tarifa compacta'!$A$11:$O$1018,12,0)=0,"",VLOOKUP($D111,'Tarifa compacta'!$A$11:$O$1018,12,0)),"")
C112: =IFERROR(VLOOKUP(D112,'Tarifa compacta'!A:C,2,FALSE),"-") -> 4010869594721 | D112: PCZ-V20139 | E112: =+VLOOKUP($D112,'Tarifa compacta'!$A:$G,7,0) -> Válvula motorizada de 2 vías para Aquarea Air Floor de suelo, de pared 40 y de conductos | F112: =+IFERROR(VLOOKUP($D112,'Tarifa compacta'!$A$11:$O$1018,13,0),"") -> 208 | H112: =IFERROR(IF(VLOOKUP($D112,'Tarifa compacta'!$A$11:$O$1018,12,0)=0,"",VLOOKUP($D112,'Tarifa compacta'!$A$11:$O$1018,12,0)),"")
C113: =IFERROR(VLOOKUP(D113,'Tarifa compacta'!A:C,2,FALSE),"-") -> 4010869594899 | D113: PCZ-EG1028 | E113: =+VLOOKUP($D113,'Tarifa compacta'!$A:$G,7,0) -> PCB para control de válvulas de calefacción por suelo radiante | F113: =+IFERROR(VLOOKUP($D113,'Tarifa compacta'!$A$11:$O$1018,13,0),"") -> 104 | H113: =IFERROR(IF(VLOOKUP($D113,'Tarifa compacta'!$A$11:$O$1018,12,0)=0,"",VLOOKUP($D113,'Tarifa compacta'!$A$11:$O$1018,12,0)),"")
D114: Filtros de repuesto
C115: =IFERROR(VLOOKUP(D115,'Tarifa compacta'!A:C,2,FALSE),"-") -> 4010869595209 | D115: PCZ-AHRD0491 | E115: =+VLOOKUP($D115,'Tarifa compacta'!$A:$G,7,0) -> Kit de filtro de recirculación de repuesto. Para P-FSN20 y P-FTN15 | F115: =+IFERROR(VLOOKUP($D115,'Tarifa compacta'!$A$11:$O$1018,13,0),"") -> 41 | H115: =IFERROR(IF(VLOOKUP($D115,'Tarifa compacta'!$A$11:$O$1018,12,0)=0,"",VLOOKUP($D115,'Tarifa compacta'!$A$11:$O$1018,12,0)),"")
C116: =IFERROR(VLOOKUP(D116,'Tarifa compacta'!A:C,2,FALSE),"-") -> 4010869595216 | D116: PCZ-AHRD0492 | E116: =+VLOOKUP($D116,'Tarifa compacta'!$A:$G,7,0) -> Kit de filtro de recirculación de repuesto. Para P-FSN25, P-FTN20, P-FSQ30 y P-FTQ30 | F116: =+IFERROR(VLOOKUP($D116,'Tarifa compacta'!$A$11:$O$1018,13,0),"") -> 53 | H116: =IFERROR(IF(VLOOKUP($D116,'Tarifa compacta'!$A$11:$O$1018,12,0)=0,"",VLOOKUP($D116,'Tarifa compacta'!$A$11:$O$1018,12,0)),"")
C117: =IFERROR(VLOOKUP(D117,'Tarifa compacta'!A:C,2,FALSE),"-") -> 4010869595223 | D117: PCZ-AHRD0493 | E117: =+VLOOKUP($D117,'Tarifa compacta'!$A:$G,7,0) -> Kit de filtro de recirculación de repuesto. Para P-FSN35, P-FTN25, P-FSQ45 y P-FTQ45 | F117: =+IFERROR(VLOOKUP($D117,'Tarifa compacta'!$A$11:$O$1018,13,0),"") -> 69 | H117: =IFERROR(IF(VLOOKUP($D117,'Tarifa compacta'!$A$11:$O$1018,12,0)=0,"",VLOOKUP($D117,'Tarifa compacta'!$A$11:$O$1018,12,0)),"")
C118: =IFERROR(VLOOKUP(D118,'Tarifa compacta'!A:C,2,FALSE),"-") -> 4010869595230 | D118: PCZ-AHRD0494 | E118: =+VLOOKUP($D118,'Tarifa compacta'!$A:$G,7,0) -> Kit de filtro de recirculación de repuesto. Para P-FSN45, P-FTN35, P-FSQ60 y P-FTQ60 | F118: =+IFERROR(VLOOKUP($D118,'Tarifa compacta'!$A$11:$O$1018,13,0),"") -> 86 | H118: =IFERROR(IF(VLOOKUP($D118,'Tarifa compacta'!$A$11:$O$1018,12,0)=0,"",VLOOKUP($D118,'Tarifa compacta'!$A$11:$O$1018,12,0)),"")
C119: =IFERROR(VLOOKUP(D119,'Tarifa compacta'!A:C,2,FALSE),"-") -> 4010869595247 | D119: PCZ-AHRD0495 | E119: =+VLOOKUP($D119,'Tarifa compacta'!$A:$G,7,0) -> Kit de filtro de recirculación de repuesto. Para P-FSN55, P-FTN45, P-FSQ75 y P-FTQ65 | F119: =+IFERROR(VLOOKUP($D119,'Tarifa compacta'!$A$11:$O$1018,13,0),"") -> 92 | H119: =IFERROR(IF(VLOOKUP($D119,'Tarifa compacta'!$A$11:$O$1018,12,0)=0,"",VLOOKUP($D119,'Tarifa compacta'!$A$11:$O$1018,12,0)),"")
D120: Plenums impulsión
C121: =IFERROR(VLOOKUP(D121,'Tarifa compacta'!A:C,2,FALSE),"-") -> 4010869595025 | D121: PCZ-AHRD0561 | E121: =+VLOOKUP($D121,'Tarifa compacta'!$A:$G,7,0) -> Plenum de impulsión con 2 entradas circulares DN 160 mm. Para P-FTN15 | F121: =+IFERROR(VLOOKUP($D121,'Tarifa compacta'!$A$11:$O$1018,13,0),"") -> 58 | H121: =IFERROR(IF(VLOOKUP($D121,'Tarifa compacta'!$A$11:$O$1018,12,0)=0,"",VLOOKUP($D121,'Tarifa compacta'!$A$11:$O$1018,12,0)),"")
C122: =IFERROR(VLOOKUP(D122,'Tarifa compacta'!A:C,2,FALSE),"-") -> 4010869595032 | D122: PCZ-AHRD0562 | E122: =+VLOOKUP($D122,'Tarifa compacta'!$A:$G,7,0) -> Plenum de impulsión con 3 entradas circulares DN 160 mm. Para P-FTN20 | F122: =+IFERROR(VLOOKUP($D122,'Tarifa compacta'!$A$11:$O$1018,13,0),"") -> 81 | H122: =IFERROR(IF(VLOOKUP($D122,'Tarifa compacta'!$A$11:$O$1018,12,0)=0,"",VLOOKUP($D122,'Tarifa compacta'!$A$11:$O$1018,12,0)),"")
C123: =IFERROR(VLOOKUP(D123,'Tarifa compacta'!A:C,2,FALSE),"-") -> 4010869595049 | D123: PCZ-AHRD0563 | E123: =+VLOOKUP($D123,'Tarifa compacta'!$A:$G,7,0) -> Plenum de impulsión con 4 entradas circulares DN 160 mm. Para P-FTN25 | F123: =+IFERROR(VLOOKUP($D123,'Tarifa compacta'!$A$11:$O$1018,13,0),"") -> 104 | H123: =IFERROR(IF(VLOOKUP($D123,'Tarifa compacta'!$A$11:$O$1018,12,0)=0,"",VLOOKUP($D123,'Tarifa compacta'!$A$11:$O$1018,12,0)),"")
C124: =IFERROR(VLOOKUP(D124,'Tarifa compacta'!A:C,2,FALSE),"-") -> 4010869595056 | D124: PCZ-AHRD0564 | E124: =+VLOOKUP($D124,'Tarifa compacta'!$A:$G,7,0) -> Plenum de impulsión con 6 entradas circulares DN 160 mm. Para P-FTN35 | F124: =+IFERROR(VLOOKUP($D124,'Tarifa compacta'!$A$11:$O$1018,13,0),"") -> 126 | H124: =IFERROR(IF(VLOOKUP($D124,'Tarifa compacta'!$A$11:$O$1018,12,0)=0,"",VLOOKUP($D124,'Tarifa compacta'!$A$11:$O$1018,12,0)),"")
C125: =IFERROR(VLOOKUP(D125,'Tarifa compacta'!A:C,2,FALSE),"-") -> 4010869595063 | D125: PCZ-AHRD0565 | E125: =+VLOOKUP($D125,'Tarifa compacta'!$A:$G,7,0) -> Plenum de impulsión con 7 entradas circulares DN 160 mm. Para P-FTN45 | F125: =+IFERROR(VLOOKUP($D125,'Tarifa compacta'!$A$11:$O$1018,13,0),"") -> 149 | H125: =IFERROR(IF(VLOOKUP($D125,'Tarifa compacta'!$A$11:$O$1018,12,0)=0,"",VLOOKUP($D125,'Tarifa compacta'!$A$11:$O$1018,12,0)),"")
D126: Plenums retorno
C127: =IFERROR(VLOOKUP(D127,'Tarifa compacta'!A:C,2,FALSE),"-") -> 4010869595070 | D127: PCZ-AHRD0566 | E127: =+VLOOKUP($D127,'Tarifa compacta'!$A:$G,7,0) -> Plenum de retorno con 2 entradas circulares DN 160 mm. Para P-FTN15 | F127: =+IFERROR(VLOOKUP($D127,'Tarifa compacta'!$A$11:$O$1018,13,0),"") -> 172 | H127: =IFERROR(IF(VLOOKUP($D127,'Tarifa compacta'!$A$11:$O$1018,12,0)=0,"",VLOOKUP($D127,'Tarifa compacta'!$A$11:$O$1018,12,0)),"")
C128: =IFERROR(VLOOKUP(D128,'Tarifa compacta'!A:C,2,FALSE),"-") -> 4010869595087 | D128: PCZ-AHRD0567 | E128: =+VLOOKUP($D128,'Tarifa compacta'!$A:$G,7,0) -> Plenum de retorno con 3 entradas circulares DN 160 mm. Para P-FTN20 | F128: =+IFERROR(VLOOKUP($D128,'Tarifa compacta'!$A$11:$O$1018,13,0),"") -> 183 | H128: =IFERROR(IF(VLOOKUP($D128,'Tarifa compacta'!$A$11:$O$1018,12,0)=0,"",VLOOKUP($D128,'Tarifa compacta'!$A$11:$O$1018,12,0)),"")
C129: =IFERROR(VLOOKUP(D129,'Tarifa compacta'!A:C,2,FALSE),"-") -> 4010869595094 | D129: PCZ-AHRD0568 | E129: =+VLOOKUP($D129,'Tarifa compacta'!$A:$G,7,0) -> Plenum de retorno con 4 entradas circulares DN 160 mm. Para P-FTN25 | F129: =+IFERROR(VLOOKUP($D129,'Tarifa compacta'!$A$11:$O$1018,13,0),"") -> 229 | H129: =IFERROR(IF(VLOOKUP($D129,'Tarifa compacta'!$A$11:$O$1018,12,0)=0,"",VLOOKUP($D129,'Tarifa compacta'!$A$11:$O$1018,12,0)),"")
C130: =IFERROR(VLOOKUP(D130,'Tarifa compacta'!A:C,2,FALSE),"-") -> 4010869595100 | D130: PCZ-AHRD0569 | E130: =+VLOOKUP($D130,'Tarifa compacta'!$A:$G,7,0) -> Plenum de retorno con 6 entradas circulares DN 160 mm. Para P-FTN35 | F130: =+IFERROR(VLOOKUP($D130,'Tarifa compacta'!$A$11:$O$1018,13,0),"") -> 240 | H130: =IFERROR(IF(VLOOKUP($D130,'Tarifa compacta'!$A$11:$O$1018,12,0)=0,"",VLOOKUP($D130,'Tarifa compacta'!$A$11:$O$1018,12,0)),"")
C131: =IFERROR(VLOOKUP(D131,'Tarifa compacta'!A:C,2,FALSE),"-") -> 4010869595117 | D131: PCZ-AHRD0570 | E131: =+VLOOKUP($D131,'Tarifa compacta'!$A:$G,7,0) -> Plenum de retorno con 7 entradas circulares DN 160 mm. Para P-FTN45 | F131: =+IFERROR(VLOOKUP($D131,'Tarifa compacta'!$A$11:$O$1018,13,0),"") -> 274 | H131: =IFERROR(IF(VLOOKUP($D131,'Tarifa compacta'!$A$11:$O$1018,12,0)=0,"",VLOOKUP($D131,'Tarifa compacta'!$A$11:$O$1018,12,0)),"")
D132: Plenums 90º
C133: =IFERROR(VLOOKUP(D133,'Tarifa compacta'!A:C,2,FALSE),"-") -> 4010869595308 | D133: PCZ-AHRD0576 | E133: =+VLOOKUP($D133,'Tarifa compacta'!$A:$G,7,0) -> Plenum de impulsión 90º. Para P-FTN15 | F133: =+IFERROR(VLOOKUP($D133,'Tarifa compacta'!$A$11:$O$1018,13,0),"") -> 92 | H133: =IFERROR(IF(VLOOKUP($D133,'Tarifa compacta'!$A$11:$O$1018,12,0)=0,"",VLOOKUP($D133,'Tarifa compacta'!$A$11:$O$1018,12,0)),"")
C134: =IFERROR(VLOOKUP(D134,'Tarifa compacta'!A:C,2,FALSE),"-") -> 4010869595315 | D134: PCZ-AHRD0577 | E134: =+VLOOKUP($D134,'Tarifa compacta'!$A:$G,7,0) -> Plenum de impulsión 90º. Para P-FTN20 y P-FTQ30 | F134: =+IFERROR(VLOOKUP($D134,'Tarifa compacta'!$A$11:$O$1018,13,0),"") -> 115 | H134: =IFERROR(IF(VLOOKUP($D134,'Tarifa compacta'!$A$11:$O$1018,12,0)=0,"",VLOOKUP($D134,'Tarifa compacta'!$A$11:$O$1018,12,0)),"")
C135: =IFERROR(VLOOKUP(D135,'Tarifa compacta'!A:C,2,FALSE),"-") -> 4010869595322 | D135: PCZ-AHRD0578 | E135: =+VLOOKUP($D135,'Tarifa compacta'!$A:$G,7,0) -> Plenum de impulsión 90º. Para P-FTN25 y P-FTQ45 | F135: =+IFERROR(VLOOKUP($D135,'Tarifa compacta'!$A$11:$O$1018,13,0),"") -> 132 | H135: =IFERROR(IF(VLOOKUP($D135,'Tarifa compacta'!$A$11:$O$1018,12,0)=0,"",VLOOKUP($D135,'Tarifa compacta'!$A$11:$O$1018,12,0)),"")
...

Sheet RAC
B1: Bomba de calor aire-aire doméstica - Lista de precios 2026
B3: País | D3: España
B4: Divisa | D4: EUR
B5: Validez | D5: 46296
B7: ='Tarifa compacta'!A8 -> * PVPR significa Precio de Venta al Público Recomendado. Los precios no incluyen IVA. Todos los precios están sujetos a cambios o retirada sin previo aviso.
C9: EAN | D9: Material | E9: Descripción | F9: PVPR* | G9: REEE | H9: Disponibilidad | I9: Potencia frío/calor (kW) | J9: SEER | K9: SCOP cálido/medio
B10: Bomba de calor aire-aire doméstica tipo split 1x1
D11: Split Inverter Premium Etherea grafito con nanoe™ X (Mark 3)
C12: =IFERROR(VLOOKUP(D12,'Tarifa compacta'!A:C,2,FALSE),"-") -> - | D12: KIT-XZ20-CKE-H | F12: =+SUM(F13:F14) -> 1546 | G12: =+IF(SUM(G13:G14)=0,"",SUM(G13:G14)) -> 0.02 | H12: =IFERROR(IF(VLOOKUP($D12,'Tarifa compacta'!$A$11:$O$997,12,0)=0,"",VLOOKUP($D12,'Tarifa compacta'!$A$11:$O$997,12,0)),"") | I12: 2,05/2,80 | J12: 8,70 A+++ | K12: 4,80 A++ medio
C13: =IFERROR(VLOOKUP(D13,'Tarifa compacta'!A:C,2,FALSE),"-") -> 5025232987764 | D13: CS-XZ20CKEW-H | E13: =+VLOOKUP($D13,'Tarifa compacta'!$A:$G,7,0) -> Unidad interior 2,0kW gris grafito nanoe™X Mark 3, Wi-Fi integrado, Aerowings 2.0, Función AI-ECO | F13: =+IFERROR(VLOOKUP($D13,'Tarifa compacta'!$A$11:$O$997,13,0),"") -> 726 | G13: =IFERROR(IF(VLOOKUP($D13,'Tarifa compacta'!$A$11:$O$997,15,0)=0,"",VLOOKUP($D13,'Tarifa compacta'!$A$11:$O$997,15,0)),"") -> 0.02 | H13: =IFERROR(IF(VLOOKUP($D13,'Tarifa compacta'!$A$11:$O$997,12,0)=0,"",VLOOKUP($D13,'Tarifa compacta'!$A$11:$O$997,12,0)),"")
C14: =IFERROR(VLOOKUP(D14,'Tarifa compacta'!A:C,2,FALSE),"-") -> 5025232988266 | D14: CU-Z20CKE | E14: =+VLOOKUP($D14,'Tarifa compacta'!$A:$G,7,0) -> Unidad exterior Etherea 2,0kW | F14: =+IFERROR(VLOOKUP($D14,'Tarifa compacta'!$A$11:$O$997,13,0),"") -> 820 | G14: =IFERROR(IF(VLOOKUP($D14,'Tarifa compacta'!$A$11:$O$997,15,0)=0,"",VLOOKUP($D14,'Tarifa compacta'!$A$11:$O$997,15,0)),"") | H14: =IFERROR(IF(VLOOKUP($D14,'Tarifa compacta'!$A$11:$O$997,12,0)=0,"",VLOOKUP($D14,'Tarifa compacta'!$A$11:$O$997,12,0)),"")
C15: =IFERROR(VLOOKUP(D15,'Tarifa compacta'!A:C,2,FALSE),"-") -> - | D15: KIT-XZ25-CKE-H | F15: =+SUM(F16:F17) -> 1643 | G15: =+IF(SUM(G16:G17)=0,"",SUM(G16:G17)) -> 0.02 | H15: =IFERROR(IF(VLOOKUP($D15,'Tarifa compacta'!$A$11:$O$997,12,0)=0,"",VLOOKUP($D15,'Tarifa compacta'!$A$11:$O$997,12,0)),"") | I15: 2,50/3,40 | J15: 9,50 A+++ | K15: 5,20 A+++ medio
C16: =IFERROR(VLOOKUP(D16,'Tarifa compacta'!A:C,2,FALSE),"-") -> 5025232987788 | D16: CS-XZ25CKEW-H | E16: =+VLOOKUP($D16,'Tarifa compacta'!$A:$G,7,0) -> Unidad interior 2,5kW gris grafito nanoe™X Mark 3, Wi-Fi integrado, Aerowings 2.0, Función AI-ECO | F16: =+IFERROR(VLOOKUP($D16,'Tarifa compacta'!$A$11:$O$997,13,0),"") -> 772 | G16: =IFERROR(IF(VLOOKUP($D16,'Tarifa compacta'!$A$11:$O$997,15,0)=0,"",VLOOKUP($D16,'Tarifa compacta'!$A$11:$O$997,15,0)),"") -> 0.02 | H16: =IFERROR(IF(VLOOKUP($D16,'Tarifa compacta'!$A$11:$O$997,12,0)=0,"",VLOOKUP($D16,'Tarifa compacta'!$A$11:$O$997,12,0)),"")
C17: =IFERROR(VLOOKUP(D17,'Tarifa compacta'!A:C,2,FALSE),"-") -> 5025232988297 | D17: CU-Z25CKE | E17: =+VLOOKUP($D17,'Tarifa compacta'!$A:$G,7,0) -> Unidad exterior Etherea 2,5kW | F17: =+IFERROR(VLOOKUP($D17,'Tarifa compacta'!$A$11:$O$997,13,0),"") -> 871 | G17: =IFERROR(IF(VLOOKUP($D17,'Tarifa compacta'!$A$11:$O$997,15,0)=0,"",VLOOKUP($D17,'Tarifa compacta'!$A$11:$O$997,15,0)),"") | H17: =IFERROR(IF(VLOOKUP($D17,'Tarifa compacta'!$A$11:$O$997,12,0)=0,"",VLOOKUP($D17,'Tarifa compacta'!$A$11:$O$997,12,0)),"")
C18: =IFERROR(VLOOKUP(D18,'Tarifa compacta'!A:C,2,FALSE),"-") -> - | D18: KIT-XZ35-CKE-H | F18: =+SUM(F19:F20) -> 1788 | G18: =+IF(SUM(G19:G20)=0,"",SUM(G19:G20)) -> 0.02 | H18: =IFERROR(IF(VLOOKUP($D18,'Tarifa compacta'!$A$11:$O$997,12,0)=0,"",VLOOKUP($D18,'Tarifa compacta'!$A$11:$O$997,12,0)),"") | I18: 3,50/4,00 | J18: 9,50 A+++ | K18: 5,20 A+++ medio
C19: =IFERROR(VLOOKUP(D19,'Tarifa compacta'!A:C,2,FALSE),"-") -> 5025232987801 | D19: CS-XZ35CKEW-H | E19: =+VLOOKUP($D19,'Tarifa compacta'!$A:$G,7,0) -> Unidad interior 3,5kW gris grafito nanoe™X Mark 3, Wi-Fi integrado, Aerowings 2.0, Función AI-ECO | F19: =+IFERROR(VLOOKUP($D19,'Tarifa compacta'!$A$11:$O$997,13,0),"") -> 871 | G19: =IFERROR(IF(VLOOKUP($D19,'Tarifa compacta'!$A$11:$O$997,15,0)=0,"",VLOOKUP($D19,'Tarifa compacta'!$A$11:$O$997,15,0)),"") -> 0.02 | H19: =IFERROR(IF(VLOOKUP($D19,'Tarifa compacta'!$A$11:$O$997,12,0)=0,"",VLOOKUP($D19,'Tarifa compacta'!$A$11:$O$997,12,0)),"")
C20: =IFERROR(VLOOKUP(D20,'Tarifa compacta'!A:C,2,FALSE),"-") -> 5025232988327 | D20: CU-Z35CKE | E20: =+VLOOKUP($D20,'Tarifa compacta'!$A:$G,7,0) -> Unidad exterior Etherea 3,5kW | F20: =+IFERROR(VLOOKUP($D20,'Tarifa compacta'!$A$11:$O$997,13,0),"") -> 917 | G20: =IFERROR(IF(VLOOKUP($D20,'Tarifa compacta'!$A$11:$O$997,15,0)=0,"",VLOOKUP($D20,'Tarifa compacta'!$A$11:$O$997,15,0)),"") | H20: =IFERROR(IF(VLOOKUP($D20,'Tarifa compacta'!$A$11:$O$997,12,0)=0,"",VLOOKUP($D20,'Tarifa compacta'!$A$11:$O$997,12,0)),"")
C21: =IFERROR(VLOOKUP(D21,'Tarifa compacta'!A:C,2,FALSE),"-") -> - | D21: KIT-XZ42-CKE-H | F21: =+SUM(F22:F23) -> 2142 | G21: =+IF(SUM(G22:G23)=0,"",SUM(G22:G23)) -> 0.02 | H21: =IFERROR(IF(VLOOKUP($D21,'Tarifa compacta'!$A$11:$O$997,12,0)=0,"",VLOOKUP($D21,'Tarifa compacta'!$A$11:$O$997,12,0)),"") | I21: 4,20/5,30 | J21: 7,10 A++ | K21: 4,30 A+ medio
C22: =IFERROR(VLOOKUP(D22,'Tarifa compacta'!A:C,2,FALSE),"-") -> 5025232987818 | D22: CS-XZ42CKEW-H | E22: =+VLOOKUP($D22,'Tarifa compacta'!$A:$G,7,0) -> Unidad interior 4,2kW gris grafito nanoe™X Mark 3, Wi-Fi integrado, Aerowings 2.0, Función AI-ECO | F22: =+IFERROR(VLOOKUP($D22,'Tarifa compacta'!$A$11:$O$997,13,0),"") -> 913 | G22: =IFERROR(IF(VLOOKUP($D22,'Tarifa compacta'!$A$11:$O$997,15,0)=0,"",VLOOKUP($D22,'Tarifa compacta'!$A$11:$O$997,15,0)),"") -> 0.02 | H22: =IFERROR(IF(VLOOKUP($D22,'Tarifa compacta'!$A$11:$O$997,12,0)=0,"",VLOOKUP($D22,'Tarifa compacta'!$A$11:$O$997,12,0)),"")
C23: =IFERROR(VLOOKUP(D23,'Tarifa compacta'!A:C,2,FALSE),"-") -> 5025232988334 | D23: CU-Z42CKE | E23: =+VLOOKUP($D23,'Tarifa compacta'!$A:$G,7,0) -> Unidad exterior Etherea 4,2kW | F23: =+IFERROR(VLOOKUP($D23,'Tarifa compacta'!$A$11:$O$997,13,0),"") -> 1229 | G23: =IFERROR(IF(VLOOKUP($D23,'Tarifa compacta'!$A$11:$O$997,15,0)=0,"",VLOOKUP($D23,'Tarifa compacta'!$A$11:$O$997,15,0)),"") | H23: =IFERROR(IF(VLOOKUP($D23,'Tarifa compacta'!$A$11:$O$997,12,0)=0,"",VLOOKUP($D23,'Tarifa compacta'!$A$11:$O$997,12,0)),"")
D24: Split Inverter Premium Etherea blanco mate con nanoe™ X (Mark 3)
C25: =IFERROR(VLOOKUP(D25,'Tarifa compacta'!A:C,2,FALSE),"-") -> - | D25: KIT-Z20-CKE | F25: =+SUM(F26:F27) -> 1367 | G25: =+IF(SUM(G26:G27)=0,"",SUM(G26:G27)) -> 0.02 | H25: =IFERROR(IF(VLOOKUP($D25,'Tarifa compacta'!$A$11:$O$997,12,0)=0,"",VLOOKUP($D25,'Tarifa compacta'!$A$11:$O$997,12,0)),"") | I25: 2,05/2,80 | J25: 8,70 A+++ | K25: 4,80 A++ medio
C26: =IFERROR(VLOOKUP(D26,'Tarifa compacta'!A:C,2,FALSE),"-") -> 5025232987832 | D26: CS-Z20CKEW | E26: =+VLOOKUP($D26,'Tarifa compacta'!$A:$G,7,0) -> Unidad interior 2,0kW Blanco Mate con nanoe™X Mark 3, Wi-Fi integrado, Aerowings 2.0, Función AI-ECO | F26: =+IFERROR(VLOOKUP($D26,'Tarifa compacta'!$A$11:$O$997,13,0),"") -> 547 | G26: =IFERROR(IF(VLOOKUP($D26,'Tarifa compacta'!$A$11:$O$997,15,0)=0,"",VLOOKUP($D26,'Tarifa compacta'!$A$11:$O$997,15,0)),"") -> 0.02 | H26: =IFERROR(IF(VLOOKUP($D26,'Tarifa compacta'!$A$11:$O$997,12,0)=0,"",VLOOKUP($D26,'Tarifa compacta'!$A$11:$O$997,12,0)),"")
C27: =IFERROR(VLOOKUP(D27,'Tarifa compacta'!A:C,2,FALSE),"-") -> 5025232988266 | D27: CU-Z20CKE | E27: =+VLOOKUP($D27,'Tarifa compacta'!$A:$G,7,0) -> Unidad exterior Etherea 2,0kW | F27: =+IFERROR(VLOOKUP($D27,'Tarifa compacta'!$A$11:$O$997,13,0),"") -> 820 | G27: =IFERROR(IF(VLOOKUP($D27,'Tarifa compacta'!$A$11:$O$997,15,0)=0,"",VLOOKUP($D27,'Tarifa compacta'!$A$11:$O$997,15,0)),"") | H27: =IFERROR(IF(VLOOKUP($D27,'Tarifa compacta'!$A$11:$O$997,12,0)=0,"",VLOOKUP($D27,'Tarifa compacta'!$A$11:$O$997,12,0)),"")
C28: =IFERROR(VLOOKUP(D28,'Tarifa compacta'!A:C,2,FALSE),"-") -> - | D28: KIT-Z25-CKE | F28: =+SUM(F29:F30) -> 1462 | G28: =+IF(SUM(G29:G30)=0,"",SUM(G29:G30)) -> 0.02 | H28: =IFERROR(IF(VLOOKUP($D28,'Tarifa compacta'!$A$11:$O$997,12,0)=0,"",VLOOKUP($D28,'Tarifa compacta'!$A$11:$O$997,12,0)),"") | I28: 2,50/3,40 | J28: 9,50 A+++ | K28: 5,20 A+++ medio
C29: =IFERROR(VLOOKUP(D29,'Tarifa compacta'!A:C,2,FALSE),"-") -> 5025232987870 | D29: CS-Z25CKEW | E29: =+VLOOKUP($D29,'Tarifa compacta'!$A:$G,7,0) -> Unidad interior 2,5kW Blanco Mate con nanoe™X Mark 3, Wi-Fi integrado, Aerowings 2.0, Función AI-ECO | F29: =+IFERROR(VLOOKUP($D29,'Tarifa compacta'!$A$11:$O$997,13,0),"") -> 591 | G29: =IFERROR(IF(VLOOKUP($D29,'Tarifa compacta'!$A$11:$O$997,15,0)=0,"",VLOOKUP($D29,'Tarifa compacta'!$A$11:$O$997,15,0)),"") -> 0.02 | H29: =IFERROR(IF(VLOOKUP($D29,'Tarifa compacta'!$A$11:$O$997,12,0)=0,"",VLOOKUP($D29,'Tarifa compacta'!$A$11:$O$997,12,0)),"")
C30: =IFERROR(VLOOKUP(D30,'Tarifa compacta'!A:C,2,FALSE),"-") -> 5025232988297 | D30: CU-Z25CKE | E30: =+VLOOKUP($D30,'Tarifa compacta'!$A:$G,7,0) -> Unidad exterior Etherea 2,5kW | F30: =+IFERROR(VLOOKUP($D30,'Tarifa compacta'!$A$11:$O$997,13,0),"") -> 871 | G30: =IFERROR(IF(VLOOKUP($D30,'Tarifa compacta'!$A$11:$O$997,15,0)=0,"",VLOOKUP($D30,'Tarifa compacta'!$A$11:$O$997,15,0)),"") | H30: =IFERROR(IF(VLOOKUP($D30,'Tarifa compacta'!$A$11:$O$997,12,0)=0,"",VLOOKUP($D30,'Tarifa compacta'!$A$11:$O$997,12,0)),"")
C31: =IFERROR(VLOOKUP(D31,'Tarifa compacta'!A:C,2,FALSE),"-") -> - | D31: KIT-Z35-CKE | F31: =+SUM(F32:F33) -> 1608 | G31: =+IF(SUM(G32:G33)=0,"",SUM(G32:G33)) -> 0.02 | H31: =IFERROR(IF(VLOOKUP($D31,'Tarifa compacta'!$A$11:$O$997,12,0)=0,"",VLOOKUP($D31,'Tarifa compacta'!$A$11:$O$997,12,0)),"") | I31: 3,50/4,00 | J31: 9,50 A+++ | K31: 5,20 A+++ medio
C32: =IFERROR(VLOOKUP(D32,'Tarifa compacta'!A:C,2,FALSE),"-") -> 5025232987917 | D32: CS-Z35CKEW | E32: =+VLOOKUP($D32,'Tarifa compacta'!$A:$G,7,0) -> Unidad interior 3,5kW Blanco Mate con nanoe™X Mark 3, Wi-Fi integrado, Aerowings 2.0, Función AI-ECO | F32: =+IFERROR(VLOOKUP($D32,'Tarifa compacta'!$A$11:$O$997,13,0),"") -> 691 | G32: =IFERROR(IF(VLOOKUP($D32,'Tarifa compacta'!$A$11:$O$997,15,0)=0,"",VLOOKUP($D32,'Tarifa compacta'!$A$11:$O$997,15,0)),"") -> 0.02 | H32: =IFERROR(IF(VLOOKUP($D32,'Tarifa compacta'!$A$11:$O$997,12,0)=0,"",VLOOKUP($D32,'Tarifa compacta'!$A$11:$O$997,12,0)),"")
C33: =IFERROR(VLOOKUP(D33,'Tarifa compacta'!A:C,2,FALSE),"-") -> 5025232988327 | D33: CU-Z35CKE | E33: =+VLOOKUP($D33,'Tarifa compacta'!$A:$G,7,0) -> Unidad exterior Etherea 3,5kW | F33: =+IFERROR(VLOOKUP($D33,'Tarifa compacta'!$A$11:$O$997,13,0),"") -> 917 | G33: =IFERROR(IF(VLOOKUP($D33,'Tarifa compacta'!$A$11:$O$997,15,0)=0,"",VLOOKUP($D33,'Tarifa compacta'!$A$11:$O$997,15,0)),"") | H33: =IFERROR(IF(VLOOKUP($D33,'Tarifa compacta'!$A$11:$O$997,12,0)=0,"",VLOOKUP($D33,'Tarifa compacta'!$A$11:$O$997,12,0)),"")
C34: =IFERROR(VLOOKUP(D34,'Tarifa compacta'!A:C,2,FALSE),"-") -> - | D34: KIT-Z42-CKE | F34: =+SUM(F35:F36) -> 2111 | G34: =+IF(SUM(G35:G36)=0,"",SUM(G35:G36)) -> 0.02 | H34: =IFERROR(IF(VLOOKUP($D34,'Tarifa compacta'!$A$11:$O$997,12,0)=0,"",VLOOKUP($D34,'Tarifa compacta'!$A$11:$O$997,12,0)),"") | I34: 4,20/5,30 | J34: 7,10 A++ | K34: 4,30 A+ medio
C35: =IFERROR(VLOOKUP(D35,'Tarifa compacta'!A:C,2,FALSE),"-") -> 5025232987924 | D35: CS-Z42CKEW | E35: =+VLOOKUP($D35,'Tarifa compacta'!$A:$G,7,0) -> Unidad interior 4,2kW Blanco Mate con nanoe™X Mark 3, Wi-Fi integrado, Aerowings 2.0, Función AI-ECO | F35: =+IFERROR(VLOOKUP($D35,'Tarifa compacta'!$A$11:$O$997,13,0),"") -> 882 | G35: =IFERROR(IF(VLOOKUP($D35,'Tarifa compacta'!$A$11:$O$997,15,0)=0,"",VLOOKUP($D35,'Tarifa compacta'!$A$11:$O$997,15,0)),"") -> 0.02 | H35: =IFERROR(IF(VLOOKUP($D35,'Tarifa compacta'!$A$11:$O$997,12,0)=0,"",VLOOKUP($D35,'Tarifa compacta'!$A$11:$O$997,12,0)),"")
C36: =IFERROR(VLOOKUP(D36,'Tarifa compacta'!A:C,2,FALSE),"-") -> 5025232988334 | D36: CU-Z42CKE | E36: =+VLOOKUP($D36,'Tarifa compacta'!$A:$G,7,0) -> Unidad exterior Etherea 4,2kW | F36: =+IFERROR(VLOOKUP($D36,'Tarifa compacta'!$A$11:$O$997,13,0),"") -> 1229 | G36: =IFERROR(IF(VLOOKUP($D36,'Tarifa compacta'!$A$11:$O$997,15,0)=0,"",VLOOKUP($D36,'Tarifa compacta'!$A$11:$O$997,15,0)),"") | H36: =IFERROR(IF(VLOOKUP($D36,'Tarifa compacta'!$A$11:$O$997,12,0)=0,"",VLOOKUP($D36,'Tarifa compacta'!$A$11:$O$997,12,0)),"")
C37: =IFERROR(VLOOKUP(D37,'Tarifa compacta'!A:C,2,FALSE),"-") -> - | D37: KIT-Z50-CKE | F37: =+SUM(F38:F39) -> 2782 | G37: =+IF(SUM(G38:G39)=0,"",SUM(G38:G39)) -> 0.02 | H37: =IFERROR(IF(VLOOKUP($D37,'Tarifa compacta'!$A$11:$O$997,12,0)=0,"",VLOOKUP($D37,'Tarifa compacta'!$A$11:$O$997,12,0)),"") | I37: 5,00/5,80 | J37: 8,50 A++ | K37: 4,80 A++ medio
C38: =IFERROR(VLOOKUP(D38,'Tarifa compacta'!A:C,2,FALSE),"-") -> 5025232987955 | D38: CS-Z50CKEW | E38: =+VLOOKUP($D38,'Tarifa compacta'!$A:$G,7,0) -> Unidad interior 5,0kW Blanco Mate con nanoe™X Mark 3, Wi-Fi integrado, Aerowings 2.0, Función AI-ECO | F38: =+IFERROR(VLOOKUP($D38,'Tarifa compacta'!$A$11:$O$997,13,0),"") -> 1101 | G38: =IFERROR(IF(VLOOKUP($D38,'Tarifa compacta'!$A$11:$O$997,15,0)=0,"",VLOOKUP($D38,'Tarifa compacta'!$A$11:$O$997,15,0)),"") -> 0.02 | H38: =IFERROR(IF(VLOOKUP($D38,'Tarifa compacta'!$A$11:$O$997,12,0)=0,"",VLOOKUP($D38,'Tarifa compacta'!$A$11:$O$997,12,0)),"")
C39: =IFERROR(VLOOKUP(D39,'Tarifa compacta'!A:C,2,FALSE),"-") -> 5025232988358 | D39: CU-Z50CKE | E39: =+VLOOKUP($D39,'Tarifa compacta'!$A:$G,7,0) -> Unidad exterior Etherea 5,0kW | F39: =+IFERROR(VLOOKUP($D39,'Tarifa compacta'!$A$11:$O$997,13,0),"") -> 1681 | G39: =IFERROR(IF(VLOOKUP($D39,'Tarifa compacta'!$A$11:$O$997,15,0)=0,"",VLOOKUP($D39,'Tarifa compacta'!$A$11:$O$997,15,0)),"") | H39: =IFERROR(IF(VLOOKUP($D39,'Tarifa compacta'!$A$11:$O$997,12,0)=0,"",VLOOKUP($D39,'Tarifa compacta'!$A$11:$O$997,12,0)),"")
C40: =IFERROR(VLOOKUP(D40,'Tarifa compacta'!A:C,2,FALSE),"-") -> - | D40: KIT-Z71-CKE | F40: =+SUM(F41:F42) -> 4287 | G40: =+IF(SUM(G41:G42)=0,"",SUM(G41:G42)) -> 0.02 | H40: =IFERROR(IF(VLOOKUP($D40,'Tarifa compacta'!$A$11:$O$997,12,0)=0,"",VLOOKUP($D40,'Tarifa compacta'!$A$11:$O$997,12,0)),"") | I40: 7,10/8,20 | J40: 6,50 A++ | K40: 4,20 A++ medio
C41: =IFERROR(VLOOKUP(D41,'Tarifa compacta'!A:C,2,FALSE),"-") -> 5025232987979 | D41: CS-Z71CKEW | E41: =+VLOOKUP($D41,'Tarifa compacta'!$A:$G,7,0) -> Unidad interior 7,1kW Blanco Mate con nanoe™X Mark 3, Wi-Fi integrado, Aerowings 2.0, Función AI-ECO | F41: =+IFERROR(VLOOKUP($D41,'Tarifa compacta'!$A$11:$O$997,13,0),"") -> 1689 | G41: =IFERROR(IF(VLOOKUP($D41,'Tarifa compacta'!$A$11:$O$997,15,0)=0,"",VLOOKUP($D41,'Tarifa compacta'!$A$11:$O$997,15,0)),"") -> 0.02 | H41: =IFERROR(IF(VLOOKUP($D41,'Tarifa compacta'!$A$11:$O$997,12,0)=0,"",VLOOKUP($D41,'Tarifa compacta'!$A$11:$O$997,12,0)),"")
C42: =IFERROR(VLOOKUP(D42,'Tarifa compacta'!A:C,2,FALSE),"-") -> 5025232988372 | D42: CU-Z71CKE | E42: =+VLOOKUP($D42,'Tarifa compacta'!$A:$G,7,0) -> Unidad exterior Etherea 7,1kW | F42: =+IFERROR(VLOOKUP($D42,'Tarifa compacta'!$A$11:$O$997,13,0),"") -> 2598 | G42: =IFERROR(IF(VLOOKUP($D42,'Tarifa compacta'!$A$11:$O$997,15,0)=0,"",VLOOKUP($D42,'Tarifa compacta'!$A$11:$O$997,15,0)),"") | H42: =IFERROR(IF(VLOOKUP($D42,'Tarifa compacta'!$A$11:$O$997,12,0)=0,"",VLOOKUP($D42,'Tarifa compacta'!$A$11:$O$997,12,0)),"")
D43: Split Inverter TZ blanco mate con nanoe™ X (Mark 2) - Nuevo chasis ultracompacto (765mm hasta 5kW)
C44: =IFERROR(VLOOKUP(D44,'Tarifa compacta'!A:C,2,FALSE),"-") -> - | D44: KIT-TZ20-CKE | F44: =+SUM(F45:F46) -> 957 | G44: =+IF(SUM(G45:G46)=0,"",SUM(G45:G46)) -> 0.02 | H44: =IFERROR(IF(VLOOKUP($D44,'Tarifa compacta'!$A$11:$O$997,12,0)=0,"",VLOOKUP($D44,'Tarifa compacta'!$A$11:$O$997,12,0)),"") | I44: 2,00/2,70 | J44: 7,00 A++ | K44: 5,40 A+++ cálido
C45: =IFERROR(VLOOKUP(D45,'Tarifa compacta'!A:C,2,FALSE),"-") -> 5025232987658 | D45: CS-TZ20CKEW | E45: =+VLOOKUP($D45,'Tarifa compacta'!$A:$G,7,0) -> Unidad interior 2,0kW nanoe™X Mark 2, Wi-Fi integrado, Aerowings, Control Premium | F45: =+IFERROR(VLOOKUP($D45,'Tarifa compacta'!$A$11:$O$997,13,0),"") -> 421 | G45: =IFERROR(IF(VLOOKUP($D45,'Tarifa compacta'!$A$11:$O$997,15,0)=0,"",VLOOKUP($D45,'Tarifa compacta'!$A$11:$O$997,15,0)),"") -> 0.02 | H45: =IFERROR(IF(VLOOKUP($D45,'Tarifa compacta'!$A$11:$O$997,12,0)=0,"",VLOOKUP($D45,'Tarifa compacta'!$A$11:$O$997,12,0)),"") | K45: 4,60 A++ medio
C46: =IFERROR(VLOOKUP(D46,'Tarifa compacta'!A:C,2,FALSE),"-") -> 5025232988167 | D46: CU-TZ20CKE | E46: =+VLOOKUP($D46,'Tarifa compacta'!$A:$G,7,0) -> Unidad exterior TZ 2,0kW | F46: =+IFERROR(VLOOKUP($D46,'Tarifa compacta'!$A$11:$O$997,13,0),"") -> 536 | G46: =IFERROR(IF(VLOOKUP($D46,'Tarifa compacta'!$A$11:$O$997,15,0)=0,"",VLOOKUP($D46,'Tarifa compacta'!$A$11:$O$997,15,0)),"") | H46: =IFERROR(IF(VLOOKUP($D46,'Tarifa compacta'!$A$11:$O$997,12,0)=0,"",VLOOKUP($D46,'Tarifa compacta'!$A$11:$O$997,12,0)),"")
C47: =IFERROR(VLOOKUP(D47,'Tarifa compacta'!A:C,2,FALSE),"-") -> - | D47: KIT-TZ25-CKE | F47: =+SUM(F48:F49) -> 1058 | G47: =+IF(SUM(G48:G49)=0,"",SUM(G48:G49)) -> 0.02 | H47: =IFERROR(IF(VLOOKUP($D47,'Tarifa compacta'!$A$11:$O$997,12,0)=0,"",VLOOKUP($D47,'Tarifa compacta'!$A$11:$O$997,12,0)),"") | I47: 2,50/3,30 | J47: 7,30 A++ | K47: 5,70 A+++ cálido
C48: =IFERROR(VLOOKUP(D48,'Tarifa compacta'!A:C,2,FALSE),"-") -> 5025232987665 | D48: CS-TZ25CKEW | E48: =+VLOOKUP($D48,'Tarifa compacta'!$A:$G,7,0) -> Unidad interior 2,5kW nanoe™X Mark 2, Wi-Fi integrado, Aerowings, Control Premium | F48: =+IFERROR(VLOOKUP($D48,'Tarifa compacta'!$A$11:$O$997,13,0),"") -> 463 | G48: =IFERROR(IF(VLOOKUP($D48,'Tarifa compacta'!$A$11:$O$997,15,0)=0,"",VLOOKUP($D48,'Tarifa compacta'!$A$11:$O$997,15,0)),"") -> 0.02 | H48: =IFERROR(IF(VLOOKUP($D48,'Tarifa compacta'!$A$11:$O$997,12,0)=0,"",VLOOKUP($D48,'Tarifa compacta'!$A$11:$O$997,12,0)),"") | K48: 4,60 A++ medio
C49: =IFERROR(VLOOKUP(D49,'Tarifa compacta'!A:C,2,FALSE),"-") -> 5025232988174 | D49: CU-TZ25CKE | E49: =+VLOOKUP($D49,'Tarifa compacta'!$A:$G,7,0) -> Unidad exterior TZ 2,5kW | F49: =+IFERROR(VLOOKUP($D49,'Tarifa compacta'!$A$11:$O$997,13,0),"") -> 595 | G49: =IFERROR(IF(VLOOKUP($D49,'Tarifa compacta'!$A$11:$O$997,15,0)=0,"",VLOOKUP($D49,'Tarifa compacta'!$A$11:$O$997,15,0)),"") | H49: =IFERROR(IF(VLOOKUP($D49,'Tarifa compacta'!$A$11:$O$997,12,0)=0,"",VLOOKUP($D49,'Tarifa compacta'!$A$11:$O$997,12,0)),"")
C50: =IFERROR(VLOOKUP(D50,'Tarifa compacta'!A:C,2,FALSE),"-") -> - | D50: KIT-TZ35-CKE | F50: =+SUM(F51:F52) -> 1174 | G50: =+IF(SUM(G51:G52)=0,"",SUM(G51:G52)) -> 0.02 | H50: =IFERROR(IF(VLOOKUP($D50,'Tarifa compacta'!$A$11:$O$997,12,0)=0,"",VLOOKUP($D50,'Tarifa compacta'!$A$11:$O$997,12,0)),"") | I50: 3,50/4,00 | J50: 7,30 A++ | K50: 5,60 A+++ cálido
C51: =IFERROR(VLOOKUP(D51,'Tarifa compacta'!A:C,2,FALSE),"-") -> 5025232987672 | D51: CS-TZ35CKEW | E51: =+VLOOKUP($D51,'Tarifa compacta'!$A:$G,7,0) -> Unidad interior 3,5kW nanoe™X Mark 2, Wi-Fi integrado, Aerowings, Control Premium | F51: =+IFERROR(VLOOKUP($D51,'Tarifa compacta'!$A$11:$O$997,13,0),"") -> 517 | G51: =IFERROR(IF(VLOOKUP($D51,'Tarifa compacta'!$A$11:$O$997,15,0)=0,"",VLOOKUP($D51,'Tarifa compacta'!$A$11:$O$997,15,0)),"") -> 0.02 | H51: =IFERROR(IF(VLOOKUP($D51,'Tarifa compacta'!$A$11:$O$997,12,0)=0,"",VLOOKUP($D51,'Tarifa compacta'!$A$11:$O$997,12,0)),"") | K51: 4,60 A++ medio
C52: =IFERROR(VLOOKUP(D52,'Tarifa compacta'!A:C,2,FALSE),"-") -> 5025232988181 | D52: CU-TZ35CKE | E52: =+VLOOKUP($D52,'Tarifa compacta'!$A:$G,7,0) -> Unidad exterior TZ 3,5kW | F52: =+IFERROR(VLOOKUP($D52,'Tarifa compacta'!$A$11:$O$997,13,0),"") -> 657 | G52: =IFERROR(IF(VLOOKUP($D52,'Tarifa compacta'!$A$11:$O$997,15,0)=0,"",VLOOKUP($D52,'Tarifa compacta'!$A$11:$O$997,15,0)),"") | H52: =IFERROR(IF(VLOOKUP($D52,'Tarifa compacta'!$A$11:$O$997,12,0)=0,"",VLOOKUP($D52,'Tarifa compacta'!$A$11:$O$997,12,0)),"")
C53: =IFERROR(VLOOKUP(D53,'Tarifa compacta'!A:C,2,FALSE),"-") -> - | D53: KIT-TZ42-CKE | F53: =+SUM(F54:F55) -> 1655 | G53: =+IF(SUM(G54:G55)=0,"",SUM(G54:G55)) -> 0.02 | H53: =IFERROR(IF(VLOOKUP($D53,'Tarifa compacta'!$A$11:$O$997,12,0)=0,"",VLOOKUP($D53,'Tarifa compacta'!$A$11:$O$997,12,0)),"") | I53: 4,20/5,00 | J53: 6,60 A++ | K53: 5,20 A+++ cálido
C54: =IFERROR(VLOOKUP(D54,'Tarifa compacta'!A:C,2,FALSE),"-") -> 5025232987689 | D54: CS-TZ42CKEW | E54: =+VLOOKUP($D54,'Tarifa compacta'!$A:$G,7,0) -> Unidad interior 4,2kW nanoe™X Mark 2, Wi-Fi integrado, Aerowings, Control Premium | F54: =+IFERROR(VLOOKUP($D54,'Tarifa compacta'!$A$11:$O$997,13,0),"") -> 659 | G54: =IFERROR(IF(VLOOKUP($D54,'Tarifa compacta'!$A$11:$O$997,15,0)=0,"",VLOOKUP($D54,'Tarifa compacta'!$A$11:$O$997,15,0)),"") -> 0.02 | H54: =IFERROR(IF(VLOOKUP($D54,'Tarifa compacta'!$A$11:$O$997,12,0)=0,"",VLOOKUP($D54,'Tarifa compacta'!$A$11:$O$997,12,0)),"") | K54: 4,10 A+ medio
C55: =IFERROR(VLOOKUP(D55,'Tarifa compacta'!A:C,2,FALSE),"-") -> 5025232988198 | D55: CU-TZ42CKE | E55: =+VLOOKUP($D55,'Tarifa compacta'!$A:$G,7,0) -> Unidad exterior TZ 4,2kW | F55: =+IFERROR(VLOOKUP($D55,'Tarifa compacta'!$A$11:$O$997,13,0),"") -> 996 | G55: =IFERROR(IF(VLOOKUP($D55,'Tarifa compacta'!$A$11:$O$997,15,0)=0,"",VLOOKUP($D55,'Tarifa compacta'!$A$11:$O$997,15,0)),"") | H55: =IFERROR(IF(VLOOKUP($D55,'Tarifa compacta'!$A$11:$O$997,12,0)=0,"",VLOOKUP($D55,'Tarifa compacta'!$A$11:$O$997,12,0)),"")
C56: =IFERROR(VLOOKUP(D56,'Tarifa compacta'!A:C,2,FALSE),"-") -> - | D56: KIT-TZ50-CKE | F56: =+SUM(F57:F58) -> 2344 | G56: =+IF(SUM(G57:G58)=0,"",SUM(G57:G58)) -> 0.02 | H56: =IFERROR(IF(VLOOKUP($D56,'Tarifa compacta'!$A$11:$O$997,12,0)=0,"",VLOOKUP($D56,'Tarifa compacta'!$A$11:$O$997,12,0)),"") | I56: 5,00/5,80 | J56: 6,90 A++ | K56: 6,00 A+++ cálido
C57: =IFERROR(VLOOKUP(D57,'Tarifa compacta'!A:C,2,FALSE),"-") -> 5025232987696 | D57: CS-TZ50CKEW | E57: =+VLOOKUP($D57,'Tarifa compacta'!$A:$G,7,0) -> Unidad interior 5,0kW nanoe™X Mark 2, Wi-Fi integrado, Aerowings, Control Premium | F57: =+IFERROR(VLOOKUP($D57,'Tarifa compacta'!$A$11:$O$997,13,0),"") -> 934 | G57: =IFERROR(IF(VLOOKUP($D57,'Tarifa compacta'!$A$11:$O$997,15,0)=0,"",VLOOKUP($D57,'Tarifa compacta'!$A$11:$O$997,15,0)),"") -> 0.02 | H57: =IFERROR(IF(VLOOKUP($D57,'Tarifa compacta'!$A$11:$O$997,12,0)=0,"",VLOOKUP($D57,'Tarifa compacta'!$A$11:$O$997,12,0)),"") | K57: 4,50 A+ medio
C58: =IFERROR(VLOOKUP(D58,'Tarifa compacta'!A:C,2,FALSE),"-") -> 5025232988204 | D58: CU-TZ50CKE | E58: =+VLOOKUP($D58,'Tarifa compacta'!$A:$G,7,0) -> Unidad exterior TZ 5,0kW | F58: =+IFERROR(VLOOKUP($D58,'Tarifa compacta'!$A$11:$O$997,13,0),"") -> 1410 | G58: =IFERROR(IF(VLOOKUP($D58,'Tarifa compacta'!$A$11:$O$997,15,0)=0,"",VLOOKUP($D58,'Tarifa compacta'!$A$11:$O$997,15,0)),"") | H58: =IFERROR(IF(VLOOKUP($D58,'Tarifa compacta'!$A$11:$O$997,12,0)=0,"",VLOOKUP($D58,'Tarifa compacta'!$A$11:$O$997,12,0)),"")
C59: =IFERROR(VLOOKUP(D59,'Tarifa compacta'!A:C,2,FALSE),"-") -> - | D59: KIT-TZ60-CKE | F59: =+SUM(F60:F61) -> 3204 | G59: =+IF(SUM(G60:G61)=0,"",SUM(G60:G61)) -> 0.02 | H59: =IFERROR(IF(VLOOKUP($D59,'Tarifa compacta'!$A$11:$O$997,12,0)=0,"",VLOOKUP($D59,'Tarifa compacta'!$A$11:$O$997,12,0)),"") | I59: 6,00/7,00 | J59: 6,90 A++ | K59: 5,40 A+++ cálido
C60: =IFERROR(VLOOKUP(D60,'Tarifa compacta'!A:C,2,FALSE),"-") -> 5025232987702 | D60: CS-TZ60CKEW | E60: =+VLOOKUP($D60,'Tarifa compacta'!$A:$G,7,0) -> Unidad interior 6,0kW nanoe™X Mark 2, Wi-Fi integrado, Aerowings, Control Premium | F60: =+IFERROR(VLOOKUP($D60,'Tarifa compacta'!$A$11:$O$997,13,0),"") -> 1278 | G60: =IFERROR(IF(VLOOKUP($D60,'Tarifa compacta'!$A$11:$O$997,15,0)=0,"",VLOOKUP($D60,'Tarifa compacta'!$A$11:$O$997,15,0)),"") -> 0.02 | H60: =IFERROR(IF(VLOOKUP($D60,'Tarifa compacta'!$A$11:$O$997,12,0)=0,"",VLOOKUP($D60,'Tarifa compacta'!$A$11:$O$997,12,0)),"") | K60: 4,30 A+ medio
C61: =IFERROR(VLOOKUP(D61,'Tarifa compacta'!A:C,2,FALSE),"-") -> 5025232988211 | D61: CU-TZ60CKE | E61: =+VLOOKUP($D61,'Tarifa compacta'!$A:$G,7,0) -> Unidad exterior TZ 6,0kW | F61: =+IFERROR(VLOOKUP($D61,'Tarifa compacta'!$A$11:$O$997,13,0),"") -> 1926 | G61: =IFERROR(IF(VLOOKUP($D61,'Tarifa compacta'!$A$11:$O$997,15,0)=0,"",VLOOKUP($D61,'Tarifa compacta'!$A$11:$O$997,15,0)),"") | H61: =IFERROR(IF(VLOOKUP($D61,'Tarifa compacta'!$A$11:$O$997,12,0)=0,"",VLOOKUP($D61,'Tarifa compacta'!$A$11:$O$997,12,0)),"")
C62: =IFERROR(VLOOKUP(D62,'Tarifa compacta'!A:C,2,FALSE),"-") -> - | D62: KIT-TZ71-CKE | F62: =+SUM(F63:F64) -> 3718 | G62: =+IF(SUM(G63:G64)=0,"",SUM(G63:G64)) -> 0.02 | H62: =IFERROR(IF(VLOOKUP($D62,'Tarifa compacta'!$A$11:$O$997,12,0)=0,"",VLOOKUP($D62,'Tarifa compacta'!$A$11:$O$997,12,0)),"") | I62: 7,10/8,20 | J62: 6,30 A++ | K62: 4,70 A++ cálido
C63: =IFERROR(VLOOKUP(D63,'Tarifa compacta'!A:C,2,FALSE),"-") -> 5025232987719 | D63: CS-TZ71CKEW | E63: =+VLOOKUP($D63,'Tarifa compacta'!$A:$G,7,0) -> Unidad interior 7,1kW nanoe™X Mark 2, Wi-Fi integrado, Aerowings, Control Premium | F63: =+IFERROR(VLOOKUP($D63,'Tarifa compacta'!$A$11:$O$997,13,0),"") -> 1485 | G63: =IFERROR(IF(VLOOKUP($D63,'Tarifa compacta'!$A$11:$O$997,15,0)=0,"",VLOOKUP($D63,'Tarifa compacta'!$A$11:$O$997,15,0)),"") -> 0.02 | H63: =IFERROR(IF(VLOOKUP($D63,'Tarifa compacta'!$A$11:$O$997,12,0)=0,"",VLOOKUP($D63,'Tarifa compacta'!$A$11:$O$997,12,0)),"") | K63: 4,10 A+ medio
C64: =IFERROR(VLOOKUP(D64,'Tarifa compacta'!A:C,2,FALSE),"-") -> 5025232988228 | D64: CU-TZ71CKE | E64: =+VLOOKUP($D64,'Tarifa compacta'!$A:$G,7,0) -> Unidad exterior TZ 7,1kW | F64: =+IFERROR(VLOOKUP($D64,'Tarifa compacta'!$A$11:$O$997,13,0),"") -> 2233 | G64: =IFERROR(IF(VLOOKUP($D64,'Tarifa compacta'!$A$11:$O$997,15,0)=0,"",VLOOKUP($D64,'Tarifa compacta'!$A$11:$O$997,15,0)),"") | H64: =IFERROR(IF(VLOOKUP($D64,'Tarifa compacta'!$A$11:$O$997,12,0)=0,"",VLOOKUP($D64,'Tarifa compacta'!$A$11:$O$997,12,0)),"")
D65: Split inverter BZ blanco mate - Nuevo chasis ultracompacto 765mm
C66: =IFERROR(VLOOKUP(D66,'Tarifa compacta'!A:C,2,FALSE),"-") -> - | D66: KIT-BZ25-CKE | F66: =+SUM(F67:F68) -> 806 | G66: =+IF(SUM(G67:G68)=0,"",SUM(G67:G68)) -> 0.02 | H66: =IFERROR(IF(VLOOKUP($D66,'Tarifa compacta'!$A$11:$O$997,12,0)=0,"",VLOOKUP($D66,'Tarifa compacta'!$A$11:$O$997,12,0)),"") | I66: 2,50/3,15 | J66: 6,50 A++ | K66: 5,30 A+++ cálido
C67: =IFERROR(VLOOKUP(D67,'Tarifa compacta'!A:C,2,FALSE),"-") -> 5025232987542 | D67: CS-BZ25CKE | E67: =+VLOOKUP($D67,'Tarifa compacta'!$A:$G,7,0) -> Unidad interior 2,5kW, Aerowings, 20 dBA, Wi-Fi integrado, Filtro PM2,5 | F67: =+IFERROR(VLOOKUP($D67,'Tarifa compacta'!$A$11:$O$997,13,0),"") -> 331 | G67: =IFERROR(IF(VLOOKUP($D67,'Tarifa compacta'!$A$11:$O$997,15,0)=0,"",VLOOKUP($D67,'Tarifa compacta'!$A$11:$O$997,15,0)),"") -> 0.02 | H67: =IFERROR(IF(VLOOKUP($D67,'Tarifa compacta'!$A$11:$O$997,12,0)=0,"",VLOOKUP($D67,'Tarifa compacta'!$A$11:$O$997,12,0)),"") | K67: 4,40 A+ medio
C68: =IFERROR(VLOOKUP(D68,'Tarifa compacta'!A:C,2,FALSE),"-") -> 5025232988099 | D68: CU-BZ25CKE | E68: =+VLOOKUP($D68,'Tarifa compacta'!$A:$G,7,0) -> Unidad exterior 2,5kW BZ | F68: =+IFERROR(VLOOKUP($D68,'Tarifa compacta'!$A$11:$O$997,13,0),"") -> 475 | G68: =IFERROR(IF(VLOOKUP($D68,'Tarifa compacta'!$A$11:$O$997,15,0)=0,"",VLOOKUP($D68,'Tarifa compacta'!$A$11:$O$997,15,0)),"") | H68: =IFERROR(IF(VLOOKUP($D68,'Tarifa compacta'!$A$11:$O$997,12,0)=0,"",VLOOKUP($D68,'Tarifa compacta'!$A$11:$O$997,12,0)),"")
C69: =IFERROR(VLOOKUP(D69,'Tarifa compacta'!A:C,2,FALSE),"-") -> - | D69: KIT-BZ35-CKE | F69: =+SUM(F70:F71) -> 836 | G69: =+IF(SUM(G70:G71)=0,"",SUM(G70:G71)) -> 0.02 | H69: =IFERROR(IF(VLOOKUP($D69,'Tarifa compacta'!$A$11:$O$997,12,0)=0,"",VLOOKUP($D69,'Tarifa compacta'!$A$11:$O$997,12,0)),"") | I69: 3,30/3,70 | J69: 6,40 A++ | K69: 5,20 A+++ cálido
C70: =IFERROR(VLOOKUP(D70,'Tarifa compacta'!A:C,2,FALSE),"-") -> 5025232987559 | D70: CS-BZ35CKE | E70: =+VLOOKUP($D70,'Tarifa compacta'!$A:$G,7,0) -> Unidad interior 3,5kW, Aerowings, 20 dBA, Wi-Fi integrado, Filtro PM2,5 | F70: =+IFERROR(VLOOKUP($D70,'Tarifa compacta'!$A$11:$O$997,13,0),"") -> 343 | G70: =IFERROR(IF(VLOOKUP($D70,'Tarifa compacta'!$A$11:$O$997,15,0)=0,"",VLOOKUP($D70,'Tarifa compacta'!$A$11:$O$997,15,0)),"") -> 0.02 | H70: =IFERROR(IF(VLOOKUP($D70,'Tarifa compacta'!$A$11:$O$997,12,0)=0,"",VLOOKUP($D70,'Tarifa compacta'!$A$11:$O$997,12,0)),"") | K70: 4,20 A+ medio
C71: =IFERROR(VLOOKUP(D71,'Tarifa compacta'!A:C,2,FALSE),"-") -> 5025232988105 | D71: CU-BZ35CKE | E71: =+VLOOKUP($D71,'Tarifa compacta'!$A:$G,7,0) -> Unidad exterior 3,5kW BZ | F71: =+IFERROR(VLOOKUP($D71,'Tarifa compacta'!$A$11:$O$997,13,0),"") -> 493 | G71: =IFERROR(IF(VLOOKUP($D71,'Tarifa compacta'!$A$11:$O$997,15,0)=0,"",VLOOKUP($D71,'Tarifa compacta'!$A$11:$O$997,15,0)),"") | H71: =IFERROR(IF(VLOOKUP($D71,'Tarifa compacta'!$A$11:$O$997,12,0)=0,"",VLOOKUP($D71,'Tarifa compacta'!$A$11:$O$997,12,0)),"")
C72: =IFERROR(VLOOKUP(D72,'Tarifa compacta'!A:C,2,FALSE),"-") -> - | D72: KIT-BZ50-CKE | F72: =+SUM(F73:F74) -> 1428 | G72: =+IF(SUM(G73:G74)=0,"",SUM(G73:G74)) -> 0.02 | H72: =IFERROR(IF(VLOOKUP($D72,'Tarifa compacta'!$A$11:$O$997,12,0)=0,"",VLOOKUP($D72,'Tarifa compacta'!$A$11:$O$997,12,0)),"") | I72: 5,00/5,40 | J72: 6,60 A++ | K72: 5,40 A+++ cálido
C73: =IFERROR(VLOOKUP(D73,'Tarifa compacta'!A:C,2,FALSE),"-") -> 5025232987566 | D73: CS-BZ50CKE | E73: =+VLOOKUP($D73,'Tarifa compacta'!$A:$G,7,0) -> Unidad interior 5,0kW, Aerowings, 20 dBA, Wi-Fi integrado, Filtro PM2,5 | F73: =+IFERROR(VLOOKUP($D73,'Tarifa compacta'!$A$11:$O$997,13,0),"") -> 583 | G73: =IFERROR(IF(VLOOKUP($D73,'Tarifa compacta'!$A$11:$O$997,15,0)=0,"",VLOOKUP($D73,'Tarifa compacta'!$A$11:$O$997,15,0)),"") -> 0.02 | H73: =IFERROR(IF(VLOOKUP($D73,'Tarifa compacta'!$A$11:$O$997,12,0)=0,"",VLOOKUP($D73,'Tarifa compacta'!$A$11:$O$997,12,0)),"") | K73: 4,20 A+ medio
C74: =IFERROR(VLOOKUP(D74,'Tarifa compacta'!A:C,2,FALSE),"-") -> 5025232988112 | D74: CU-BZ50CKE | E74: =+VLOOKUP($D74,'Tarifa compacta'!$A:$G,7,0) -> Unidad exterior 5,0kW BZ | F74: =+IFERROR(VLOOKUP($D74,'Tarifa compacta'!$A$11:$O$997,13,0),"") -> 845 | G74: =IFERROR(IF(VLOOKUP($D74,'Tarifa compacta'!$A$11:$O$997,15,0)=0,"",VLOOKUP($D74,'Tarifa compacta'!$A$11:$O$997,15,0)),"") | H74: =IFERROR(IF(VLOOKUP($D74,'Tarifa compacta'!$A$11:$O$997,12,0)=0,"",VLOOKUP($D74,'Tarifa compacta'!$A$11:$O$997,12,0)),"")
C75: =IFERROR(VLOOKUP(D75,'Tarifa compacta'!A:C,2,FALSE),"-") -> - | D75: KIT-BZ60-CKE | F75: =+SUM(F76:F77) -> 1765 | G75: =+IF(SUM(G76:G77)=0,"",SUM(G76:G77)) -> 0.02 | H75: =IFERROR(IF(VLOOKUP($D75,'Tarifa compacta'!$A$11:$O$997,12,0)=0,"",VLOOKUP($D75,'Tarifa compacta'!$A$11:$O$997,12,0)),"") | I75: 6,00/6,80 | J75: 6,40 A++ | K75: 5,30 A+++ cálido
C76: =IFERROR(VLOOKUP(D76,'Tarifa compacta'!A:C,2,FALSE),"-") -> 5025232987573 | D76: CS-BZ60CKE | E76: =+VLOOKUP($D76,'Tarifa compacta'!$A:$G,7,0) -> Unidad interior 6,0kW, Aerowings, 20 dBA, Wi-Fi integrado, Filtro PM2,5 | F76: =+IFERROR(VLOOKUP($D76,'Tarifa compacta'!$A$11:$O$997,13,0),"") -> 719 | G76: =IFERROR(IF(VLOOKUP($D76,'Tarifa compacta'!$A$11:$O$997,15,0)=0,"",VLOOKUP($D76,'Tarifa compacta'!$A$11:$O$997,15,0)),"") -> 0.02 | H76: =IFERROR(IF(VLOOKUP($D76,'Tarifa compacta'!$A$11:$O$997,12,0)=0,"",VLOOKUP($D76,'Tarifa compacta'!$A$11:$O$997,12,0)),"") | K76: 4,10 A+ medio
C77: =IFERROR(VLOOKUP(D77,'Tarifa compacta'!A:C,2,FALSE),"-") -> 5025232988129 | D77: CU-BZ60CKE | E77: =+VLOOKUP($D77,'Tarifa compacta'!$A:$G,7,0) -> Unidad exterior 6,0kW BZ | F77: =+IFERROR(VLOOKUP($D77,'Tarifa compacta'!$A$11:$O$997,13,0),"") -> 1046 | G77: =IFERROR(IF(VLOOKUP($D77,'Tarifa compacta'!$A$11:$O$997,15,0)=0,"",VLOOKUP($D77,'Tarifa compacta'!$A$11:$O$997,15,0)),"") | H77: =IFERROR(IF(VLOOKUP($D77,'Tarifa compacta'!$A$11:$O$997,12,0)=0,"",VLOOKUP($D77,'Tarifa compacta'!$A$11:$O$997,12,0)),"")
D78: Consola de suelo con nanoe™X Mark 3
C79: =IFERROR(VLOOKUP(D79,'Tarifa compacta'!A:C,2,FALSE),"-") -> - | D79: KIT-Z25-CFE | F79: =+SUM(F80:F81) -> 2013 | G79: =+IF(SUM(G80:G81)=0,"",SUM(G80:G81)) -> 0.02 | H79: =IFERROR(IF(VLOOKUP($D79,'Tarifa compacta'!$A$11:$O$997,12,0)=0,"",VLOOKUP($D79,'Tarifa compacta'!$A$11:$O$997,12,0)),"") | I79: 2,50/3,40 | J79: 7,90 A++ | K79: 4,60 A++ medio
C80: =IFERROR(VLOOKUP(D80,'Tarifa compacta'!A:C,2,FALSE),"-") -> 5025232987856 | D80: CS-Z25CFEAW | E80: =+VLOOKUP($D80,'Tarifa compacta'!$A:$G,7,0) -> Unidad interior 2,5kW con nanoe™X Mark 3, Wi-Fi integrado, Control Premium | F80: =+IFERROR(VLOOKUP($D80,'Tarifa compacta'!$A$11:$O$997,13,0),"") -> 1331 | G80: =IFERROR(IF(VLOOKUP($D80,'Tarifa compacta'!$A$11:$O$997,15,0)=0,"",VLOOKUP($D80,'Tarifa compacta'!$A$11:$O$997,15,0)),"") -> 0.02 | H80: =IFERROR(IF(VLOOKUP($D80,'Tarifa compacta'!$A$11:$O$997,12,0)=0,"",VLOOKUP($D80,'Tarifa compacta'!$A$11:$O$997,12,0)),"")
C81: =IFERROR(VLOOKUP(D81,'Tarifa compacta'!A:C,2,FALSE),"-") -> 5025232988273 | D81: CU-Z25CBEA | E81: =+VLOOKUP($D81,'Tarifa compacta'!$A:$G,7,0) -> Unidad exterior FS de 2,5 kW | F81: =+IFERROR(VLOOKUP($D81,'Tarifa compacta'!$A$11:$O$997,13,0),"") -> 682 | G81: =IFERROR(IF(VLOOKUP($D81,'Tarifa compacta'!$A$11:$O$997,15,0)=0,"",VLOOKUP($D81,'Tarifa compacta'!$A$11:$O$997,15,0)),"") | H81: =IFERROR(IF(VLOOKUP($D81,'Tarifa compacta'!$A$11:$O$997,12,0)=0,"",VLOOKUP($D81,'Tarifa compacta'!$A$11:$O$997,12,0)),"")
C82: =IFERROR(VLOOKUP(D82,'Tarifa compacta'!A:C,2,FALSE),"-") -> - | D82: KIT-Z35-CFE | F82: =+SUM(F83:F84) -> 2315 | G82: =+IF(SUM(G83:G84)=0,"",SUM(G83:G84)) -> 0.02 | H82: =IFERROR(IF(VLOOKUP($D82,'Tarifa compacta'!$A$11:$O$997,12,0)=0,"",VLOOKUP($D82,'Tarifa compacta'!$A$11:$O$997,12,0)),"") | I82: 3,50/4,30 | J82: 8,10 A++ | K82: 4,60 A++ medio
C83: =IFERROR(VLOOKUP(D83,'Tarifa compacta'!A:C,2,FALSE),"-") -> 5025232987894 | D83: CS-Z35CFEAW | E83: =+VLOOKUP($D83,'Tarifa compacta'!$A:$G,7,0) -> Unidad interior 3,5kW con nanoe™X Mark 3, Wi-Fi integrado, Control Premium | F83: =+IFERROR(VLOOKUP($D83,'Tarifa compacta'!$A$11:$O$997,13,0),"") -> 1361 | G83: =IFERROR(IF(VLOOKUP($D83,'Tarifa compacta'!$A$11:$O$997,15,0)=0,"",VLOOKUP($D83,'Tarifa compacta'!$A$11:$O$997,15,0)),"") -> 0.02 | H83: =IFERROR(IF(VLOOKUP($D83,'Tarifa compacta'!$A$11:$O$997,12,0)=0,"",VLOOKUP($D83,'Tarifa compacta'!$A$11:$O$997,12,0)),"")
C84: =IFERROR(VLOOKUP(D84,'Tarifa compacta'!A:C,2,FALSE),"-") -> 5025232988303 | D84: CU-Z35CBEA | E84: =+VLOOKUP($D84,'Tarifa compacta'!$A:$G,7,0) -> Unidad exterior FS de 3,5 kW | F84: =+IFERROR(VLOOKUP($D84,'Tarifa compacta'!$A$11:$O$997,13,0),"") -> 954 | G84: =IFERROR(IF(VLOOKUP($D84,'Tarifa compacta'!$A$11:$O$997,15,0)=0,"",VLOOKUP($D84,'Tarifa compacta'!$A$11:$O$997,15,0)),"") | H84: =IFERROR(IF(VLOOKUP($D84,'Tarifa compacta'!$A$11:$O$997,12,0)=0,"",VLOOKUP($D84,'Tarifa compacta'!$A$11:$O$997,12,0)),"")
C85: =IFERROR(VLOOKUP(D85,'Tarifa compacta'!A:C,2,FALSE),"-") -> - | D85: KIT-Z50-CFE | F85: =+SUM(F86:F87) -> 3233 | G85: =+IF(SUM(G86:G87)=0,"",SUM(G86:G87)) -> 0.02 | H85: =IFERROR(IF(VLOOKUP($D85,'Tarifa compacta'!$A$11:$O$997,12,0)=0,"",VLOOKUP($D85,'Tarifa compacta'!$A$11:$O$997,12,0)),"") | I85: 5,00/5,80 | J85: 6,70 A++ | K85: 4,30 A+ medio
C86: =IFERROR(VLOOKUP(D86,'Tarifa compacta'!A:C,2,FALSE),"-") -> 5025232987948 | D86: CS-Z50CFEAW | E86: =+VLOOKUP($D86,'Tarifa compacta'!$A:$G,7,0) -> Unidad interior 5,0kW con nanoe™X Mark 3, Wi-Fi integrado, Control Premium | F86: =+IFERROR(VLOOKUP($D86,'Tarifa compacta'!$A$11:$O$997,13,0),"") -> 2027 | G86: =IFERROR(IF(VLOOKUP($D86,'Tarifa compacta'!$A$11:$O$997,15,0)=0,"",VLOOKUP($D86,'Tarifa compacta'!$A$11:$O$997,15,0)),"") -> 0.02 | H86: =IFERROR(IF(VLOOKUP($D86,'Tarifa compacta'!$A$11:$O$997,12,0)=0,"",VLOOKUP($D86,'Tarifa compacta'!$A$11:$O$997,12,0)),"")
C87: =IFERROR(VLOOKUP(D87,'Tarifa compacta'!A:C,2,FALSE),"-") -> 5025232988341 | D87: CU-Z50CBEA | E87: =+VLOOKUP($D87,'Tarifa compacta'!$A:$G,7,0) -> Unidad exterior FS de 5,0 kW | F87: =+IFERROR(VLOOKUP($D87,'Tarifa compacta'!$A$11:$O$997,13,0),"") -> 1206 | G87: =IFERROR(IF(VLOOKUP($D87,'Tarifa compacta'!$A$11:$O$997,15,0)=0,"",VLOOKUP($D87,'Tarifa compacta'!$A$11:$O$997,15,0)),"") | H87: =IFERROR(IF(VLOOKUP($D87,'Tarifa compacta'!$A$11:$O$997,12,0)=0,"",VLOOKUP($D87,'Tarifa compacta'!$A$11:$O$997,12,0)),"")
D88: Conducto de bajo perfil (200mm altura)
C89: =IFERROR(VLOOKUP(D89,'Tarifa compacta'!A:C,2,FALSE),"-") -> - | D89: KIT-Z25-CD3EA | F89: =+SUM(F90:F91) -> 1608 | G89: =+IF(SUM(G90:G91)=0,"",SUM(G90:G91)) | H89: =IFERROR(IF(VLOOKUP($D89,'Tarifa compacta'!$A$11:$O$997,12,0)=0,"",VLOOKUP($D89,'Tarifa compacta'!$A$11:$O$997,12,0)),"") | I89: 2,50/3,20 | J89: 6,20 A++ | K89: 4,20 A+ medio
C90: =IFERROR(VLOOKUP(D90,'Tarifa compacta'!A:C,2,FALSE),"-") -> 5025232987849 | D90: CS-Z25CD3EAW | E90: =+VLOOKUP($D90,'Tarifa compacta'!$A:$G,7,0) -> Unidad interior 2,5 baja silueta, control premium de pared, bomba de drenaje | F90: =+IFERROR(VLOOKUP($D90,'Tarifa compacta'!$A$11:$O$997,13,0),"") -> 926 | G90: =IFERROR(IF(VLOOKUP($D90,'Tarifa compacta'!$A$11:$O$997,15,0)=0,"",VLOOKUP($D90,'Tarifa compacta'!$A$11:$O$997,15,0)),"") | H90: =IFERROR(IF(VLOOKUP($D90,'Tarifa compacta'!$A$11:$O$997,12,0)=0,"",VLOOKUP($D90,'Tarifa compacta'!$A$11:$O$997,12,0)),"")
C91: =IFERROR(VLOOKUP(D91,'Tarifa compacta'!A:C,2,FALSE),"-") -> 5025232988273 | D91: CU-Z25CBEA | E91: =+VLOOKUP($D91,'Tarifa compacta'!$A:$G,7,0) -> Unidad exterior FS de 2,5 kW | F91: =+IFERROR(VLOOKUP($D91,'Tarifa compacta'!$A$11:$O$997,13,0),"") -> 682 | G91: =IFERROR(IF(VLOOKUP($D91,'Tarifa compacta'!$A$11:$O$997,15,0)=0,"",VLOOKUP($D91,'Tarifa compacta'!$A$11:$O$997,15,0)),"") | H91: =IFERROR(IF(VLOOKUP($D91,'Tarifa compacta'!$A$11:$O$997,12,0)=0,"",VLOOKUP($D91,'Tarifa compacta'!$A$11:$O$997,12,0)),"")
C92: =IFERROR(VLOOKUP(D92,'Tarifa compacta'!A:C,2,FALSE),"-") -> - | D92: KIT-Z35-CD3EA | F92: =+SUM(F93:F94) -> 1884 | G92: =+IF(SUM(G93:G94)=0,"",SUM(G93:G94)) | H92: =IFERROR(IF(VLOOKUP($D92,'Tarifa compacta'!$A$11:$O$997,12,0)=0,"",VLOOKUP($D92,'Tarifa compacta'!$A$11:$O$997,12,0)),"") | I92: 3,50/4,20 | J92: 6,20 A++ | K92: 4,10 A+ medio
C93: =IFERROR(VLOOKUP(D93,'Tarifa compacta'!A:C,2,FALSE),"-") -> 5025232987887 | D93: CS-Z35CD3EAW | E93: =+VLOOKUP($D93,'Tarifa compacta'!$A:$G,7,0) -> Unidad interior 3,5 baja silueta, control premium de pared, bomba de drenaje | F93: =+IFERROR(VLOOKUP($D93,'Tarifa compacta'!$A$11:$O$997,13,0),"") -> 930 | G93: =IFERROR(IF(VLOOKUP($D93,'Tarifa compacta'!$A$11:$O$997,15,0)=0,"",VLOOKUP($D93,'Tarifa compacta'!$A$11:$O$997,15,0)),"") | H93: =IFERROR(IF(VLOOKUP($D93,'Tarifa compacta'!$A$11:$O$997,12,0)=0,"",VLOOKUP($D93,'Tarifa compacta'!$A$11:$O$997,12,0)),"")
C94: =IFERROR(VLOOKUP(D94,'Tarifa compacta'!A:C,2,FALSE),"-") -> 5025232988303 | D94: CU-Z35CBEA | E94: =+VLOOKUP($D94,'Tarifa compacta'!$A:$G,7,0) -> Unidad exterior FS de 3,5 kW | F94: =+IFERROR(VLOOKUP($D94,'Tarifa compacta'!$A$11:$O$997,13,0),"") -> 954 | G94: =IFERROR(IF(VLOOKUP($D94,'Tarifa compacta'!$A$11:$O$997,15,0)=0,"",VLOOKUP($D94,'Tarifa compacta'!$A$11:$O$997,15,0)),"") | H94: =IFERROR(IF(VLOOKUP($D94,'Tarifa compacta'!$A$11:$O$997,12,0)=0,"",VLOOKUP($D94,'Tarifa compacta'!$A$11:$O$997,12,0)),"")
C95: =IFERROR(VLOOKUP(D95,'Tarifa compacta'!A:C,2,FALSE),"-") -> - | D95: KIT-Z50-CD3EA | F95: =+SUM(F96:F97) -> 2270 | G95: =+IF(SUM(G96:G97)=0,"",SUM(G96:G97)) | H95: =IFERROR(IF(VLOOKUP($D95,'Tarifa compacta'!$A$11:$O$997,12,0)=0,"",VLOOKUP($D95,'Tarifa compacta'!$A$11:$O$997,12,0)),"") | I95: 5,10/6,10 | J95: 6,10 A++ | K95: 4,10 A+ medio
C96: =IFERROR(VLOOKUP(D96,'Tarifa compacta'!A:C,2,FALSE),"-") -> 5025232987931 | D96: CS-Z50CD3EAW | E96: =+VLOOKUP($D96,'Tarifa compacta'!$A:$G,7,0) -> Unidad interior 5,0 baja silueta, control premium de pared, bomba de drenaje | F96: =+IFERROR(VLOOKUP($D96,'Tarifa compacta'!$A$11:$O$997,13,0),"") -> 1064 | G96: =IFERROR(IF(VLOOKUP($D96,'Tarifa compacta'!$A$11:$O$997,15,0)=0,"",VLOOKUP($D96,'Tarifa compacta'!$A$11:$O$997,15,0)),"") | H96: =IFERROR(IF(VLOOKUP($D96,'Tarifa compacta'!$A$11:$O$997,12,0)=0,"",VLOOKUP($D96,'Tarifa compacta'!$A$11:$O$997,12,0)),"")
C97: =IFERROR(VLOOKUP(D97,'Tarifa compacta'!A:C,2,FALSE),"-") -> 5025232988341 | D97: CU-Z50CBEA | E97: =+VLOOKUP($D97,'Tarifa compacta'!$A:$G,7,0) -> Unidad exterior FS de 5,0 kW | F97: =+IFERROR(VLOOKUP($D97,'Tarifa compacta'!$A$11:$O$997,13,0),"") -> 1206 | G97: =IFERROR(IF(VLOOKUP($D97,'Tarifa compacta'!$A$11:$O$997,15,0)=0,"",VLOOKUP($D97,'Tarifa compacta'!$A$11:$O$997,15,0)),"") | H97: =IFERROR(IF(VLOOKUP($D97,'Tarifa compacta'!$A$11:$O$997,12,0)=0,"",VLOOKUP($D97,'Tarifa compacta'!$A$11:$O$997,12,0)),"")
C98: =IFERROR(VLOOKUP(D98,'Tarifa compacta'!A:C,2,FALSE),"-") -> - | D98: KIT-Z60-CD3EA | F98: =+SUM(F99:F100) -> 2567 | G98: =+IF(SUM(G99:G100)=0,"",SUM(G99:G100)) | H98: =IFERROR(IF(VLOOKUP($D98,'Tarifa compacta'!$A$11:$O$997,12,0)=0,"",VLOOKUP($D98,'Tarifa compacta'!$A$11:$O$997,12,0)),"") | I98: 6,00/7,00 | J98: 6,00 A+ | K98: 4,10 A+ medio
C99: =IFERROR(VLOOKUP(D99,'Tarifa compacta'!A:C,2,FALSE),"-") -> 5025232987962 | D99: CS-Z60CD3EAW | E99: =+VLOOKUP($D99,'Tarifa compacta'!$A:$G,7,0) -> Unidad interior 6,0 baja silueta, control premium de pared, bomba de drenaje | F99: =+IFERROR(VLOOKUP($D99,'Tarifa compacta'!$A$11:$O$997,13,0),"") -> 1180 | G99: =IFERROR(IF(VLOOKUP($D99,'Tarifa compacta'!$A$11:$O$997,15,0)=0,"",VLOOKUP($D99,'Tarifa compacta'!$A$11:$O$997,15,0)),"") | H99: =IFERROR(IF(VLOOKUP($D99,'Tarifa compacta'!$A$11:$O$997,12,0)=0,"",VLOOKUP($D99,'Tarifa compacta'!$A$11:$O$997,12,0)),"")
C100: =IFERROR(VLOOKUP(D100,'Tarifa compacta'!A:C,2,FALSE),"-") -> 5025232988365 | D100: CU-Z60CBEA | E100: =+VLOOKUP($D100,'Tarifa compacta'!$A:$G,7,0) -> Unidad exterior FS de 6,0 kW | F100: =+IFERROR(VLOOKUP($D100,'Tarifa compacta'!$A$11:$O$997,13,0),"") -> 1387 | G100: =IFERROR(IF(VLOOKUP($D100,'Tarifa compacta'!$A$11:$O$997,15,0)=0,"",VLOOKUP($D100,'Tarifa compacta'!$A$11:$O$997,15,0)),"") | H100: =IFERROR(IF(VLOOKUP($D100,'Tarifa compacta'!$A$11:$O$997,12,0)=0,"",VLOOKUP($D100,'Tarifa compacta'!$A$11:$O$997,12,0)),"")
B101: Bomba de calor aire-aire doméstica múltiple (desde 2x1 hasta 5x1)
D102: Free Multi Z
D103: Unidades exteriores Multi Z
...

Sheet PAC
B1: Gama comercial aire-aire - Lista de precios 2026
B3: País | D3: España
B4: Divisa | D4: EUR
B5: Validez | D5: 46296
B7: ='Tarifa compacta'!A8 -> * PVPR significa Precio de Venta al Público Recomendado. Los precios no incluyen IVA. Todos los precios están sujetos a cambios o retirada sin previo aviso.
C9: EAN | D9: Material | E9: Descripción | F9: PVPR* | G9: Disponibilidad | H9: Comentarios
B10: Bomba de calor aire-aire comercial tipo split 1x1
D11: PK4 Split de pared Elite con nanoe™X Mark 3 · R32
C12: =IFERROR(VLOOKUP(D12,'Tarifa compacta'!A:C,2,FALSE),"-") -> - | D12: KIT-36PK4ZH5 | F12: =+SUM(F13:F15) -> 3251 | G12: =IFERROR(IF(VLOOKUP($D12,'Tarifa compacta'!$A$11:$O$1174,12,0)=0,"",VLOOKUP($D12,'Tarifa compacta'!$A$11:$O$1174,12,0)),"")
C13: =IFERROR(VLOOKUP(D13,'Tarifa compacta'!A:C,2,FALSE),"-") -> 5025232978472 | D13: S-2545PK4E | E13: =+VLOOKUP($D13,'Tarifa compacta'!$A:$G,7,0) -> Unidad de pared desde 2,50kW hasta 3,60kW con nanoe™X | F13: =+IFERROR(VLOOKUP($D13,'Tarifa compacta'!$A$11:$O$1174,13,0),"") -> 998 | G13: =IFERROR(IF(VLOOKUP($D13,'Tarifa compacta'!$A$11:$O$1174,12,0)=0,"",VLOOKUP($D13,'Tarifa compacta'!$A$11:$O$1174,12,0)),"")
C14: =IFERROR(VLOOKUP(D14,'Tarifa compacta'!A:C,2,FALSE),"-") -> 5025232915507 | D14: U-36PZH3E5 | E14: =+VLOOKUP($D14,'Tarifa compacta'!$A:$G,7,0) -> 3,6 kW Monofásica | F14: =+IFERROR(VLOOKUP($D14,'Tarifa compacta'!$A$11:$O$1174,13,0),"") -> 2061 | G14: =IFERROR(IF(VLOOKUP($D14,'Tarifa compacta'!$A$11:$O$1174,12,0)=0,"",VLOOKUP($D14,'Tarifa compacta'!$A$11:$O$1174,12,0)),"")
C15: =IFERROR(VLOOKUP(D15,'Tarifa compacta'!A:C,2,FALSE),"-") -> 5025232880621 | D15: CZ-RTC5B | E15: =+VLOOKUP($D15,'Tarifa compacta'!$A:$G,7,0) -> Mando de control por cable | F15: =+IFERROR(VLOOKUP($D15,'Tarifa compacta'!$A$11:$O$1174,13,0),"") -> 192 | G15: =IFERROR(IF(VLOOKUP($D15,'Tarifa compacta'!$A$11:$O$1174,12,0)=0,"",VLOOKUP($D15,'Tarifa compacta'!$A$11:$O$1174,12,0)),"")
C16: =IFERROR(VLOOKUP(D16,'Tarifa compacta'!A:C,2,FALSE),"-") -> - | D16: KIT-50PK4ZH5 | F16: =+SUM(F17:F19) -> 5181 | G16: =IFERROR(IF(VLOOKUP($D16,'Tarifa compacta'!$A$11:$O$1174,12,0)=0,"",VLOOKUP($D16,'Tarifa compacta'!$A$11:$O$1174,12,0)),"")
C17: =IFERROR(VLOOKUP(D17,'Tarifa compacta'!A:C,2,FALSE),"-") -> 5025232978489 | D17: S-5010PK4E | E17: =+VLOOKUP($D17,'Tarifa compacta'!$A:$G,7,0) -> Unidad de pared desde 5kW hasta 10kW con nanoe™X | F17: =+IFERROR(VLOOKUP($D17,'Tarifa compacta'!$A$11:$O$1174,13,0),"") -> 2634 | G17: =IFERROR(IF(VLOOKUP($D17,'Tarifa compacta'!$A$11:$O$1174,12,0)=0,"",VLOOKUP($D17,'Tarifa compacta'!$A$11:$O$1174,12,0)),"")
C18: =IFERROR(VLOOKUP(D18,'Tarifa compacta'!A:C,2,FALSE),"-") -> 5025232915514 | D18: U-50PZH3E5 | E18: =+VLOOKUP($D18,'Tarifa compacta'!$A:$G,7,0) -> 5 kW Monofásica | F18: =+IFERROR(VLOOKUP($D18,'Tarifa compacta'!$A$11:$O$1174,13,0),"") -> 2355 | G18: =IFERROR(IF(VLOOKUP($D18,'Tarifa compacta'!$A$11:$O$1174,12,0)=0,"",VLOOKUP($D18,'Tarifa compacta'!$A$11:$O$1174,12,0)),"")
C19: =IFERROR(VLOOKUP(D19,'Tarifa compacta'!A:C,2,FALSE),"-") -> 5025232880621 | D19: CZ-RTC5B | E19: =+VLOOKUP($D19,'Tarifa compacta'!$A:$G,7,0) -> Mando de control por cable | F19: =+IFERROR(VLOOKUP($D19,'Tarifa compacta'!$A$11:$O$1174,13,0),"") -> 192 | G19: =IFERROR(IF(VLOOKUP($D19,'Tarifa compacta'!$A$11:$O$1174,12,0)=0,"",VLOOKUP($D19,'Tarifa compacta'!$A$11:$O$1174,12,0)),"")
C20: =IFERROR(VLOOKUP(D20,'Tarifa compacta'!A:C,2,FALSE),"-") -> - | D20: KIT-60PK4ZH5 | F20: =+SUM(F21:F23) -> 5315 | G20: =IFERROR(IF(VLOOKUP($D20,'Tarifa compacta'!$A$11:$O$1174,12,0)=0,"",VLOOKUP($D20,'Tarifa compacta'!$A$11:$O$1174,12,0)),"")
C21: =IFERROR(VLOOKUP(D21,'Tarifa compacta'!A:C,2,FALSE),"-") -> 5025232978489 | D21: S-5010PK4E | E21: =+VLOOKUP($D21,'Tarifa compacta'!$A:$G,7,0) -> Unidad de pared desde 5kW hasta 10kW con nanoe™X | F21: =+IFERROR(VLOOKUP($D21,'Tarifa compacta'!$A$11:$O$1174,13,0),"") -> 2634 | G21: =IFERROR(IF(VLOOKUP($D21,'Tarifa compacta'!$A$11:$O$1174,12,0)=0,"",VLOOKUP($D21,'Tarifa compacta'!$A$11:$O$1174,12,0)),"")
C22: =IFERROR(VLOOKUP(D22,'Tarifa compacta'!A:C,2,FALSE),"-") -> 5025232915521 | D22: U-60PZH3E5 | E22: =+VLOOKUP($D22,'Tarifa compacta'!$A:$G,7,0) -> 6 kW Monofásica | F22: =+IFERROR(VLOOKUP($D22,'Tarifa compacta'!$A$11:$O$1174,13,0),"") -> 2489 | G22: =IFERROR(IF(VLOOKUP($D22,'Tarifa compacta'!$A$11:$O$1174,12,0)=0,"",VLOOKUP($D22,'Tarifa compacta'!$A$11:$O$1174,12,0)),"")
C23: =IFERROR(VLOOKUP(D23,'Tarifa compacta'!A:C,2,FALSE),"-") -> 5025232880621 | D23: CZ-RTC5B | E23: =+VLOOKUP($D23,'Tarifa compacta'!$A:$G,7,0) -> Mando de control por cable | F23: =+IFERROR(VLOOKUP($D23,'Tarifa compacta'!$A$11:$O$1174,13,0),"") -> 192 | G23: =IFERROR(IF(VLOOKUP($D23,'Tarifa compacta'!$A$11:$O$1174,12,0)=0,"",VLOOKUP($D23,'Tarifa compacta'!$A$11:$O$1174,12,0)),"")
C24: =IFERROR(VLOOKUP(D24,'Tarifa compacta'!A:C,2,FALSE),"-") -> - | D24: KIT-71PK3ZH45 | F24: =+SUM(F25:F27) -> 5963 | G24: =IFERROR(IF(VLOOKUP($D24,'Tarifa compacta'!$A$11:$O$1174,12,0)=0,"",VLOOKUP($D24,'Tarifa compacta'!$A$11:$O$1174,12,0)),"")
C25: =IFERROR(VLOOKUP(D25,'Tarifa compacta'!A:C,2,FALSE),"-") -> 5025232978489 | D25: S-5010PK4E | E25: =+VLOOKUP($D25,'Tarifa compacta'!$A:$G,7,0) -> Unidad de pared desde 5kW hasta 10kW con nanoe™X | F25: =+IFERROR(VLOOKUP($D25,'Tarifa compacta'!$A$11:$O$1174,13,0),"") -> 2634 | G25: =IFERROR(IF(VLOOKUP($D25,'Tarifa compacta'!$A$11:$O$1174,12,0)=0,"",VLOOKUP($D25,'Tarifa compacta'!$A$11:$O$1174,12,0)),"")
C26: =IFERROR(VLOOKUP(D26,'Tarifa compacta'!A:C,2,FALSE),"-") -> 5025232945429 | D26: U-71PZH4E5 | E26: =+VLOOKUP($D26,'Tarifa compacta'!$A:$G,7,0) -> 7,1 kW Monofásica | F26: =+IFERROR(VLOOKUP($D26,'Tarifa compacta'!$A$11:$O$1174,13,0),"") -> 3137 | G26: =IFERROR(IF(VLOOKUP($D26,'Tarifa compacta'!$A$11:$O$1174,12,0)=0,"",VLOOKUP($D26,'Tarifa compacta'!$A$11:$O$1174,12,0)),"")
C27: =IFERROR(VLOOKUP(D27,'Tarifa compacta'!A:C,2,FALSE),"-") -> 5025232880621 | D27: CZ-RTC5B | E27: =+VLOOKUP($D27,'Tarifa compacta'!$A:$G,7,0) -> Mando de control por cable | F27: =+IFERROR(VLOOKUP($D27,'Tarifa compacta'!$A$11:$O$1174,13,0),"") -> 192 | G27: =IFERROR(IF(VLOOKUP($D27,'Tarifa compacta'!$A$11:$O$1174,12,0)=0,"",VLOOKUP($D27,'Tarifa compacta'!$A$11:$O$1174,12,0)),"")
C28: =IFERROR(VLOOKUP(D28,'Tarifa compacta'!A:C,2,FALSE),"-") -> - | D28: KIT-100PK4ZH45 | F28: =+SUM(F29:F31) -> 6641 | G28: =IFERROR(IF(VLOOKUP($D28,'Tarifa compacta'!$A$11:$O$1174,12,0)=0,"",VLOOKUP($D28,'Tarifa compacta'!$A$11:$O$1174,12,0)),"")
C29: =IFERROR(VLOOKUP(D29,'Tarifa compacta'!A:C,2,FALSE),"-") -> 5025232978489 | D29: S-5010PK4E | E29: =+VLOOKUP($D29,'Tarifa compacta'!$A:$G,7,0) -> Unidad de pared desde 5kW hasta 10kW con nanoe™X | F29: =+IFERROR(VLOOKUP($D29,'Tarifa compacta'!$A$11:$O$1174,13,0),"") -> 2634 | G29: =IFERROR(IF(VLOOKUP($D29,'Tarifa compacta'!$A$11:$O$1174,12,0)=0,"",VLOOKUP($D29,'Tarifa compacta'!$A$11:$O$1174,12,0)),"")
C30: =IFERROR(VLOOKUP(D30,'Tarifa compacta'!A:C,2,FALSE),"-") -> 5025232945368 | D30: U-100PZH4E5 | E30: =+VLOOKUP($D30,'Tarifa compacta'!$A:$G,7,0) -> 10 kW Monofásica | F30: =+IFERROR(VLOOKUP($D30,'Tarifa compacta'!$A$11:$O$1174,13,0),"") -> 3815 | G30: =IFERROR(IF(VLOOKUP($D30,'Tarifa compacta'!$A$11:$O$1174,12,0)=0,"",VLOOKUP($D30,'Tarifa compacta'!$A$11:$O$1174,12,0)),"")
C31: =IFERROR(VLOOKUP(D31,'Tarifa compacta'!A:C,2,FALSE),"-") -> 5025232880621 | D31: CZ-RTC5B | E31: =+VLOOKUP($D31,'Tarifa compacta'!$A:$G,7,0) -> Mando de control por cable | F31: =+IFERROR(VLOOKUP($D31,'Tarifa compacta'!$A$11:$O$1174,13,0),"") -> 192 | G31: =IFERROR(IF(VLOOKUP($D31,'Tarifa compacta'!$A$11:$O$1174,12,0)=0,"",VLOOKUP($D31,'Tarifa compacta'!$A$11:$O$1174,12,0)),"")
C32: =IFERROR(VLOOKUP(D32,'Tarifa compacta'!A:C,2,FALSE),"-") -> - | D32: KIT-71PK4ZH48 | F32: =+SUM(F33:F35) -> 6284 | G32: =IFERROR(IF(VLOOKUP($D32,'Tarifa compacta'!$A$11:$O$1174,12,0)=0,"",VLOOKUP($D32,'Tarifa compacta'!$A$11:$O$1174,12,0)),"")
C33: =IFERROR(VLOOKUP(D33,'Tarifa compacta'!A:C,2,FALSE),"-") -> 5025232978489 | D33: S-5010PK4E | E33: =+VLOOKUP($D33,'Tarifa compacta'!$A:$G,7,0) -> Unidad de pared desde 5kW hasta 10kW con nanoe™X | F33: =+IFERROR(VLOOKUP($D33,'Tarifa compacta'!$A$11:$O$1174,13,0),"") -> 2634 | G33: =IFERROR(IF(VLOOKUP($D33,'Tarifa compacta'!$A$11:$O$1174,12,0)=0,"",VLOOKUP($D33,'Tarifa compacta'!$A$11:$O$1174,12,0)),"")
C34: =IFERROR(VLOOKUP(D34,'Tarifa compacta'!A:C,2,FALSE),"-") -> 5025232945436 | D34: U-71PZH4E8 | E34: =+VLOOKUP($D34,'Tarifa compacta'!$A:$G,7,0) -> 7,1 kW Trifásica | F34: =+IFERROR(VLOOKUP($D34,'Tarifa compacta'!$A$11:$O$1174,13,0),"") -> 3458 | G34: =IFERROR(IF(VLOOKUP($D34,'Tarifa compacta'!$A$11:$O$1174,12,0)=0,"",VLOOKUP($D34,'Tarifa compacta'!$A$11:$O$1174,12,0)),"")
C35: =IFERROR(VLOOKUP(D35,'Tarifa compacta'!A:C,2,FALSE),"-") -> 5025232880621 | D35: CZ-RTC5B | E35: =+VLOOKUP($D35,'Tarifa compacta'!$A:$G,7,0) -> Mando de control por cable | F35: =+IFERROR(VLOOKUP($D35,'Tarifa compacta'!$A$11:$O$1174,13,0),"") -> 192 | G35: =IFERROR(IF(VLOOKUP($D35,'Tarifa compacta'!$A$11:$O$1174,12,0)=0,"",VLOOKUP($D35,'Tarifa compacta'!$A$11:$O$1174,12,0)),"")
C36: =IFERROR(VLOOKUP(D36,'Tarifa compacta'!A:C,2,FALSE),"-") -> - | D36: KIT-100PK4ZH48 | F36: =+SUM(F37:F39) -> 6773 | G36: =IFERROR(IF(VLOOKUP($D36,'Tarifa compacta'!$A$11:$O$1174,12,0)=0,"",VLOOKUP($D36,'Tarifa compacta'!$A$11:$O$1174,12,0)),"")
C37: =IFERROR(VLOOKUP(D37,'Tarifa compacta'!A:C,2,FALSE),"-") -> 5025232978489 | D37: S-5010PK4E | E37: =+VLOOKUP($D37,'Tarifa compacta'!$A:$G,7,0) -> Unidad de pared desde 5kW hasta 10kW con nanoe™X | F37: =+IFERROR(VLOOKUP($D37,'Tarifa compacta'!$A$11:$O$1174,13,0),"") -> 2634 | G37: =IFERROR(IF(VLOOKUP($D37,'Tarifa compacta'!$A$11:$O$1174,12,0)=0,"",VLOOKUP($D37,'Tarifa compacta'!$A$11:$O$1174,12,0)),"")
C38: =IFERROR(VLOOKUP(D38,'Tarifa compacta'!A:C,2,FALSE),"-") -> 5025232945375 | D38: U-100PZH4E8 | E38: =+VLOOKUP($D38,'Tarifa compacta'!$A:$G,7,0) -> 10 kW Trifásica | F38: =+IFERROR(VLOOKUP($D38,'Tarifa compacta'!$A$11:$O$1174,13,0),"") -> 3947 | G38: =IFERROR(IF(VLOOKUP($D38,'Tarifa compacta'!$A$11:$O$1174,12,0)=0,"",VLOOKUP($D38,'Tarifa compacta'!$A$11:$O$1174,12,0)),"")
C39: =IFERROR(VLOOKUP(D39,'Tarifa compacta'!A:C,2,FALSE),"-") -> 5025232880621 | D39: CZ-RTC5B | E39: =+VLOOKUP($D39,'Tarifa compacta'!$A:$G,7,0) -> Mando de control por cable | F39: =+IFERROR(VLOOKUP($D39,'Tarifa compacta'!$A$11:$O$1174,13,0),"") -> 192 | G39: =IFERROR(IF(VLOOKUP($D39,'Tarifa compacta'!$A$11:$O$1174,12,0)=0,"",VLOOKUP($D39,'Tarifa compacta'!$A$11:$O$1174,12,0)),"")
D40: PK4 Split de pared Standard con nanoe™X Mark 3 · R32
C41: =IFERROR(VLOOKUP(D41,'Tarifa compacta'!A:C,2,FALSE),"-") -> - | D41: KIT-25PK4Z5 | F41: =+SUM(F42:F44) -> 1899 | G41: =IFERROR(IF(VLOOKUP($D41,'Tarifa compacta'!$A$11:$O$1174,12,0)=0,"",VLOOKUP($D41,'Tarifa compacta'!$A$11:$O$1174,12,0)),"")
C42: =IFERROR(VLOOKUP(D42,'Tarifa compacta'!A:C,2,FALSE),"-") -> 5025232978472 | D42: S-2545PK4E | E42: =+VLOOKUP($D42,'Tarifa compacta'!$A:$G,7,0) -> Unidad de pared desde 2,50kW hasta 3,60kW con nanoe™X | F42: =+IFERROR(VLOOKUP($D42,'Tarifa compacta'!$A$11:$O$1174,13,0),"") -> 998 | G42: =IFERROR(IF(VLOOKUP($D42,'Tarifa compacta'!$A$11:$O$1174,12,0)=0,"",VLOOKUP($D42,'Tarifa compacta'!$A$11:$O$1174,12,0)),"")
C43: =IFERROR(VLOOKUP(D43,'Tarifa compacta'!A:C,2,FALSE),"-") -> 5025232915538 | D43: U-25PZ3E5 | E43: =+VLOOKUP($D43,'Tarifa compacta'!$A:$G,7,0) -> 2,5 KW monofásica | F43: =+IFERROR(VLOOKUP($D43,'Tarifa compacta'!$A$11:$O$1174,13,0),"") -> 709 | G43: =IFERROR(IF(VLOOKUP($D43,'Tarifa compacta'!$A$11:$O$1174,12,0)=0,"",VLOOKUP($D43,'Tarifa compacta'!$A$11:$O$1174,12,0)),"")
C44: =IFERROR(VLOOKUP(D44,'Tarifa compacta'!A:C,2,FALSE),"-") -> 5025232880621 | D44: CZ-RTC5B | E44: =+VLOOKUP($D44,'Tarifa compacta'!$A:$G,7,0) -> Mando de control por cable | F44: =+IFERROR(VLOOKUP($D44,'Tarifa compacta'!$A$11:$O$1174,13,0),"") -> 192 | G44: =IFERROR(IF(VLOOKUP($D44,'Tarifa compacta'!$A$11:$O$1174,12,0)=0,"",VLOOKUP($D44,'Tarifa compacta'!$A$11:$O$1174,12,0)),"")
C45: =IFERROR(VLOOKUP(D45,'Tarifa compacta'!A:C,2,FALSE),"-") -> - | D45: KIT-36PK4Z5 | F45: =+SUM(F46:F48) -> 1939 | G45: =IFERROR(IF(VLOOKUP($D45,'Tarifa compacta'!$A$11:$O$1174,12,0)=0,"",VLOOKUP($D45,'Tarifa compacta'!$A$11:$O$1174,12,0)),"")
C46: =IFERROR(VLOOKUP(D46,'Tarifa compacta'!A:C,2,FALSE),"-") -> 5025232978472 | D46: S-2545PK4E | E46: =+VLOOKUP($D46,'Tarifa compacta'!$A:$G,7,0) -> Unidad de pared desde 2,50kW hasta 3,60kW con nanoe™X | F46: =+IFERROR(VLOOKUP($D46,'Tarifa compacta'!$A$11:$O$1174,13,0),"") -> 998 | G46: =IFERROR(IF(VLOOKUP($D46,'Tarifa compacta'!$A$11:$O$1174,12,0)=0,"",VLOOKUP($D46,'Tarifa compacta'!$A$11:$O$1174,12,0)),"")
C47: =IFERROR(VLOOKUP(D47,'Tarifa compacta'!A:C,2,FALSE),"-") -> 5025232899333 | D47: U-36PZ3E5 | E47: =+VLOOKUP($D47,'Tarifa compacta'!$A:$G,7,0) -> 3,6 kW Monofásica | F47: =+IFERROR(VLOOKUP($D47,'Tarifa compacta'!$A$11:$O$1174,13,0),"") -> 749 | G47: =IFERROR(IF(VLOOKUP($D47,'Tarifa compacta'!$A$11:$O$1174,12,0)=0,"",VLOOKUP($D47,'Tarifa compacta'!$A$11:$O$1174,12,0)),"")
C48: =IFERROR(VLOOKUP(D48,'Tarifa compacta'!A:C,2,FALSE),"-") -> 5025232880621 | D48: CZ-RTC5B | E48: =+VLOOKUP($D48,'Tarifa compacta'!$A:$G,7,0) -> Mando de control por cable | F48: =+IFERROR(VLOOKUP($D48,'Tarifa compacta'!$A$11:$O$1174,13,0),"") -> 192 | G48: =IFERROR(IF(VLOOKUP($D48,'Tarifa compacta'!$A$11:$O$1174,12,0)=0,"",VLOOKUP($D48,'Tarifa compacta'!$A$11:$O$1174,12,0)),"")
C49: =IFERROR(VLOOKUP(D49,'Tarifa compacta'!A:C,2,FALSE),"-") -> - | D49: KIT-50PK4Z5 | F49: =+SUM(F50:F52) -> 4201 | G49: =IFERROR(IF(VLOOKUP($D49,'Tarifa compacta'!$A$11:$O$1174,12,0)=0,"",VLOOKUP($D49,'Tarifa compacta'!$A$11:$O$1174,12,0)),"")
C50: =IFERROR(VLOOKUP(D50,'Tarifa compacta'!A:C,2,FALSE),"-") -> 5025232978489 | D50: S-5010PK4E | E50: =+VLOOKUP($D50,'Tarifa compacta'!$A:$G,7,0) -> Unidad de pared desde 5kW hasta 10kW con nanoe™X | F50: =+IFERROR(VLOOKUP($D50,'Tarifa compacta'!$A$11:$O$1174,13,0),"") -> 2634 | G50: =IFERROR(IF(VLOOKUP($D50,'Tarifa compacta'!$A$11:$O$1174,12,0)=0,"",VLOOKUP($D50,'Tarifa compacta'!$A$11:$O$1174,12,0)),"")
C51: =IFERROR(VLOOKUP(D51,'Tarifa compacta'!A:C,2,FALSE),"-") -> 5025232899340 | D51: U-50PZ3E5 | E51: =+VLOOKUP($D51,'Tarifa compacta'!$A:$G,7,0) -> 5 kW Monofásica | F51: =+IFERROR(VLOOKUP($D51,'Tarifa compacta'!$A$11:$O$1174,13,0),"") -> 1375 | G51: =IFERROR(IF(VLOOKUP($D51,'Tarifa compacta'!$A$11:$O$1174,12,0)=0,"",VLOOKUP($D51,'Tarifa compacta'!$A$11:$O$1174,12,0)),"")
C52: =IFERROR(VLOOKUP(D52,'Tarifa compacta'!A:C,2,FALSE),"-") -> 5025232880621 | D52: CZ-RTC5B | E52: =+VLOOKUP($D52,'Tarifa compacta'!$A:$G,7,0) -> Mando de control por cable | F52: =+IFERROR(VLOOKUP($D52,'Tarifa compacta'!$A$11:$O$1174,13,0),"") -> 192 | G52: =IFERROR(IF(VLOOKUP($D52,'Tarifa compacta'!$A$11:$O$1174,12,0)=0,"",VLOOKUP($D52,'Tarifa compacta'!$A$11:$O$1174,12,0)),"")
C53: =IFERROR(VLOOKUP(D53,'Tarifa compacta'!A:C,2,FALSE),"-") -> - | D53: KIT-60PK4Z5 | F53: =+SUM(F54:F56) -> 4259 | G53: =IFERROR(IF(VLOOKUP($D53,'Tarifa compacta'!$A$11:$O$1174,12,0)=0,"",VLOOKUP($D53,'Tarifa compacta'!$A$11:$O$1174,12,0)),"")
C54: =IFERROR(VLOOKUP(D54,'Tarifa compacta'!A:C,2,FALSE),"-") -> 5025232978489 | D54: S-5010PK4E | E54: =+VLOOKUP($D54,'Tarifa compacta'!$A:$G,7,0) -> Unidad de pared desde 5kW hasta 10kW con nanoe™X | F54: =+IFERROR(VLOOKUP($D54,'Tarifa compacta'!$A$11:$O$1174,13,0),"") -> 2634 | G54: =IFERROR(IF(VLOOKUP($D54,'Tarifa compacta'!$A$11:$O$1174,12,0)=0,"",VLOOKUP($D54,'Tarifa compacta'!$A$11:$O$1174,12,0)),"")
C55: =IFERROR(VLOOKUP(D55,'Tarifa compacta'!A:C,2,FALSE),"-") -> 5025232920884 | D55: U-60PZ3E5A | E55: =+VLOOKUP($D55,'Tarifa compacta'!$A:$G,7,0) -> 6 kW Monofásica | F55: =+IFERROR(VLOOKUP($D55,'Tarifa compacta'!$A$11:$O$1174,13,0),"") -> 1433 | G55: =IFERROR(IF(VLOOKUP($D55,'Tarifa compacta'!$A$11:$O$1174,12,0)=0,"",VLOOKUP($D55,'Tarifa compacta'!$A$11:$O$1174,12,0)),"")
C56: =IFERROR(VLOOKUP(D56,'Tarifa compacta'!A:C,2,FALSE),"-") -> 5025232880621 | D56: CZ-RTC5B | E56: =+VLOOKUP($D56,'Tarifa compacta'!$A:$G,7,0) -> Mando de control por cable | F56: =+IFERROR(VLOOKUP($D56,'Tarifa compacta'!$A$11:$O$1174,13,0),"") -> 192 | G56: =IFERROR(IF(VLOOKUP($D56,'Tarifa compacta'!$A$11:$O$1174,12,0)=0,"",VLOOKUP($D56,'Tarifa compacta'!$A$11:$O$1174,12,0)),"")
C57: =IFERROR(VLOOKUP(D57,'Tarifa compacta'!A:C,2,FALSE),"-") -> - | D57: KIT-60PK4Z5 | F57: =+SUM(F58:F60) -> 4272 | G57: =IFERROR(IF(VLOOKUP($D57,'Tarifa compacta'!$A$11:$O$1174,12,0)=0,"",VLOOKUP($D57,'Tarifa compacta'!$A$11:$O$1174,12,0)),"")
C58: =IFERROR(VLOOKUP(D58,'Tarifa compacta'!A:C,2,FALSE),"-") -> 5025232978489 | D58: S-5010PK4E | E58: =+VLOOKUP($D58,'Tarifa compacta'!$A:$G,7,0) -> Unidad de pared desde 5kW hasta 10kW con nanoe™X | F58: =+IFERROR(VLOOKUP($D58,'Tarifa compacta'!$A$11:$O$1174,13,0),"") -> 2634 | G58: =IFERROR(IF(VLOOKUP($D58,'Tarifa compacta'!$A$11:$O$1174,12,0)=0,"",VLOOKUP($D58,'Tarifa compacta'!$A$11:$O$1174,12,0)),"")
C59: =IFERROR(VLOOKUP(D59,'Tarifa compacta'!A:C,2,FALSE),"-") -> 5025232920891 | D59: U-71PZ3E5A | E59: =+VLOOKUP($D59,'Tarifa compacta'!$A:$G,7,0) -> 7,1 kW Monofásica | F59: =+IFERROR(VLOOKUP($D59,'Tarifa compacta'!$A$11:$O$1174,13,0),"") -> 1446 | G59: =IFERROR(IF(VLOOKUP($D59,'Tarifa compacta'!$A$11:$O$1174,12,0)=0,"",VLOOKUP($D59,'Tarifa compacta'!$A$11:$O$1174,12,0)),"")
C60: =IFERROR(VLOOKUP(D60,'Tarifa compacta'!A:C,2,FALSE),"-") -> 5025232880621 | D60: CZ-RTC5B | E60: =+VLOOKUP($D60,'Tarifa compacta'!$A:$G,7,0) -> Mando de control por cable | F60: =+IFERROR(VLOOKUP($D60,'Tarifa compacta'!$A$11:$O$1174,13,0),"") -> 192 | G60: =IFERROR(IF(VLOOKUP($D60,'Tarifa compacta'!$A$11:$O$1174,12,0)=0,"",VLOOKUP($D60,'Tarifa compacta'!$A$11:$O$1174,12,0)),"")
C61: =IFERROR(VLOOKUP(D61,'Tarifa compacta'!A:C,2,FALSE),"-") -> - | D61: KIT-100PK4Z5 | F61: =+SUM(F62:F64) -> 4971 | G61: =IFERROR(IF(VLOOKUP($D61,'Tarifa compacta'!$A$11:$O$1174,12,0)=0,"",VLOOKUP($D61,'Tarifa compacta'!$A$11:$O$1174,12,0)),"")
C62: =IFERROR(VLOOKUP(D62,'Tarifa compacta'!A:C,2,FALSE),"-") -> 5025232978489 | D62: S-5010PK4E | E62: =+VLOOKUP($D62,'Tarifa compacta'!$A:$G,7,0) -> Unidad de pared desde 5kW hasta 10kW con nanoe™X | F62: =+IFERROR(VLOOKUP($D62,'Tarifa compacta'!$A$11:$O$1174,13,0),"") -> 2634 | G62: =IFERROR(IF(VLOOKUP($D62,'Tarifa compacta'!$A$11:$O$1174,12,0)=0,"",VLOOKUP($D62,'Tarifa compacta'!$A$11:$O$1174,12,0)),"")
C63: =IFERROR(VLOOKUP(D63,'Tarifa compacta'!A:C,2,FALSE),"-") -> 5025232941032 | D63: U-100PZ3E5 | E63: =+VLOOKUP($D63,'Tarifa compacta'!$A:$G,7,0) -> 10 kW Monofásica | F63: =+IFERROR(VLOOKUP($D63,'Tarifa compacta'!$A$11:$O$1174,13,0),"") -> 2145 | G63: =IFERROR(IF(VLOOKUP($D63,'Tarifa compacta'!$A$11:$O$1174,12,0)=0,"",VLOOKUP($D63,'Tarifa compacta'!$A$11:$O$1174,12,0)),"")
C64: =IFERROR(VLOOKUP(D64,'Tarifa compacta'!A:C,2,FALSE),"-") -> 5025232880621 | D64: CZ-RTC5B | E64: =+VLOOKUP($D64,'Tarifa compacta'!$A:$G,7,0) -> Mando de control por cable | F64: =+IFERROR(VLOOKUP($D64,'Tarifa compacta'!$A$11:$O$1174,13,0),"") -> 192 | G64: =IFERROR(IF(VLOOKUP($D64,'Tarifa compacta'!$A$11:$O$1174,12,0)=0,"",VLOOKUP($D64,'Tarifa compacta'!$A$11:$O$1174,12,0)),"")
C65: =IFERROR(VLOOKUP(D65,'Tarifa compacta'!A:C,2,FALSE),"-") -> - | D65: KIT-100PK4Z8 | F65: =+SUM(F66:F68) -> 5342 | G65: =IFERROR(IF(VLOOKUP($D65,'Tarifa compacta'!$A$11:$O$1174,12,0)=0,"",VLOOKUP($D65,'Tarifa compacta'!$A$11:$O$1174,12,0)),"")
C66: =IFERROR(VLOOKUP(D66,'Tarifa compacta'!A:C,2,FALSE),"-") -> 5025232978489 | D66: S-5010PK4E | E66: =+VLOOKUP($D66,'Tarifa compacta'!$A:$G,7,0) -> Unidad de pared desde 5kW hasta 10kW con nanoe™X | F66: =+IFERROR(VLOOKUP($D66,'Tarifa compacta'!$A$11:$O$1174,13,0),"") -> 2634 | G66: =IFERROR(IF(VLOOKUP($D66,'Tarifa compacta'!$A$11:$O$1174,12,0)=0,"",VLOOKUP($D66,'Tarifa compacta'!$A$11:$O$1174,12,0)),"")
C67: =IFERROR(VLOOKUP(D67,'Tarifa compacta'!A:C,2,FALSE),"-") -> 5025232941049 | D67: U-100PZ3E8 | E67: =+VLOOKUP($D67,'Tarifa compacta'!$A:$G,7,0) -> 10 kW Trifásica | F67: =+IFERROR(VLOOKUP($D67,'Tarifa compacta'!$A$11:$O$1174,13,0),"") -> 2516 | G67: =IFERROR(IF(VLOOKUP($D67,'Tarifa compacta'!$A$11:$O$1174,12,0)=0,"",VLOOKUP($D67,'Tarifa compacta'!$A$11:$O$1174,12,0)),"")
C68: =IFERROR(VLOOKUP(D68,'Tarifa compacta'!A:C,2,FALSE),"-") -> 5025232880621 | D68: CZ-RTC5B | E68: =+VLOOKUP($D68,'Tarifa compacta'!$A:$G,7,0) -> Mando de control por cable | F68: =+IFERROR(VLOOKUP($D68,'Tarifa compacta'!$A$11:$O$1174,13,0),"") -> 192 | G68: =IFERROR(IF(VLOOKUP($D68,'Tarifa compacta'!$A$11:$O$1174,12,0)=0,"",VLOOKUP($D68,'Tarifa compacta'!$A$11:$O$1174,12,0)),"")
D69: Kits Cassette 60x60 PY3 Elite con nanoe™X Mark 2 · R32
C70: =IFERROR(VLOOKUP(D70,'Tarifa compacta'!A:C,2,FALSE),"-") -> - | D70: KIT-36PY3ZH5 | F70: =+SUM(F71:F74) -> 3702 | G70: =IFERROR(IF(VLOOKUP($D70,'Tarifa compacta'!$A$11:$O$1174,12,0)=0,"",VLOOKUP($D70,'Tarifa compacta'!$A$11:$O$1174,12,0)),"")
C71: =IFERROR(VLOOKUP(D71,'Tarifa compacta'!A:C,2,FALSE),"-") -> 5025232913855 | D71: S-36PY3E | E71: =+VLOOKUP($D71,'Tarifa compacta'!$A:$G,7,0) -> Unidad interior casette 60x60 con nanoe™X | F71: =+IFERROR(VLOOKUP($D71,'Tarifa compacta'!$A$11:$O$1174,13,0),"") -> 1191 | G71: =IFERROR(IF(VLOOKUP($D71,'Tarifa compacta'!$A$11:$O$1174,12,0)=0,"",VLOOKUP($D71,'Tarifa compacta'!$A$11:$O$1174,12,0)),"")
C72: =IFERROR(VLOOKUP(D72,'Tarifa compacta'!A:C,2,FALSE),"-") -> 5025232915507 | D72: U-36PZH3E5 | E72: =+VLOOKUP($D72,'Tarifa compacta'!$A:$G,7,0) -> 3,6 kW Monofásica | F72: =+IFERROR(VLOOKUP($D72,'Tarifa compacta'!$A$11:$O$1174,13,0),"") -> 2061 | G72: =IFERROR(IF(VLOOKUP($D72,'Tarifa compacta'!$A$11:$O$1174,12,0)=0,"",VLOOKUP($D72,'Tarifa compacta'!$A$11:$O$1174,12,0)),"")
B73: Nuevo | C73: =IFERROR(VLOOKUP(D73,'Tarifa compacta'!A:C,2,FALSE),"-") -> 5025232990924 | D73: CZ-KPY4W | E73: =+VLOOKUP($D73,'Tarifa compacta'!$A:$G,7,0) -> Panel para casete blanco de 4 vías 60x60 | F73: =+IFERROR(VLOOKUP($D73,'Tarifa compacta'!$A$11:$O$1174,13,0),"") -> 258 | G73: =IFERROR(IF(VLOOKUP($D73,'Tarifa compacta'!$A$11:$O$1174,12,0)=0,"",VLOOKUP($D73,'Tarifa compacta'!$A$11:$O$1174,12,0)),"")
C74: =IFERROR(VLOOKUP(D74,'Tarifa compacta'!A:C,2,FALSE),"-") -> 5025232880621 | D74: CZ-RTC5B | E74: =+VLOOKUP($D74,'Tarifa compacta'!$A:$G,7,0) -> Mando de control por cable | F74: =+IFERROR(VLOOKUP($D74,'Tarifa compacta'!$A$11:$O$1174,13,0),"") -> 192 | G74: =IFERROR(IF(VLOOKUP($D74,'Tarifa compacta'!$A$11:$O$1174,12,0)=0,"",VLOOKUP($D74,'Tarifa compacta'!$A$11:$O$1174,12,0)),"")
C75: =IFERROR(VLOOKUP(D75,'Tarifa compacta'!A:C,2,FALSE),"-") -> - | D75: KIT-50PY3ZH5 | F75: =+SUM(F76:F79) -> 4044 | G75: =IFERROR(IF(VLOOKUP($D75,'Tarifa compacta'!$A$11:$O$1174,12,0)=0,"",VLOOKUP($D75,'Tarifa compacta'!$A$11:$O$1174,12,0)),"")
C76: =IFERROR(VLOOKUP(D76,'Tarifa compacta'!A:C,2,FALSE),"-") -> 5025232913862 | D76: S-50PY3E | E76: =+VLOOKUP($D76,'Tarifa compacta'!$A:$G,7,0) -> Unidad interior casette 60x60 con nanoe™X | F76: =+IFERROR(VLOOKUP($D76,'Tarifa compacta'!$A$11:$O$1174,13,0),"") -> 1239 | G76: =IFERROR(IF(VLOOKUP($D76,'Tarifa compacta'!$A$11:$O$1174,12,0)=0,"",VLOOKUP($D76,'Tarifa compacta'!$A$11:$O$1174,12,0)),"")
C77: =IFERROR(VLOOKUP(D77,'Tarifa compacta'!A:C,2,FALSE),"-") -> 5025232915514 | D77: U-50PZH3E5 | E77: =+VLOOKUP($D77,'Tarifa compacta'!$A:$G,7,0) -> 5 kW Monofásica | F77: =+IFERROR(VLOOKUP($D77,'Tarifa compacta'!$A$11:$O$1174,13,0),"") -> 2355 | G77: =IFERROR(IF(VLOOKUP($D77,'Tarifa compacta'!$A$11:$O$1174,12,0)=0,"",VLOOKUP($D77,'Tarifa compacta'!$A$11:$O$1174,12,0)),"")
B78: Nuevo | C78: =IFERROR(VLOOKUP(D78,'Tarifa compacta'!A:C,2,FALSE),"-") -> 5025232990924 | D78: CZ-KPY4W | E78: =+VLOOKUP($D78,'Tarifa compacta'!$A:$G,7,0) -> Panel para casete blanco de 4 vías 60x60 | F78: =+IFERROR(VLOOKUP($D78,'Tarifa compacta'!$A$11:$O$1174,13,0),"") -> 258 | G78: =IFERROR(IF(VLOOKUP($D78,'Tarifa compacta'!$A$11:$O$1174,12,0)=0,"",VLOOKUP($D78,'Tarifa compacta'!$A$11:$O$1174,12,0)),"")
C79: =IFERROR(VLOOKUP(D79,'Tarifa compacta'!A:C,2,FALSE),"-") -> 5025232880621 | D79: CZ-RTC5B | E79: =+VLOOKUP($D79,'Tarifa compacta'!$A:$G,7,0) -> Mando de control por cable | F79: =+IFERROR(VLOOKUP($D79,'Tarifa compacta'!$A$11:$O$1174,13,0),"") -> 192 | G79: =IFERROR(IF(VLOOKUP($D79,'Tarifa compacta'!$A$11:$O$1174,12,0)=0,"",VLOOKUP($D79,'Tarifa compacta'!$A$11:$O$1174,12,0)),"")
C80: =IFERROR(VLOOKUP(D80,'Tarifa compacta'!A:C,2,FALSE),"-") -> - | D80: KIT-60PY3ZH5 | F80: =+SUM(F81:F84) -> 4348 | G80: =IFERROR(IF(VLOOKUP($D80,'Tarifa compacta'!$A$11:$O$1174,12,0)=0,"",VLOOKUP($D80,'Tarifa compacta'!$A$11:$O$1174,12,0)),"")
C81: =IFERROR(VLOOKUP(D81,'Tarifa compacta'!A:C,2,FALSE),"-") -> 5025232913879 | D81: S-60PY3E | E81: =+VLOOKUP($D81,'Tarifa compacta'!$A:$G,7,0) -> Unidad interior casette 60x60 con nanoe™X | F81: =+IFERROR(VLOOKUP($D81,'Tarifa compacta'!$A$11:$O$1174,13,0),"") -> 1409 | G81: =IFERROR(IF(VLOOKUP($D81,'Tarifa compacta'!$A$11:$O$1174,12,0)=0,"",VLOOKUP($D81,'Tarifa compacta'!$A$11:$O$1174,12,0)),"")
C82: =IFERROR(VLOOKUP(D82,'Tarifa compacta'!A:C,2,FALSE),"-") -> 5025232915521 | D82: U-60PZH3E5 | E82: =+VLOOKUP($D82,'Tarifa compacta'!$A:$G,7,0) -> 6 kW Monofásica | F82: =+IFERROR(VLOOKUP($D82,'Tarifa compacta'!$A$11:$O$1174,13,0),"") -> 2489 | G82: =IFERROR(IF(VLOOKUP($D82,'Tarifa compacta'!$A$11:$O$1174,12,0)=0,"",VLOOKUP($D82,'Tarifa compacta'!$A$11:$O$1174,12,0)),"")
B83: Nuevo | C83: =IFERROR(VLOOKUP(D83,'Tarifa compacta'!A:C,2,FALSE),"-") -> 5025232990924 | D83: CZ-KPY4W | E83: =+VLOOKUP($D83,'Tarifa compacta'!$A:$G,7,0) -> Panel para casete blanco de 4 vías 60x60 | F83: =+IFERROR(VLOOKUP($D83,'Tarifa compacta'!$A$11:$O$1174,13,0),"") -> 258 | G83: =IFERROR(IF(VLOOKUP($D83,'Tarifa compacta'!$A$11:$O$1174,12,0)=0,"",VLOOKUP($D83,'Tarifa compacta'!$A$11:$O$1174,12,0)),"")
C84: =IFERROR(VLOOKUP(D84,'Tarifa compacta'!A:C,2,FALSE),"-") -> 5025232880621 | D84: CZ-RTC5B | E84: =+VLOOKUP($D84,'Tarifa compacta'!$A:$G,7,0) -> Mando de control por cable | F84: =+IFERROR(VLOOKUP($D84,'Tarifa compacta'!$A$11:$O$1174,13,0),"") -> 192 | G84: =IFERROR(IF(VLOOKUP($D84,'Tarifa compacta'!$A$11:$O$1174,12,0)=0,"",VLOOKUP($D84,'Tarifa compacta'!$A$11:$O$1174,12,0)),"")
D85: Kits Cassette 60x60 PY3 Standard con nanoe™X Mark 2 · R32
C86: =IFERROR(VLOOKUP(D86,'Tarifa compacta'!A:C,2,FALSE),"-") -> - | D86: KIT-25PY3Z5 | F86: =+SUM(F87:F90) -> 2192 | G86: =IFERROR(IF(VLOOKUP($D86,'Tarifa compacta'!$A$11:$O$1174,12,0)=0,"",VLOOKUP($D86,'Tarifa compacta'!$A$11:$O$1174,12,0)),"")
C87: =IFERROR(VLOOKUP(D87,'Tarifa compacta'!A:C,2,FALSE),"-") -> 5025232913848 | D87: S-25PY3E | E87: =+VLOOKUP($D87,'Tarifa compacta'!$A:$G,7,0) -> Unidad interior casette 60x60 con nanoe™X | F87: =+IFERROR(VLOOKUP($D87,'Tarifa compacta'!$A$11:$O$1174,13,0),"") -> 1033 | G87: =IFERROR(IF(VLOOKUP($D87,'Tarifa compacta'!$A$11:$O$1174,12,0)=0,"",VLOOKUP($D87,'Tarifa compacta'!$A$11:$O$1174,12,0)),"")
C88: =IFERROR(VLOOKUP(D88,'Tarifa compacta'!A:C,2,FALSE),"-") -> 5025232915538 | D88: U-25PZ3E5 | E88: =+VLOOKUP($D88,'Tarifa compacta'!$A:$G,7,0) -> 2,5 KW monofásica | F88: =+IFERROR(VLOOKUP($D88,'Tarifa compacta'!$A$11:$O$1174,13,0),"") -> 709 | G88: =IFERROR(IF(VLOOKUP($D88,'Tarifa compacta'!$A$11:$O$1174,12,0)=0,"",VLOOKUP($D88,'Tarifa compacta'!$A$11:$O$1174,12,0)),"")
B89: Nuevo | C89: =IFERROR(VLOOKUP(D89,'Tarifa compacta'!A:C,2,FALSE),"-") -> 5025232990924 | D89: CZ-KPY4W | E89: =+VLOOKUP($D89,'Tarifa compacta'!$A:$G,7,0) -> Panel para casete blanco de 4 vías 60x60 | F89: =+IFERROR(VLOOKUP($D89,'Tarifa compacta'!$A$11:$O$1174,13,0),"") -> 258 | G89: =IFERROR(IF(VLOOKUP($D89,'Tarifa compacta'!$A$11:$O$1174,12,0)=0,"",VLOOKUP($D89,'Tarifa compacta'!$A$11:$O$1174,12,0)),"")
C90: =IFERROR(VLOOKUP(D90,'Tarifa compacta'!A:C,2,FALSE),"-") -> 5025232880621 | D90: CZ-RTC5B | E90: =+VLOOKUP($D90,'Tarifa compacta'!$A:$G,7,0) -> Mando de control por cable | F90: =+IFERROR(VLOOKUP($D90,'Tarifa compacta'!$A$11:$O$1174,13,0),"") -> 192 | G90: =IFERROR(IF(VLOOKUP($D90,'Tarifa compacta'!$A$11:$O$1174,12,0)=0,"",VLOOKUP($D90,'Tarifa compacta'!$A$11:$O$1174,12,0)),"")
C91: =IFERROR(VLOOKUP(D91,'Tarifa compacta'!A:C,2,FALSE),"-") -> - | D91: KIT-35PY3Z5 | F91: =+SUM(F92:F95) -> 2390 | G91: =IFERROR(IF(VLOOKUP($D91,'Tarifa compacta'!$A$11:$O$1174,12,0)=0,"",VLOOKUP($D91,'Tarifa compacta'!$A$11:$O$1174,12,0)),"")
C92: =IFERROR(VLOOKUP(D92,'Tarifa compacta'!A:C,2,FALSE),"-") -> 5025232913855 | D92: S-36PY3E | E92: =+VLOOKUP($D92,'Tarifa compacta'!$A:$G,7,0) -> Unidad interior casette 60x60 con nanoe™X | F92: =+IFERROR(VLOOKUP($D92,'Tarifa compacta'!$A$11:$O$1174,13,0),"") -> 1191 | G92: =IFERROR(IF(VLOOKUP($D92,'Tarifa compacta'!$A$11:$O$1174,12,0)=0,"",VLOOKUP($D92,'Tarifa compacta'!$A$11:$O$1174,12,0)),"")
C93: =IFERROR(VLOOKUP(D93,'Tarifa compacta'!A:C,2,FALSE),"-") -> 5025232899333 | D93: U-36PZ3E5 | E93: =+VLOOKUP($D93,'Tarifa compacta'!$A:$G,7,0) -> 3,6 kW Monofásica | F93: =+IFERROR(VLOOKUP($D93,'Tarifa compacta'!$A$11:$O$1174,13,0),"") -> 749 | G93: =IFERROR(IF(VLOOKUP($D93,'Tarifa compacta'!$A$11:$O$1174,12,0)=0,"",VLOOKUP($D93,'Tarifa compacta'!$A$11:$O$1174,12,0)),"")
B94: Nuevo | C94: =IFERROR(VLOOKUP(D94,'Tarifa compacta'!A:C,2,FALSE),"-") -> 5025232990924 | D94: CZ-KPY4W | E94: =+VLOOKUP($D94,'Tarifa compacta'!$A:$G,7,0) -> Panel para casete blanco de 4 vías 60x60 | F94: =+IFERROR(VLOOKUP($D94,'Tarifa compacta'!$A$11:$O$1174,13,0),"") -> 258 | G94: =IFERROR(IF(VLOOKUP($D94,'Tarifa compacta'!$A$11:$O$1174,12,0)=0,"",VLOOKUP($D94,'Tarifa compacta'!$A$11:$O$1174,12,0)),"")
C95: =IFERROR(VLOOKUP(D95,'Tarifa compacta'!A:C,2,FALSE),"-") -> 5025232880621 | D95: CZ-RTC5B | E95: =+VLOOKUP($D95,'Tarifa compacta'!$A:$G,7,0) -> Mando de control por cable | F95: =+IFERROR(VLOOKUP($D95,'Tarifa compacta'!$A$11:$O$1174,13,0),"") -> 192 | G95: =IFERROR(IF(VLOOKUP($D95,'Tarifa compacta'!$A$11:$O$1174,12,0)=0,"",VLOOKUP($D95,'Tarifa compacta'!$A$11:$O$1174,12,0)),"")
C96: =IFERROR(VLOOKUP(D96,'Tarifa compacta'!A:C,2,FALSE),"-") -> - | D96: KIT-50PY3Z5 | F96: =+SUM(F97:F100) -> 3064 | G96: =IFERROR(IF(VLOOKUP($D96,'Tarifa compacta'!$A$11:$O$1174,12,0)=0,"",VLOOKUP($D96,'Tarifa compacta'!$A$11:$O$1174,12,0)),"")
C97: =IFERROR(VLOOKUP(D97,'Tarifa compacta'!A:C,2,FALSE),"-") -> 5025232913862 | D97: S-50PY3E | E97: =+VLOOKUP($D97,'Tarifa compacta'!$A:$G,7,0) -> Unidad interior casette 60x60 con nanoe™X | F97: =+IFERROR(VLOOKUP($D97,'Tarifa compacta'!$A$11:$O$1174,13,0),"") -> 1239 | G97: =IFERROR(IF(VLOOKUP($D97,'Tarifa compacta'!$A$11:$O$1174,12,0)=0,"",VLOOKUP($D97,'Tarifa compacta'!$A$11:$O$1174,12,0)),"")
C98: =IFERROR(VLOOKUP(D98,'Tarifa compacta'!A:C,2,FALSE),"-") -> 5025232899340 | D98: U-50PZ3E5 | E98: =+VLOOKUP($D98,'Tarifa compacta'!$A:$G,7,0) -> 5 kW Monofásica | F98: =+IFERROR(VLOOKUP($D98,'Tarifa compacta'!$A$11:$O$1174,13,0),"") -> 1375 | G98: =IFERROR(IF(VLOOKUP($D98,'Tarifa compacta'!$A$11:$O$1174,12,0)=0,"",VLOOKUP($D98,'Tarifa compacta'!$A$11:$O$1174,12,0)),"")
B99: Nuevo | C99: =IFERROR(VLOOKUP(D99,'Tarifa compacta'!A:C,2,FALSE),"-") -> 5025232990924 | D99: CZ-KPY4W | E99: =+VLOOKUP($D99,'Tarifa compacta'!$A:$G,7,0) -> Panel para casete blanco de 4 vías 60x60 | F99: =+IFERROR(VLOOKUP($D99,'Tarifa compacta'!$A$11:$O$1174,13,0),"") -> 258 | G99: =IFERROR(IF(VLOOKUP($D99,'Tarifa compacta'!$A$11:$O$1174,12,0)=0,"",VLOOKUP($D99,'Tarifa compacta'!$A$11:$O$1174,12,0)),"")
C100: =IFERROR(VLOOKUP(D100,'Tarifa compacta'!A:C,2,FALSE),"-") -> 5025232880621 | D100: CZ-RTC5B | E100: =+VLOOKUP($D100,'Tarifa compacta'!$A:$G,7,0) -> Mando de control por cable | F100: =+IFERROR(VLOOKUP($D100,'Tarifa compacta'!$A$11:$O$1174,13,0),"") -> 192 | G100: =IFERROR(IF(VLOOKUP($D100,'Tarifa compacta'!$A$11:$O$1174,12,0)=0,"",VLOOKUP($D100,'Tarifa compacta'!$A$11:$O$1174,12,0)),"")
C101: =IFERROR(VLOOKUP(D101,'Tarifa compacta'!A:C,2,FALSE),"-") -> - | D101: KIT-60PY3Z5 | F101: =+SUM(F102:F105) -> 3292 | G101: =IFERROR(IF(VLOOKUP($D101,'Tarifa compacta'!$A$11:$O$1174,12,0)=0,"",VLOOKUP($D101,'Tarifa compacta'!$A$11:$O$1174,12,0)),"")
C102: =IFERROR(VLOOKUP(D102,'Tarifa compacta'!A:C,2,FALSE),"-") -> 5025232913879 | D102: S-60PY3E | E102: =+VLOOKUP($D102,'Tarifa compacta'!$A:$G,7,0) -> Unidad interior casette 60x60 con nanoe™X | F102: =+IFERROR(VLOOKUP($D102,'Tarifa compacta'!$A$11:$O$1174,13,0),"") -> 1409 | G102: =IFERROR(IF(VLOOKUP($D102,'Tarifa compacta'!$A$11:$O$1174,12,0)=0,"",VLOOKUP($D102,'Tarifa compacta'!$A$11:$O$1174,12,0)),"")
C103: =IFERROR(VLOOKUP(D103,'Tarifa compacta'!A:C,2,FALSE),"-") -> 5025232920884 | D103: U-60PZ3E5A | E103: =+VLOOKUP($D103,'Tarifa compacta'!$A:$G,7,0) -> 6 kW Monofásica | F103: =+IFERROR(VLOOKUP($D103,'Tarifa compacta'!$A$11:$O$1174,13,0),"") -> 1433 | G103: =IFERROR(IF(VLOOKUP($D103,'Tarifa compacta'!$A$11:$O$1174,12,0)=0,"",VLOOKUP($D103,'Tarifa compacta'!$A$11:$O$1174,12,0)),"")
...

Sheet VRF
B1: Sistemas VRF Comerciales ECOi - Lista de precios 2026
B3: País | D3: España
B4: Divisa | D4: EUR
B5: Validez | D5: 46296
B7: ='Tarifa compacta'!A8 -> * PVPR significa Precio de Venta al Público Recomendado. Los precios no incluyen IVA. Todos los precios están sujetos a cambios o retirada sin previo aviso.
C9: EAN | D9: Material | E9: Descripción | F9: PVPR* | G9: Disponibilidad | H9: Comentarios
B10: Mini VRF ECOi - 2 tubos
D11: Serie LZ2 Mini ECOi 2 tubos · R32
C12: =IFERROR(VLOOKUP(D12,'Tarifa compacta'!A:C,2,FALSE),"-") -> 5025232937882 | D12: U-4LZ2E5 | E12: =+VLOOKUP($D12,'Tarifa compacta'!$A:$G,7,0) -> R32- 1 ventilador horizontal 12,10kW - Monofásica | F12: =+IFERROR(VLOOKUP($D12,'Tarifa compacta'!$A$11:$O$1174,13,0),"") -> 6969 | G12: =IFERROR(IF(VLOOKUP($D12,'Tarifa compacta'!$A$11:$O$1174,12,0)=0,"",VLOOKUP($D12,'Tarifa compacta'!$A$11:$O$1174,12,0)),"")
C13: =IFERROR(VLOOKUP(D13,'Tarifa compacta'!A:C,2,FALSE),"-") -> 5025232937905 | D13: U-5LZ2E5 | E13: =+VLOOKUP($D13,'Tarifa compacta'!$A:$G,7,0) -> R32 - 1 ventilador horizontal 14kW - Monofásica | F13: =+IFERROR(VLOOKUP($D13,'Tarifa compacta'!$A$11:$O$1174,13,0),"") -> 7405 | G13: =IFERROR(IF(VLOOKUP($D13,'Tarifa compacta'!$A$11:$O$1174,12,0)=0,"",VLOOKUP($D13,'Tarifa compacta'!$A$11:$O$1174,12,0)),"")
C14: =IFERROR(VLOOKUP(D14,'Tarifa compacta'!A:C,2,FALSE),"-") -> 5025232937875 | D14: U-6LZ2E5 | E14: =+VLOOKUP($D14,'Tarifa compacta'!$A:$G,7,0) -> R32 - 1 ventilador horizontal 15,5kW - Monofásica | F14: =+IFERROR(VLOOKUP($D14,'Tarifa compacta'!$A$11:$O$1174,13,0),"") -> 8459 | G14: =IFERROR(IF(VLOOKUP($D14,'Tarifa compacta'!$A$11:$O$1174,12,0)=0,"",VLOOKUP($D14,'Tarifa compacta'!$A$11:$O$1174,12,0)),"")
C15: =IFERROR(VLOOKUP(D15,'Tarifa compacta'!A:C,2,FALSE),"-") -> 5025232937899 | D15: U-4LZ2E8 | E15: =+VLOOKUP($D15,'Tarifa compacta'!$A:$G,7,0) -> R32 - 1 ventilador horizontal 12,10kW - Trifásica | F15: =+IFERROR(VLOOKUP($D15,'Tarifa compacta'!$A$11:$O$1174,13,0),"") -> 7032 | G15: =IFERROR(IF(VLOOKUP($D15,'Tarifa compacta'!$A$11:$O$1174,12,0)=0,"",VLOOKUP($D15,'Tarifa compacta'!$A$11:$O$1174,12,0)),"")
C16: =IFERROR(VLOOKUP(D16,'Tarifa compacta'!A:C,2,FALSE),"-") -> 5025232937912 | D16: U-5LZ2E8 | E16: =+VLOOKUP($D16,'Tarifa compacta'!$A:$G,7,0) -> R32 - 1 ventilador horizontal 14kW - Trifásica | F16: =+IFERROR(VLOOKUP($D16,'Tarifa compacta'!$A$11:$O$1174,13,0),"") -> 7466 | G16: =IFERROR(IF(VLOOKUP($D16,'Tarifa compacta'!$A$11:$O$1174,12,0)=0,"",VLOOKUP($D16,'Tarifa compacta'!$A$11:$O$1174,12,0)),"")
C17: =IFERROR(VLOOKUP(D17,'Tarifa compacta'!A:C,2,FALSE),"-") -> 5025232937868 | D17: U-6LZ2E8 | E17: =+VLOOKUP($D17,'Tarifa compacta'!$A:$G,7,0) -> R32 - 1 ventilador horizontal 15,50kW - Trifásica | F17: =+IFERROR(VLOOKUP($D17,'Tarifa compacta'!$A$11:$O$1174,13,0),"") -> 8521 | G17: =IFERROR(IF(VLOOKUP($D17,'Tarifa compacta'!$A$11:$O$1174,12,0)=0,"",VLOOKUP($D17,'Tarifa compacta'!$A$11:$O$1174,12,0)),"")
C18: =IFERROR(VLOOKUP(D18,'Tarifa compacta'!A:C,2,FALSE),"-") -> 5025232915972 | D18: U-8LZ2E8 | E18: =+VLOOKUP($D18,'Tarifa compacta'!$A:$G,7,0) -> R32 - 2 ventiladores horizontales 20kW - Trifásica | F18: =+IFERROR(VLOOKUP($D18,'Tarifa compacta'!$A$11:$O$1174,13,0),"") -> 10575 | G18: =IFERROR(IF(VLOOKUP($D18,'Tarifa compacta'!$A$11:$O$1174,12,0)=0,"",VLOOKUP($D18,'Tarifa compacta'!$A$11:$O$1174,12,0)),"")
C19: =IFERROR(VLOOKUP(D19,'Tarifa compacta'!A:C,2,FALSE),"-") -> 5025232915989 | D19: U-10LZ2E8 | E19: =+VLOOKUP($D19,'Tarifa compacta'!$A:$G,7,0) -> R32 - 2 ventiladores horizontales 25kW - Trifásica | F19: =+IFERROR(VLOOKUP($D19,'Tarifa compacta'!$A$11:$O$1174,13,0),"") -> 12708 | G19: =IFERROR(IF(VLOOKUP($D19,'Tarifa compacta'!$A$11:$O$1174,12,0)=0,"",VLOOKUP($D19,'Tarifa compacta'!$A$11:$O$1174,12,0)),"")
D20: Serie LE2 Mini ECOi 2 tubos · R410
C21: =IFERROR(VLOOKUP(D21,'Tarifa compacta'!A:C,2,FALSE),"-") -> 5025232871964 | D21: U-4LE2E5 | E21: =+VLOOKUP($D21,'Tarifa compacta'!$A:$G,7,0) -> 1 ventilador horizontal 12,10kW - Monofásica | F21: =+IFERROR(VLOOKUP($D21,'Tarifa compacta'!$A$11:$O$1174,13,0),"") -> 6734 | G21: =IFERROR(IF(VLOOKUP($D21,'Tarifa compacta'!$A$11:$O$1174,12,0)=0,"",VLOOKUP($D21,'Tarifa compacta'!$A$11:$O$1174,12,0)),"")
C22: =IFERROR(VLOOKUP(D22,'Tarifa compacta'!A:C,2,FALSE),"-") -> 5025232871971 | D22: U-5LE2E5 | E22: =+VLOOKUP($D22,'Tarifa compacta'!$A:$G,7,0) -> 1 ventilador horizontal 14kW - Monofásica | F22: =+IFERROR(VLOOKUP($D22,'Tarifa compacta'!$A$11:$O$1174,13,0),"") -> 7117 | G22: =IFERROR(IF(VLOOKUP($D22,'Tarifa compacta'!$A$11:$O$1174,12,0)=0,"",VLOOKUP($D22,'Tarifa compacta'!$A$11:$O$1174,12,0)),"")
C23: =IFERROR(VLOOKUP(D23,'Tarifa compacta'!A:C,2,FALSE),"-") -> 5025232871988 | D23: U-6LE2E5 | E23: =+VLOOKUP($D23,'Tarifa compacta'!$A:$G,7,0) -> 1 ventilador horizontal 15,5kW - Monofásica | F23: =+IFERROR(VLOOKUP($D23,'Tarifa compacta'!$A$11:$O$1174,13,0),"") -> 8045 | G23: =IFERROR(IF(VLOOKUP($D23,'Tarifa compacta'!$A$11:$O$1174,12,0)=0,"",VLOOKUP($D23,'Tarifa compacta'!$A$11:$O$1174,12,0)),"")
C24: =IFERROR(VLOOKUP(D24,'Tarifa compacta'!A:C,2,FALSE),"-") -> 5025232880843 | D24: U-4LE2E8 | E24: =+VLOOKUP($D24,'Tarifa compacta'!$A:$G,7,0) -> 1 ventilador horizontal 12,10kW - Trifásica | F24: =+IFERROR(VLOOKUP($D24,'Tarifa compacta'!$A$11:$O$1174,13,0),"") -> 6788 | G24: =IFERROR(IF(VLOOKUP($D24,'Tarifa compacta'!$A$11:$O$1174,12,0)=0,"",VLOOKUP($D24,'Tarifa compacta'!$A$11:$O$1174,12,0)),"")
C25: =IFERROR(VLOOKUP(D25,'Tarifa compacta'!A:C,2,FALSE),"-") -> 5025232880850 | D25: U-5LE2E8 | E25: =+VLOOKUP($D25,'Tarifa compacta'!$A:$G,7,0) -> 1 ventilador horizontal 14kW - Trifásica | F25: =+IFERROR(VLOOKUP($D25,'Tarifa compacta'!$A$11:$O$1174,13,0),"") -> 7171 | G25: =IFERROR(IF(VLOOKUP($D25,'Tarifa compacta'!$A$11:$O$1174,12,0)=0,"",VLOOKUP($D25,'Tarifa compacta'!$A$11:$O$1174,12,0)),"")
C26: =IFERROR(VLOOKUP(D26,'Tarifa compacta'!A:C,2,FALSE),"-") -> 5025232880874 | D26: U-6LE2E8 | E26: =+VLOOKUP($D26,'Tarifa compacta'!$A:$G,7,0) -> 1 ventilador horizontal 15,5kW - Trifásica | F26: =+IFERROR(VLOOKUP($D26,'Tarifa compacta'!$A$11:$O$1174,13,0),"") -> 8099 | G26: =IFERROR(IF(VLOOKUP($D26,'Tarifa compacta'!$A$11:$O$1174,12,0)=0,"",VLOOKUP($D26,'Tarifa compacta'!$A$11:$O$1174,12,0)),"")
C27: =IFERROR(VLOOKUP(D27,'Tarifa compacta'!A:C,2,FALSE),"-") -> 5025232854387 | D27: U-8LE1E8 | E27: =+VLOOKUP($D27,'Tarifa compacta'!$A:$G,7,0) -> 2 ventiladores horizontales 20kW - Trifásica | F27: =+IFERROR(VLOOKUP($D27,'Tarifa compacta'!$A$11:$O$1174,13,0),"") -> 9814 | G27: =IFERROR(IF(VLOOKUP($D27,'Tarifa compacta'!$A$11:$O$1174,12,0)=0,"",VLOOKUP($D27,'Tarifa compacta'!$A$11:$O$1174,12,0)),"")
C28: =IFERROR(VLOOKUP(D28,'Tarifa compacta'!A:C,2,FALSE),"-") -> 5025232854370 | D28: U-10LE1E8 | E28: =+VLOOKUP($D28,'Tarifa compacta'!$A:$G,7,0) -> 2 ventiladores horizontales 25,0kW - Trifásica | F28: =+IFERROR(VLOOKUP($D28,'Tarifa compacta'!$A$11:$O$1174,13,0),"") -> 10757 | G28: =IFERROR(IF(VLOOKUP($D28,'Tarifa compacta'!$A$11:$O$1174,12,0)=0,"",VLOOKUP($D28,'Tarifa compacta'!$A$11:$O$1174,12,0)),"")
B29: ECOi EX 2 tubos
D30: Serie MZ1 ECOi 2 tubos · R32
C31: =IFERROR(VLOOKUP(D31,'Tarifa compacta'!A:C,2,FALSE),"-") -> 5025232968657 | D31: U-8MZ1E8 | E31: =+VLOOKUP($D31,'Tarifa compacta'!$A:$G,7,0) -> 22,40KW, 1 ventilador vertical, trifásica, salida a dos tubos. Color negro grafito | F31: =+IFERROR(VLOOKUP($D31,'Tarifa compacta'!$A$11:$O$1174,13,0),"") -> 12293 | G31: =IFERROR(IF(VLOOKUP($D31,'Tarifa compacta'!$A$11:$O$1174,12,0)=0,"",VLOOKUP($D31,'Tarifa compacta'!$A$11:$O$1174,12,0)),"")
C32: =IFERROR(VLOOKUP(D32,'Tarifa compacta'!A:C,2,FALSE),"-") -> 5025232968664 | D32: U-10MZ1E8 | E32: =+VLOOKUP($D32,'Tarifa compacta'!$A:$G,7,0) -> 28KW, 1 ventilador vertical, trifásica, salida a dos tubos. Color negro grafito | F32: =+IFERROR(VLOOKUP($D32,'Tarifa compacta'!$A$11:$O$1174,13,0),"") -> 13659 | G32: =IFERROR(IF(VLOOKUP($D32,'Tarifa compacta'!$A$11:$O$1174,12,0)=0,"",VLOOKUP($D32,'Tarifa compacta'!$A$11:$O$1174,12,0)),"")
C33: =IFERROR(VLOOKUP(D33,'Tarifa compacta'!A:C,2,FALSE),"-") -> 5025232968671 | D33: U-12MZ1E8 | E33: =+VLOOKUP($D33,'Tarifa compacta'!$A:$G,7,0) -> 33,50KW, 1 ventilador vertical, trifásica, salida a dos tubos. Color negro grafito | F33: =+IFERROR(VLOOKUP($D33,'Tarifa compacta'!$A$11:$O$1174,13,0),"") -> 16234 | G33: =IFERROR(IF(VLOOKUP($D33,'Tarifa compacta'!$A$11:$O$1174,12,0)=0,"",VLOOKUP($D33,'Tarifa compacta'!$A$11:$O$1174,12,0)),"")
D34: Serie ME2 ECOi 2 tubos · R410
C35: =IFERROR(VLOOKUP(D35,'Tarifa compacta'!A:C,2,FALSE),"-") -> 5025232851225 | D35: U-8ME2E8 | E35: =+VLOOKUP($D35,'Tarifa compacta'!$A:$G,7,0) -> 22,40KW, 1 ventilador vertical, trifásica, salida a dos tubos. | F35: =+IFERROR(VLOOKUP($D35,'Tarifa compacta'!$A$11:$O$1174,13,0),"") -> 11824 | G35: =IFERROR(IF(VLOOKUP($D35,'Tarifa compacta'!$A$11:$O$1174,12,0)=0,"",VLOOKUP($D35,'Tarifa compacta'!$A$11:$O$1174,12,0)),"")
C36: =IFERROR(VLOOKUP(D36,'Tarifa compacta'!A:C,2,FALSE),"-") -> 5025232851140 | D36: U-10ME2E8 | E36: =+VLOOKUP($D36,'Tarifa compacta'!$A:$G,7,0) -> 28KW, 1 ventilador vertical, trifásica, salida a dos tubos. | F36: =+IFERROR(VLOOKUP($D36,'Tarifa compacta'!$A$11:$O$1174,13,0),"") -> 13139 | G36: =IFERROR(IF(VLOOKUP($D36,'Tarifa compacta'!$A$11:$O$1174,12,0)=0,"",VLOOKUP($D36,'Tarifa compacta'!$A$11:$O$1174,12,0)),"")
C37: =IFERROR(VLOOKUP(D37,'Tarifa compacta'!A:C,2,FALSE),"-") -> 5025232851157 | D37: U-12ME2E8 | E37: =+VLOOKUP($D37,'Tarifa compacta'!$A:$G,7,0) -> 33,50KW, 1 ventilador vertical, trifásica, salida a dos tubos. | F37: =+IFERROR(VLOOKUP($D37,'Tarifa compacta'!$A$11:$O$1174,13,0),"") -> 15616 | G37: =IFERROR(IF(VLOOKUP($D37,'Tarifa compacta'!$A$11:$O$1174,12,0)=0,"",VLOOKUP($D37,'Tarifa compacta'!$A$11:$O$1174,12,0)),"")
C38: =IFERROR(VLOOKUP(D38,'Tarifa compacta'!A:C,2,FALSE),"-") -> 5025232851164 | D38: U-14ME2E8 | E38: =+VLOOKUP($D38,'Tarifa compacta'!$A:$G,7,0) -> 40KW, 1 ventilador vertical, trifásica, salida a dos tubos. | F38: =+IFERROR(VLOOKUP($D38,'Tarifa compacta'!$A$11:$O$1174,13,0),"") -> 18479 | G38: =IFERROR(IF(VLOOKUP($D38,'Tarifa compacta'!$A$11:$O$1174,12,0)=0,"",VLOOKUP($D38,'Tarifa compacta'!$A$11:$O$1174,12,0)),"")
C39: =IFERROR(VLOOKUP(D39,'Tarifa compacta'!A:C,2,FALSE),"-") -> 5025232851171 | D39: U-16ME2E8 | E39: =+VLOOKUP($D39,'Tarifa compacta'!$A:$G,7,0) -> 44,50KW, 1 ventilador vertical, trifásica, salida a dos tubos. | F39: =+IFERROR(VLOOKUP($D39,'Tarifa compacta'!$A$11:$O$1174,13,0),"") -> 20685 | G39: =IFERROR(IF(VLOOKUP($D39,'Tarifa compacta'!$A$11:$O$1174,12,0)=0,"",VLOOKUP($D39,'Tarifa compacta'!$A$11:$O$1174,12,0)),"")
C40: =IFERROR(VLOOKUP(D40,'Tarifa compacta'!A:C,2,FALSE),"-") -> 5025232851188 | D40: U-18ME2E8 | E40: =+VLOOKUP($D40,'Tarifa compacta'!$A:$G,7,0) -> 50,40KW, 1 ventilador vertical, trifásica, salida a dos tubos. | F40: =+IFERROR(VLOOKUP($D40,'Tarifa compacta'!$A$11:$O$1174,13,0),"") -> 24066 | G40: =IFERROR(IF(VLOOKUP($D40,'Tarifa compacta'!$A$11:$O$1174,12,0)=0,"",VLOOKUP($D40,'Tarifa compacta'!$A$11:$O$1174,12,0)),"")
C41: =IFERROR(VLOOKUP(D41,'Tarifa compacta'!A:C,2,FALSE),"-") -> 5025232851195 | D41: U-20ME2E8 | E41: =+VLOOKUP($D41,'Tarifa compacta'!$A:$G,7,0) -> 56KW, 1 ventilador vertical, trifásica, salida a dos tubos. | F41: =+IFERROR(VLOOKUP($D41,'Tarifa compacta'!$A$11:$O$1174,13,0),"") -> 26102 | G41: =IFERROR(IF(VLOOKUP($D41,'Tarifa compacta'!$A$11:$O$1174,12,0)=0,"",VLOOKUP($D41,'Tarifa compacta'!$A$11:$O$1174,12,0)),"")
D42: Módulos hidráulicos para la producción de agua refrigerada/calefacción
C43: =IFERROR(VLOOKUP(D43,'Tarifa compacta'!A:C,2,FALSE),"-") -> 4010869357494 | D43: PAW-250WP5G1 | E43: =+VLOOKUP($D43,'Tarifa compacta'!$A:$G,7,0) -> 25kW. Con Bomba Clase A | F43: =+IFERROR(VLOOKUP($D43,'Tarifa compacta'!$A$11:$O$1174,13,0),"") -> 12961 | G43: =IFERROR(IF(VLOOKUP($D43,'Tarifa compacta'!$A$11:$O$1174,12,0)=0,"",VLOOKUP($D43,'Tarifa compacta'!$A$11:$O$1174,12,0)),"")
C44: =IFERROR(VLOOKUP(D44,'Tarifa compacta'!A:C,2,FALSE),"-") -> 4010869357500 | D44: PAW-250W5G1 | E44: =+VLOOKUP($D44,'Tarifa compacta'!$A:$G,7,0) -> 25kW. Sin Bomba | F44: =+IFERROR(VLOOKUP($D44,'Tarifa compacta'!$A$11:$O$1174,13,0),"") -> 11827 | G44: =IFERROR(IF(VLOOKUP($D44,'Tarifa compacta'!$A$11:$O$1174,12,0)=0,"",VLOOKUP($D44,'Tarifa compacta'!$A$11:$O$1174,12,0)),"")
C45: =IFERROR(VLOOKUP(D45,'Tarifa compacta'!A:C,2,FALSE),"-") -> 4010869357517 | D45: PAW-500WP5G1 | E45: =+VLOOKUP($D45,'Tarifa compacta'!$A:$G,7,0) -> 50kW. Con Bomba Clase A | F45: =+IFERROR(VLOOKUP($D45,'Tarifa compacta'!$A$11:$O$1174,13,0),"") -> 15302 | G45: =IFERROR(IF(VLOOKUP($D45,'Tarifa compacta'!$A$11:$O$1174,12,0)=0,"",VLOOKUP($D45,'Tarifa compacta'!$A$11:$O$1174,12,0)),"")
C46: =IFERROR(VLOOKUP(D46,'Tarifa compacta'!A:C,2,FALSE),"-") -> 4010869357548 | D46: PAW-500W5G1 | E46: =+VLOOKUP($D46,'Tarifa compacta'!$A:$G,7,0) -> 50kW. Sin Bomba | F46: =+IFERROR(VLOOKUP($D46,'Tarifa compacta'!$A$11:$O$1174,13,0),"") -> 13912 | G46: =IFERROR(IF(VLOOKUP($D46,'Tarifa compacta'!$A$11:$O$1174,12,0)=0,"",VLOOKUP($D46,'Tarifa compacta'!$A$11:$O$1174,12,0)),"")
